Workbook

Sheet FORMATO ESPECIFICO FOFISP
A4: AÑO | B4: ENTIDAD | C4: EJE | D4: PROGRAMA | E4: SUBPROGRAMA | F4: CAPÍTULO | G4: CONCEPTO | H4: PARTIDA GENÉRICA | I4: BIEN | J4: PROGRAMAS CON PRIORIDAD NACIONAL Y SUBPROGRAMAS | K4: RECURSOS CONVENIDOS/MODIFICADOS | R4: RECURSOS EJERCIDOS | Y4: RECURSOS DEVENGADOS | AF4: RECURSOS COMPROMETIDOS | AM4: RECURSOS REINTEGRADOS | AT4: RECURSOS PENDIENTES DE APLICAR | BA4: METAS
K5: APORTACIONES FEDERALES (FASP) | N5: APORTACIONES ESTATALES | Q5: FINANCIAMIENTO CONJUNTO | R5: APORTACIONES FEDERALES (FASP) | U5: APORTACIONES ESTATALES | X5: FINANCIAMIENTO CONJUNTO | Y5: APORTACIONES FEDERALES (FASP) | AB5: APORTACIONES ESTATALES | AE5: FINANCIAMIENTO CONJUNTO | AF5: APORTACIONES FEDERALES (FASP) | AI5: APORTACIONES ESTATALES | AL5: FINANCIAMIENTO CONJUNTO | AM5: APORTACIONES FEDERALES (FASP) | AP5: APORTACIONES ESTATALES | AS5: FINANCIAMIENTO CONJUNTO | AT5: APORTACIONES FEDERALES (FASP) | AW5: APORTACIONES ESTATALES | AZ5: FINANCIAMIENTO CONJUNTO | BA5: CONVENIDAS/ MODIFICADAS | BC5: ALCANZADAS | BE5: NO REALIZADAS POR REINTEGRO | BG5: POR ALCANZAR
K6: FEDERAL | L6: MUNICIPAL | M6: SUB TOTAL | N6: ESTATAL | O6: MUNICIPAL | P6: SUB TOTAL | Q6: TOTAL | R6: FEDERAL | S6: MUNICIPAL | T6: SUB TOTAL | U6: ESTATAL | V6: MUNICIPAL | W6: SUB TOTAL | X6: TOTAL | Y6: FEDERAL | Z6: MUNICIPAL | AA6: SUB TOTAL | AB6: ESTATAL | AC6: MUNICIPAL | AD6: SUB TOTAL | AE6: TOTAL | AF6: FEDERAL | AG6: MUNICIPAL | AH6: SUB TOTAL | AI6: ESTATAL | AJ6: MUNICIPAL | AK6: SUB TOTAL | AL6: TOTAL | AM6: FEDERAL | AN6: MUNICIPAL | AO6: SUB TOTAL | AP6: ESTATAL | AQ6: MUNICIPAL | AR6: SUB TOTAL | AS6: TOTAL | AT6: FEDERAL | AU6: MUNICIPAL | AV6: SUB TOTAL | AW6: ESTATAL | AX6: MUNICIPAL | AY6: SUB TOTAL | AZ6: TOTAL | BA6: CANTIDAD | BB6: PERSONA | BC6: CANTIDAD | BD6: PERSONA | BE6: CANTIDAD | BF6: PERSONA | BG6: CANTIDAD | BH6: PERSONA
J7: TOTAL | R7: 0 | S7: 0 | T7: 0 | U7: 0 | V7: 0 | W7: 0 | X7: 0 | Y7: 0 | Z7: 0 | AA7: 0 | AB7: 0 | AC7: 0 | AD7: 0 | AE7: 0 | AF7: 0 | AG7: 0 | AH7: 0 | AI7: 0 | AJ7: 0 | AK7: 0 | AL7: 0 | AM7: 0 | AN7: 0 | AO7: 0 | AP7: 0 | AQ7: 0 | AR7: 0 | AS7: 0 | AT7: =+K7-R7-Y7-AF7-AM7 -> 0 | AU7: =+L7-S7-Z7-AG7-AN7 -> 0 | AV7: =+M7-T7-AA7-AH7-AO7 -> 0 | AW7: =+N7-U7-AB7-AI7-AP7 -> 0 | AX7: =+O7-V7-AC7-AJ7-AQ7 -> 0 | AY7: =+P7-W7-AD7-AK7-AR7 -> 0 | AZ7: =+Q7-X7-AE7-AL7-AS7 -> 0
A8: 2026 | B8: 8324 | C8: 1 | J8: Desarrollo de las y los integrantes de las Instituciones de la Seguridad Pública | K8: =+K9+K17 -> 4678000 | L8: =+L9+L17 -> 0 | M8: =+M9+M17 -> 4678000 | N8: =+N9+N17 -> 19636986 | O8: =+O9+O17 -> 0 | P8: =+P9+P17 -> 19636986 | Q8: =+Q9+Q17 -> 24314986 | R8: =+R9+R17 -> 250000 | ... AS8: =+AS9+AS17 -> 0 | AT8: =+K8-R8-Y8-AF8-AM8 -> 3628000 | AU8: =+L8-S8-Z8-AG8-AN8 -> 0 | AV8: =+M8-T8-AA8-AH8-AO8 -> 3628000 | AW8: =+N8-U8-AB8-AI8-AP8 -> 17726986 | AX8: =+O8-V8-AC8-AJ8-AQ8 -> 0 | AY8: =+P8-W8-AD8-AK8-AR8 -> 17726986 | AZ8: =+Q8-X8-AE8-AL8-AS8 -> 21354986
A9: 2026 | B9: 8324 | C9: 1 | D9: 1 | J9: Fortalecimiento de las Instancias de Profesionalización y Formación de las y los integrantes de las Instituciones de Seguridad Pública | K9: =+K10 -> 3178000 | L9: =+L10 -> 0 | M9: =+M10 -> 3178000 | N9: =+N10 -> 2850000 | O9: =+O10 -> 0 | P9: =+P10 -> 2850000 | Q9: =+Q10 -> 6028000 | R9: =+R10 -> 250000 | ... AS9: =+AS10 -> 0 | AT9: =+K9-R9-Y9-AF9-AM9 -> 2128000 | AU9: =+L9-S9-Z9-AG9-AN9 -> 0 | AV9: =+M9-T9-AA9-AH9-AO9 -> 2128000 | AW9: =+N9-U9-AB9-AI9-AP9 -> 940000 | AX9: =+O9-V9-AC9-AJ9-AQ9 -> 0 | AY9: =+P9-W9-AD9-AK9-AR9 -> 940000 | AZ9: =+Q9-X9-AE9-AL9-AS9 -> 3068000
A10: 2026 | B10: 8324 | C10: 1 | D10: 1 | E10: 1 | J10: Programas de Formación Inicial y Continua conforme al Programa Rector | K10: =+K11 -> 3178000 | L10: =+L11 -> 0 | M10: =+M11 -> 3178000 | N10: =+N11 -> 2850000 | O10: =+O11 -> 0 | P10: =+P11 -> 2850000 | Q10: =+Q11 -> 6028000 | R10: =+R11 -> 250000 | ... AS10: =+AS11 -> 0 | AT10: =+K10-R10-Y10-AF10-AM10 -> 2128000 | AU10: =+L10-S10-Z10-AG10-AN10 -> 0 | AV10: =+M10-T10-AA10-AH10-AO10 -> 2128000 | AW10: =+N10-U10-AB10-AI10-AP10 -> 940000 | AX10: =+O10-V10-AC10-AJ10-AQ10 -> 0 | AY10: =+P10-W10-AD10-AK10-AR10 -> 940000 | AZ10: =+Q10-X10-AE10-AL10-AS10 -> 3068000
A11: 2026 | B11: 8324 | C11: 1 | D11: 1 | E11: 1 | F11: 3000 | J11: Servicios Generales | K11: =+K12 -> 3178000 | L11: =+L12 -> 0 | M11: =+M12 -> 3178000 | N11: =+N12 -> 2850000 | O11: =+O12 -> 0 | P11: =+P12 -> 2850000 | Q11: =+Q12 -> 6028000 | R11: =+R12 -> 250000 | ... AS11: =+AS12 -> 0 | AT11: =+K11-R11-Y11-AF11-AM11 -> 2128000 | AU11: =+L11-S11-Z11-AG11-AN11 -> 0 | AV11: =+M11-T11-AA11-AH11-AO11 -> 2128000 | AW11: =+N11-U11-AB11-AI11-AP11 -> 940000 | AX11: =+O11-V11-AC11-AJ11-AQ11 -> 0 | AY11: =+P11-W11-AD11-AK11-AR11 -> 940000 | AZ11: =+Q11-X11-AE11-AL11-AS11 -> 3068000
A12: 2026 | B12: 8324 | C12: 1 | D12: 1 | E12: 1 | F12: 3000 | G12: 3300 | J12: Servicios Profesionales, Científicos, Técnicos y Otros Servicios | K12: =+K13+K15 -> 3178000 | L12: =+L13+L15 -> 0 | M12: =+M13+M15 -> 3178000 | N12: =+N13+N15 -> 2850000 | O12: =+O13+O15 -> 0 | P12: =+P13+P15 -> 2850000 | Q12: =+Q13+Q15 -> 6028000 | R12: =+R13+R15 -> 250000 | ... AS12: =+AS13+AS15 -> 0 | AT12: =+K12-R12-Y12-AF12-AM12 -> 2128000 | AU12: =+L12-S12-Z12-AG12-AN12 -> 0 | AV12: =+M12-T12-AA12-AH12-AO12 -> 2128000 | AW12: =+N12-U12-AB12-AI12-AP12 -> 940000 | AX12: =+O12-V12-AC12-AJ12-AQ12 -> 0 | AY12: =+P12-W12-AD12-AK12-AR12 -> 940000 | AZ12: =+Q12-X12-AE12-AL12-AS12 -> 3068000
A13: 2026 | B13: 8324 | C13: 1 | D13: 1 | E13: 1 | F13: 3000 | G13: 3300 | H13: 334 | J13: Servicios de capacitación | K13: =+K14 -> 2498000 | L13: =+L14 -> 0 | M13: =+M14 -> 2498000 | N13: =+N14 -> 2850000 | O13: =+O14 -> 0 | P13: =+P14 -> 2850000 | Q13: =+Q14 -> 5348000 | R13: =+R14 -> 250000 | ... AS13: =+AS14 -> 0 | AT13: =+K13-R13-Y13-AF13-AM13 -> 1448000 | AU13: =+L13-S13-Z13-AG13-AN13 -> 0 | AV13: =+M13-T13-AA13-AH13-AO13 -> 1448000 | AW13: =+N13-U13-AB13-AI13-AP13 -> 1090000 | AX13: =+O13-V13-AC13-AJ13-AQ13 -> 0 | AY13: =+P13-W13-AD13-AK13-AR13 -> 1090000 | AZ13: =+Q13-X13-AE13-AL13-AS13 -> 2538000
A14: 2026 | B14: 8324 | C14: 1 | D14: 1 | E14: 1 | F14: 3000 | G14: 3300 | H14: 334 | I14: 1 | J14: Servicios de capacitación | K14: 2498000 | L14: 0 | M14: =+K14+L14 -> 2498000 | N14: 2850000 | O14: 0 | P14: =+N14+O14 -> 2850000 | Q14: =+M14+P14 -> 5348000 | R14: 250000 | S14: 0 | T14: =+R14+S14 -> 250000 | U14: 0 | V14: 0 | W14: =+U14+V14 -> 0 | X14: =+T14+W14 -> 250000 | Y14: 0 | Z14: 0 | AA14: 0 | AB14: 0 | AC14: 0 | AD14: 0 | AE14: 0 | AF14: 800000 | AG14: 0 | AH14: =+AF14+AG14 -> 800000 | AI14: 1760000 | AJ14: 0 | AK14: =+AI14+AJ14 -> 1760000 | AL14: =+AH14+AK14 -> 2560000 | AM14: 0 | AN14: 0 | AO14: 0 | AP14: 0 | AQ14: 0 | AR14: 0 | AS14: 0 | AT14: =+K14-R14-Y14-AF14-AM14 -> 1448000 | AU14: =+L14-S14-Z14-AG14-AN14 -> 0 | AV14: =+M14-T14-AA14-AH14-AO14 -> 1448000 | AW14: =+N14-U14-AB14-AI14-AP14 -> 1090000 | AX14: =+O14-V14-AC14-AJ14-AQ14 -> 0 | AY14: =+P14-W14-AD14-AK14-AR14 -> 1090000 | AZ14: =+Q14-X14-AE14-AL14-AS14 -> 2538000 | BA14: 5 | BB14: 728 | BG14: =+BA14-BC14-BE14 -> 5 | BH14: =+BB14-BD14-BF14 -> 728
A15: 2026 | B15: 8324 | C15: 1 | D15: 1 | E15: 1 | F15: 3000 | G15: 3300 | H15: 339 | J15: Servicios profesionales, científicos y técnicos integrales | K15: 680000 | L15: 0 | M15: 680000 | N15: 0 | O15: 0 | P15: 0 | Q15: 680000 | R15: =+R16 -> 0 | S15: =+S16 -> 0 | T15: =+T16 -> 0 | U15: =+U16 -> 0 | V15: =+V16 -> 0 | W15: =+W16 -> 0 | X15: =+X16 -> 0 | Y15: =+Y16 -> 0 | ... AS15: =+AS16 -> 0 | AT15: =+K15-R15-Y15-AF15-AM15 -> 680000 | AU15: =+L15-S15-Z15-AG15-AN15 -> 0 | AV15: =+M15-T15-AA15-AH15-AO15 -> 680000 | AW15: =+N15-U15-AB15-AI15-AP15 -> -150000 | AX15: =+O15-V15-AC15-AJ15-AQ15 -> 0 | AY15: =+P15-W15-AD15-AK15-AR15 -> -150000 | AZ15: =+Q15-X15-AE15-AL15-AS15 -> 530000
A16: 2026 | B16: 8324 | C16: 1 | D16: 1 | E16: 1 | F16: 3000 | G16: 3300 | H16: 339 | I16: 1 | J16: Servicios profesionales, científicos y técnicos integrales | K16: 680000 | L16: 0 | M16: 680000 | N16: 0 | O16: 0 | P16: 0 | Q16: 680000 | R16: 0 | S16: 0 | T16: 0 | U16: 0 | V16: 0 | W16: 0 | X16: 0 | Y16: 0 | Z16: 0 | AA16: 0 | AB16: 0 | AC16: 0 | AD16: 0 | AE16: 0 | AF16: 0 | AG16: 0 | AH16: 0 | AI16: 150000 | AJ16: 0 | AK16: =+AI16+AJ16 -> 150000 | AL16: =+AH16+AK16 -> 150000 | AM16: 0 | AN16: 0 | AO16: 0 | AP16: 0 | AQ16: 0 | AR16: 0 | AS16: 0 | AT16: =+K16-R16-Y16-AF16-AM16 -> 680000 | AU16: =+L16-S16-Z16-AG16-AN16 -> 0 | AV16: =+M16-T16-AA16-AH16-AO16 -> 680000 | AW16: =+N16-U16-AB16-AI16-AP16 -> -150000 | AX16: =+O16-V16-AC16-AJ16-AQ16 -> 0 | AY16: =+P16-W16-AD16-AK16-AR16 -> -150000 | AZ16: =+Q16-X16-AE16-AL16-AS16 -> 530000 | BA16: 2 | BB16: 680 | BG16: =+BA16-BC16-BE16 -> 2 | BH16: =+BB16-BD16-BF16 -> 680
A17: 2026 | B17: 8324 | C17: 1 | D17: 2 | J17: Servicio Profesional de Carrera | K17: 1500000 | L17: 0 | M17: 1500000 | N17: 16786986 | O17: 0 | P17: 16786986 | Q17: 18286986 | R17: 0 | S17: 0 | T17: 0 | U17: 0 | V17: 0 | W17: 0 | X17: 0 | Y17: 0 | Z17: 0 | AA17: 0 | AB17: 0 | AC17: 0 | AD17: 0 | AE17: 0 | AF17: 0 | AG17: 0 | AH17: 0 | AI17: 0 | AJ17: 0 | AK17: 0 | AL17: 0 | AM17: 0 | AN17: 0 | AO17: 0 | AP17: 0 | AQ17: 0 | AR17: 0 | AS17: 0 | AT17: =+K17-R17-Y17-AF17-AM17 -> 1500000 | AU17: =+L17-S17-Z17-AG17-AN17 -> 0 | AV17: =+M17-T17-AA17-AH17-AO17 -> 1500000 | AW17: =+N17-U17-AB17-AI17-AP17 -> 16786986 | AX17: =+O17-V17-AC17-AJ17-AQ17 -> 0 | AY17: =+P17-W17-AD17-AK17-AR17 -> 16786986 | AZ17: =+Q17-X17-AE17-AL17-AS17 -> 18286986
A18: 2026 | B18: 8324 | C18: 1 | D18: 2 | E18: 8 | J18: Evaluaciones de Control de Confianza para las y los Integrantes de las Instituciones de Seguridad Pública | K18: 1500000 | L18: 0 | M18: 1500000 | N18: 16786986 | O18: 0 | P18: 16786986 | Q18: 18286986 | R18: 0 | S18: 0 | T18: 0 | U18: 0 | V18: 0 | W18: 0 | X18: 0 | Y18: 0 | Z18: 0 | AA18: 0 | AB18: 0 | AC18: 0 | AD18: 0 | AE18: 0 | AF18: 0 | AG18: 0 | AH18: 0 | AI18: 0 | AJ18: 0 | AK18: 0 | AL18: 0 | AM18: 0 | AN18: 0 | AO18: 0 | AP18: 0 | AQ18: 0 | AR18: 0 | AS18: 0 | AT18: =+K18-R18-Y18-AF18-AM18 -> 1500000 | AU18: =+L18-S18-Z18-AG18-AN18 -> 0 | AV18: =+M18-T18-AA18-AH18-AO18 -> 1500000 | AW18: =+N18-U18-AB18-AI18-AP18 -> 16786986 | AX18: =+O18-V18-AC18-AJ18-AQ18 -> 0 | AY18: =+P18-W18-AD18-AK18-AR18 -> 16786986 | AZ18: =+Q18-X18-AE18-AL18-AS18 -> 18286986
A19: 2026 | B19: 8324 | C19: 1 | D19: 2 | E19: 8 | F19: 1000 | J19: Servicios Personales | K19: 0 | L19: 0 | M19: 0 | N19: 16444986 | O19: 0 | P19: 16444986 | Q19: 16444986 | R19: 0 | S19: 0 | T19: 0 | U19: 0 | V19: 0 | W19: 0 | X19: 0 | Y19: 0 | Z19: 0 | AA19: 0 | AB19: 0 | AC19: 0 | AD19: 0 | AE19: 0 | AF19: 0 | AG19: 0 | AH19: 0 | AI19: 0 | AJ19: 0 | AK19: 0 | AL19: 0 | AM19: 0 | AN19: 0 | AO19: 0 | AP19: 0 | AQ19: 0 | AR19: 0 | AS19: 0 | AT19: =+K19-R19-Y19-AF19-AM19 -> 0 | AU19: =+L19-S19-Z19-AG19-AN19 -> 0 | AV19: =+M19-T19-AA19-AH19-AO19 -> 0 | AW19: =+N19-U19-AB19-AI19-AP19 -> 16444986 | AX19: =+O19-V19-AC19-AJ19-AQ19 -> 0 | AY19: =+P19-W19-AD19-AK19-AR19 -> 16444986 | AZ19: =+Q19-X19-AE19-AL19-AS19 -> 16444986
A20: 2026 | B20: 8324 | C20: 1 | D20: 2 | E20: 8 | F20: 1000 | G20: 1200 | J20: Remuneraciones al Personal de Carácter Transitorio | K20: 0 | L20: 0 | M20: 0 | N20: 16444986 | O20: 0 | P20: 16444986 | Q20: 16444986 | R20: 0 | S20: 0 | T20: 0 | U20: 0 | V20: 0 | W20: 0 | X20: 0 | Y20: 0 | Z20: 0 | AA20: 0 | AB20: 0 | AC20: 0 | AD20: 0 | AE20: 0 | AF20: 0 | AG20: 0 | AH20: 0 | AI20: 0 | AJ20: 0 | AK20: 0 | AL20: 0 | AM20: 0 | AN20: 0 | AO20: 0 | AP20: 0 | AQ20: 0 | AR20: 0 | AS20: 0 | AT20: =+K20-R20-Y20-AF20-AM20 -> 0 | AU20: =+L20-S20-Z20-AG20-AN20 -> 0 | AV20: =+M20-T20-AA20-AH20-AO20 -> 0 | AW20: =+N20-U20-AB20-AI20-AP20 -> 16444986 | AX20: =+O20-V20-AC20-AJ20-AQ20 -> 0 | AY20: =+P20-W20-AD20-AK20-AR20 -> 16444986 | AZ20: =+Q20-X20-AE20-AL20-AS20 -> 16444986
A21: 2026 | B21: 8324 | C21: 1 | D21: 2 | E21: 8 | F21: 1000 | G21: 1200 | H21: 121 | J21: Honorarios asimilables a salarios | K21: 0 | L21: 0 | M21: 0 | N21: 16444986 | O21: 0 | P21: 16444986 | Q21: 16444986 | R21: 0 | S21: 0 | T21: 0 | U21: 0 | V21: 0 | W21: 0 | X21: 0 | Y21: 0 | Z21: 0 | AA21: 0 | AB21: 0 | AC21: 0 | AD21: 0 | AE21: 0 | AF21: 0 | AG21: 0 | AH21: 0 | AI21: 0 | AJ21: 0 | AK21: 0 | AL21: 0 | AM21: 0 | AN21: 0 | AO21: 0 | AP21: 0 | AQ21: 0 | AR21: 0 | AS21: 0 | AT21: =+K21-R21-Y21-AF21-AM21 -> 0 | AU21: =+L21-S21-Z21-AG21-AN21 -> 0 | AV21: =+M21-T21-AA21-AH21-AO21 -> 0 | AW21: =+N21-U21-AB21-AI21-AP21 -> 16444986 | AX21: =+O21-V21-AC21-AJ21-AQ21 -> 0 | AY21: =+P21-W21-AD21-AK21-AR21 -> 16444986 | AZ21: =+Q21-X21-AE21-AL21-AS21 -> 16444986
A22: 2026 | B22: 8324 | C22: 1 | D22: 2 | E22: 8 | F22: 1000 | G22: 1200 | H22: 121 | I22: 1 | J22: Honorarios | K22: 0 | L22: 0 | M22: 0 | N22: 16444986 | O22: 0 | P22: 16444986 | Q22: 16444986 | R22: 0 | S22: 0 | T22: 0 | U22: 0 | V22: 0 | W22: 0 | X22: 0 | Y22: 0 | Z22: 0 | AA22: 0 | AB22: 0 | AC22: 0 | AD22: 0 | AE22: 0 | AF22: 0 | AG22: 0 | AH22: 0 | AI22: 0 | AJ22: 0 | AK22: 0 | AL22: 0 | AM22: 0 | AN22: 0 | AO22: 0 | AP22: 0 | AQ22: 0 | AR22: 0 | AS22: 0 | AT22: =+K22-R22-Y22-AF22-AM22 -> 0 | AU22: =+L22-S22-Z22-AG22-AN22 -> 0 | AV22: =+M22-T22-AA22-AH22-AO22 -> 0 | AW22: =+N22-U22-AB22-AI22-AP22 -> 16444986 | AX22: =+O22-V22-AC22-AJ22-AQ22 -> 0 | AY22: =+P22-W22-AD22-AK22-AR22 -> 16444986 | AZ22: =+Q22-X22-AE22-AL22-AS22 -> 16444986 | BA22: 61 | BG22: =+BA22-BC22-BE22 -> 61
A23: 2026 | B23: 8324 | C23: 1 | D23: 2 | E23: 8 | F23: 2000 | J23: Materiales y Suministros | K23: 1500000 | L23: 0 | M23: 1500000 | N23: 100000 | O23: 0 | P23: 100000 | Q23: 1600000 | R23: 0 | S23: 0 | T23: 0 | U23: 0 | V23: 0 | W23: 0 | X23: 0 | Y23: 0 | Z23: 0 | AA23: 0 | AB23: 0 | AC23: 0 | AD23: 0 | AE23: 0 | AF23: 0 | AG23: 0 | AH23: 0 | AI23: 0 | AJ23: 0 | AK23: 0 | AL23: 0 | AM23: 0 | AN23: 0 | AO23: 0 | AP23: 0 | AQ23: 0 | AR23: 0 | AS23: 0 | AT23: =+K23-R23-Y23-AF23-AM23 -> 1500000 | AU23: =+L23-S23-Z23-AG23-AN23 -> 0 | AV23: =+M23-T23-AA23-AH23-AO23 -> 1500000 | AW23: =+N23-U23-AB23-AI23-AP23 -> 100000 | AX23: =+O23-V23-AC23-AJ23-AQ23 -> 0 | AY23: =+P23-W23-AD23-AK23-AR23 -> 100000 | AZ23: =+Q23-X23-AE23-AL23-AS23 -> 1600000
A24: 2026 | B24: 8324 | C24: 1 | D24: 2 | E24: 8 | F24: 2000 | G24: 2500 | J24: Productos Químicos, Farmacéuticos y de Laboratorio | K24: 1500000 | L24: 0 | M24: 1500000 | N24: 0 | O24: 0 | P24: 0 | Q24: 1500000 | R24: 0 | S24: 0 | T24: 0 | U24: 0 | V24: 0 | W24: 0 | X24: 0 | Y24: 0 | Z24: 0 | AA24: 0 | AB24: 0 | AC24: 0 | AD24: 0 | AE24: 0 | AF24: 0 | AG24: 0 | AH24: 0 | AI24: 0 | AJ24: 0 | AK24: 0 | AL24: 0 | AM24: 0 | AN24: 0 | AO24: 0 | AP24: 0 | AQ24: 0 | AR24: 0 | AS24: 0 | AT24: =+K24-R24-Y24-AF24-AM24 -> 1500000 | AU24: =+L24-S24-Z24-AG24-AN24 -> 0 | AV24: =+M24-T24-AA24-AH24-AO24 -> 1500000 | AW24: =+N24-U24-AB24-AI24-AP24 -> 0 | AX24: =+O24-V24-AC24-AJ24-AQ24 -> 0 | AY24: =+P24-W24-AD24-AK24-AR24 -> 0 | AZ24: =+Q24-X24-AE24-AL24-AS24 -> 1500000
A25: 2026 | B25: 8324 | C25: 1 | D25: 2 | E25: 8 | F25: 2000 | G25: 2500 | H25: 251 | J25: Productos químicos básicos | K25: 400000 | L25: 0 | M25: 400000 | N25: 0 | O25: 0 | P25: 0 | Q25: 400000 | R25: 0 | S25: 0 | T25: 0 | U25: 0 | V25: 0 | W25: 0 | X25: 0 | Y25: 0 | Z25: 0 | AA25: 0 | AB25: 0 | AC25: 0 | AD25: 0 | AE25: 0 | AF25: 0 | AG25: 0 | AH25: 0 | AI25: 0 | AJ25: 0 | AK25: 0 | AL25: 0 | AM25: 0 | AN25: 0 | AO25: 0 | AP25: 0 | AQ25: 0 | AR25: 0 | AS25: 0 | AT25: =+K25-R25-Y25-AF25-AM25 -> 400000 | AU25: =+L25-S25-Z25-AG25-AN25 -> 0 | AV25: =+M25-T25-AA25-AH25-AO25 -> 400000 | AW25: =+N25-U25-AB25-AI25-AP25 -> 0 | AX25: =+O25-V25-AC25-AJ25-AQ25 -> 0 | AY25: =+P25-W25-AD25-AK25-AR25 -> 0 | AZ25: =+Q25-X25-AE25-AL25-AS25 -> 400000
A26: 2026 | B26: 8324 | C26: 1 | D26: 2 | E26: 8 | F26: 2000 | G26: 2500 | H26: 251 | I26: 1 | J26: Productos químicos básicos | K26: 400000 | L26: 0 | M26: 400000 | N26: 0 | O26: 0 | P26: 0 | Q26: 400000 | R26: 0 | S26: 0 | T26: 0 | U26: 0 | V26: 0 | W26: 0 | X26: 0 | Y26: 0 | Z26: 0 | AA26: 0 | AB26: 0 | AC26: 0 | AD26: 0 | AE26: 0 | AF26: 0 | AG26: 0 | AH26: 0 | AI26: 0 | AJ26: 0 | AK26: 0 | AL26: 0 | AM26: 0 | AN26: 0 | AO26: 0 | AP26: 0 | AQ26: 0 | AR26: 0 | AS26: 0 | AT26: =+K26-R26-Y26-AF26-AM26 -> 400000 | AU26: =+L26-S26-Z26-AG26-AN26 -> 0 | AV26: =+M26-T26-AA26-AH26-AO26 -> 400000 | AW26: =+N26-U26-AB26-AI26-AP26 -> 0 | AX26: =+O26-V26-AC26-AJ26-AQ26 -> 0 | AY26: =+P26-W26-AD26-AK26-AR26 -> 0 | AZ26: =+Q26-X26-AE26-AL26-AS26 -> 400000 | BA26: 1 | BG26: =+BA26-BC26-BE26 -> 1
A27: 2026 | B27: 8324 | C27: 1 | D27: 2 | E27: 8 | F27: 2000 | G27: 2500 | H27: 255 | J27: Materiales, accesorios y suministros de laboratorio | K27: 1100000 | L27: 0 | M27: 1100000 | N27: 0 | O27: 0 | P27: 0 | Q27: 1100000 | R27: 0 | S27: 0 | T27: 0 | U27: 0 | V27: 0 | W27: 0 | X27: 0 | Y27: 0 | Z27: 0 | AA27: 0 | AB27: 0 | AC27: 0 | AD27: 0 | AE27: 0 | AF27: 0 | AG27: 0 | AH27: 0 | AI27: 0 | AJ27: 0 | AK27: 0 | AL27: 0 | AM27: 0 | AN27: 0 | AO27: 0 | AP27: 0 | AQ27: 0 | AR27: 0 | AS27: 0 | AT27: =+K27-R27-Y27-AF27-AM27 -> 1100000 | AU27: =+L27-S27-Z27-AG27-AN27 -> 0 | AV27: =+M27-T27-AA27-AH27-AO27 -> 1100000 | AW27: =+N27-U27-AB27-AI27-AP27 -> 0 | AX27: =+O27-V27-AC27-AJ27-AQ27 -> 0 | AY27: =+P27-W27-AD27-AK27-AR27 -> 0 | AZ27: =+Q27-X27-AE27-AL27-AS27 -> 1100000
A28: 2026 | B28: 8324 | C28: 1 | D28: 2 | E28: 8 | F28: 2000 | G28: 2500 | H28: 255 | I28: 1 | J28: Materiales, accesorios y suministros de laboratorio | K28: 1100000 | L28: 0 | M28: 1100000 | N28: 0 | O28: 0 | P28: 0 | Q28: 1100000 | R28: 0 | S28: 0 | T28: 0 | U28: 0 | V28: 0 | W28: 0 | X28: 0 | Y28: 0 | Z28: 0 | AA28: 0 | AB28: 0 | AC28: 0 | AD28: 0 | AE28: 0 | AF28: 0 | AG28: 0 | AH28: 0 | AI28: 0 | AJ28: 0 | AK28: 0 | AL28: 0 | AM28: 0 | AN28: 0 | AO28: 0 | AP28: 0 | AQ28: 0 | AR28: 0 | AS28: 0 | AT28: =+K28-R28-Y28-AF28-AM28 -> 1100000 | AU28: =+L28-S28-Z28-AG28-AN28 -> 0 | AV28: =+M28-T28-AA28-AH28-AO28 -> 1100000 | AW28: =+N28-U28-AB28-AI28-AP28 -> 0 | AX28: =+O28-V28-AC28-AJ28-AQ28 -> 0 | AY28: =+P28-W28-AD28-AK28-AR28 -> 0 | AZ28: =+Q28-X28-AE28-AL28-AS28 -> 1100000 | BA28: 1 | BG28: =+BA28-BC28-BE28 -> 1
A29: 2026 | B29: 8324 | C29: 1 | D29: 2 | E29: 8 | F29: 2000 | G29: 2600 | J29: Combustibles, lubricantes y aditivos | K29: 0 | L29: 0 | M29: 0 | N29: 100000 | O29: 0 | P29: 100000 | Q29: 100000 | R29: 0 | S29: 0 | T29: 0 | U29: 0 | V29: 0 | W29: 0 | X29: 0 | Y29: 0 | Z29: 0 | AA29: 0 | AB29: 0 | AC29: 0 | AD29: 0 | AE29: 0 | AF29: 0 | AG29: 0 | AH29: 0 | AI29: 0 | AJ29: 0 | AK29: 0 | AL29: 0 | AM29: 0 | AN29: 0 | AO29: 0 | AP29: 0 | AQ29: 0 | AR29: 0 | AS29: 0 | AT29: =+K29-R29-Y29-AF29-AM29 -> 0 | AU29: =+L29-S29-Z29-AG29-AN29 -> 0 | AV29: =+M29-T29-AA29-AH29-AO29 -> 0 | AW29: =+N29-U29-AB29-AI29-AP29 -> 100000 | AX29: =+O29-V29-AC29-AJ29-AQ29 -> 0 | AY29: =+P29-W29-AD29-AK29-AR29 -> 100000 | AZ29: =+Q29-X29-AE29-AL29-AS29 -> 100000
A30: 2026 | B30: 8324 | C30: 1 | D30: 2 | E30: 8 | F30: 2000 | G30: 2600 | H30: 261 | J30: Combustibles, lubricantes y aditivos | K30: 0 | L30: 0 | M30: 0 | N30: 100000 | O30: 0 | P30: 100000 | Q30: 100000 | R30: 0 | S30: 0 | T30: 0 | U30: 0 | V30: 0 | W30: 0 | X30: 0 | Y30: 0 | Z30: 0 | AA30: 0 | AB30: 0 | AC30: 0 | AD30: 0 | AE30: 0 | AF30: 0 | AG30: 0 | AH30: 0 | AI30: 0 | AJ30: 0 | AK30: 0 | AL30: 0 | AM30: 0 | AN30: 0 | AO30: 0 | AP30: 0 | AQ30: 0 | AR30: 0 | AS30: 0 | AT30: =+K30-R30-Y30-AF30-AM30 -> 0 | AU30: =+L30-S30-Z30-AG30-AN30 -> 0 | AV30: =+M30-T30-AA30-AH30-AO30 -> 0 | AW30: =+N30-U30-AB30-AI30-AP30 -> 100000 | AX30: =+O30-V30-AC30-AJ30-AQ30 -> 0 | AY30: =+P30-W30-AD30-AK30-AR30 -> 100000 | AZ30: =+Q30-X30-AE30-AL30-AS30 -> 100000
A31: 2026 | B31: 8324 | C31: 1 | D31: 2 | E31: 8 | F31: 2000 | G31: 2600 | H31: 261 | I31: 1 | J31: Gasolina y diésel | K31: 0 | L31: 0 | M31: 0 | N31: 100000 | O31: 0 | P31: 100000 | Q31: 100000 | R31: 0 | S31: 0 | T31: 0 | U31: 0 | V31: 0 | W31: 0 | X31: 0 | Y31: 0 | Z31: 0 | AA31: 0 | AB31: 0 | AC31: 0 | AD31: 0 | AE31: 0 | AF31: 0 | AG31: 0 | AH31: 0 | AI31: 0 | AJ31: 0 | AK31: 0 | AL31: 0 | AM31: 0 | AN31: 0 | AO31: 0 | AP31: 0 | AQ31: 0 | AR31: 0 | AS31: 0 | AT31: =+K31-R31-Y31-AF31-AM31 -> 0 | AU31: =+L31-S31-Z31-AG31-AN31 -> 0 | AV31: =+M31-T31-AA31-AH31-AO31 -> 0 | AW31: =+N31-U31-AB31-AI31-AP31 -> 100000 | AX31: =+O31-V31-AC31-AJ31-AQ31 -> 0 | AY31: =+P31-W31-AD31-AK31-AR31 -> 100000 | AZ31: =+Q31-X31-AE31-AL31-AS31 -> 100000 | BA31: 4166 | BG31: =+BA31-BC31-BE31 -> 4166
A32: 2026 | B32: 8324 | C32: 1 | D32: 2 | E32: 8 | F32: 3000 | J32: Servicios Generales | K32: 0 | L32: 0 | M32: 0 | N32: 242000 | O32: 0 | P32: 242000 | Q32: 242000 | R32: 0 | S32: 0 | T32: 0 | U32: 0 | V32: 0 | W32: 0 | X32: 0 | Y32: 0 | Z32: 0 | AA32: 0 | AB32: 0 | AC32: 0 | AD32: 0 | AE32: 0 | AF32: 0 | AG32: 0 | AH32: 0 | AI32: 0 | AJ32: 0 | AK32: 0 | AL32: 0 | AM32: 0 | AN32: 0 | AO32: 0 | AP32: 0 | AQ32: 0 | AR32: 0 | AS32: 0 | AT32: =+K32-R32-Y32-AF32-AM32 -> 0 | AU32: =+L32-S32-Z32-AG32-AN32 -> 0 | AV32: =+M32-T32-AA32-AH32-AO32 -> 0 | AW32: =+N32-U32-AB32-AI32-AP32 -> 242000 | AX32: =+O32-V32-AC32-AJ32-AQ32 -> 0 | AY32: =+P32-W32-AD32-AK32-AR32 -> 242000 | AZ32: =+Q32-X32-AE32-AL32-AS32 -> 242000
A33: 2026 | B33: 8324 | C33: 1 | D33: 2 | E33: 8 | F33: 3000 | G33: 3300 | J33: Servicios Profesionales, Científicos, Técnicos y Otros Servicios | K33: 0 | L33: 0 | M33: 0 | N33: 100000 | O33: 0 | P33: 100000 | Q33: 100000 | R33: 0 | S33: 0 | T33: 0 | U33: 0 | V33: 0 | W33: 0 | X33: 0 | Y33: 0 | Z33: 0 | AA33: 0 | AB33: 0 | AC33: 0 | AD33: 0 | AE33: 0 | AF33: 0 | AG33: 0 | AH33: 0 | AI33: 0 | AJ33: 0 | AK33: 0 | AL33: 0 | AM33: 0 | AN33: 0 | AO33: 0 | AP33: 0 | AQ33: 0 | AR33: 0 | AS33: 0 | AT33: =+K33-R33-Y33-AF33-AM33 -> 0 | AU33: =+L33-S33-Z33-AG33-AN33 -> 0 | AV33: =+M33-T33-AA33-AH33-AO33 -> 0 | AW33: =+N33-U33-AB33-AI33-AP33 -> 100000 | AX33: =+O33-V33-AC33-AJ33-AQ33 -> 0 | AY33: =+P33-W33-AD33-AK33-AR33 -> 100000 | AZ33: =+Q33-X33-AE33-AL33-AS33 -> 100000
A34: 2026 | B34: 8324 | C34: 1 | D34: 2 | E34: 8 | F34: 3000 | G34: 3300 | H34: 339 | J34: Servicios profesionales, científicos y técnicos integrales | K34: 0 | L34: 0 | M34: 0 | N34: 100000 | O34: 0 | P34: 100000 | Q34: 100000 | R34: 0 | S34: 0 | T34: 0 | U34: 0 | V34: 0 | W34: 0 | X34: 0 | Y34: 0 | Z34: 0 | AA34: 0 | AB34: 0 | AC34: 0 | AD34: 0 | AE34: 0 | AF34: 0 | AG34: 0 | AH34: 0 | AI34: 0 | AJ34: 0 | AK34: 0 | AL34: 0 | AM34: 0 | AN34: 0 | AO34: 0 | AP34: 0 | AQ34: 0 | AR34: 0 | AS34: 0 | AT34: =+K34-R34-Y34-AF34-AM34 -> 0 | AU34: =+L34-S34-Z34-AG34-AN34 -> 0 | AV34: =+M34-T34-AA34-AH34-AO34 -> 0 | AW34: =+N34-U34-AB34-AI34-AP34 -> 100000 | AX34: =+O34-V34-AC34-AJ34-AQ34 -> 0 | AY34: =+P34-W34-AD34-AK34-AR34 -> 100000 | AZ34: =+Q34-X34-AE34-AL34-AS34 -> 100000
A35: 2026 | B35: 8324 | C35: 1 | D35: 2 | E35: 8 | F35: 3000 | G35: 3300 | H35: 339 | I35: 1 | J35: Servicios profesionales, científicos y técnicos integrales | K35: 0 | L35: 0 | M35: 0 | N35: 100000 | O35: 0 | P35: 100000 | Q35: 100000 | R35: 0 | S35: 0 | T35: 0 | U35: 0 | V35: 0 | W35: 0 | X35: 0 | Y35: 0 | Z35: 0 | AA35: 0 | AB35: 0 | AC35: 0 | AD35: 0 | AE35: 0 | AF35: 0 | AG35: 0 | AH35: 0 | AI35: 0 | AJ35: 0 | AK35: 0 | AL35: 0 | AM35: 0 | AN35: 0 | AO35: 0 | AP35: 0 | AQ35: 0 | AR35: 0 | AS35: 0 | AT35: =+K35-R35-Y35-AF35-AM35 -> 0 | AU35: =+L35-S35-Z35-AG35-AN35 -> 0 | AV35: =+M35-T35-AA35-AH35-AO35 -> 0 | AW35: =+N35-U35-AB35-AI35-AP35 -> 100000 | AX35: =+O35-V35-AC35-AJ35-AQ35 -> 0 | AY35: =+P35-W35-AD35-AK35-AR35 -> 100000 | AZ35: =+Q35-X35-AE35-AL35-AS35 -> 100000 | BA35: 1 | BG35: =+BA35-BC35-BE35 -> 1
A36: 2026 | B36: 8324 | C36: 1 | D36: 2 | E36: 8 | F36: 3000 | G36: 3700 | J36: Servicios de Traslado y Viáticos | K36: 0 | L36: 0 | M36: 0 | N36: 142000 | O36: 0 | P36: 142000 | Q36: 142000 | R36: 0 | S36: 0 | T36: 0 | U36: 0 | V36: 0 | W36: 0 | X36: 0 | Y36: 0 | Z36: 0 | AA36: 0 | AB36: 0 | AC36: 0 | AD36: 0 | AE36: 0 | AF36: 0 | AG36: 0 | AH36: 0 | AI36: 0 | AJ36: 0 | AK36: 0 | AL36: 0 | AM36: 0 | AN36: 0 | AO36: 0 | AP36: 0 | AQ36: 0 | AR36: 0 | AS36: 0 | AT36: =+K36-R36-Y36-AF36-AM36 -> 0 | AU36: =+L36-S36-Z36-AG36-AN36 -> 0 | AV36: =+M36-T36-AA36-AH36-AO36 -> 0 | AW36: =+N36-U36-AB36-AI36-AP36 -> 142000 | AX36: =+O36-V36-AC36-AJ36-AQ36 -> 0 | AY36: =+P36-W36-AD36-AK36-AR36 -> 142000 | AZ36: =+Q36-X36-AE36-AL36-AS36 -> 142000
A37: 2026 | B37: 8324 | C37: 1 | D37: 2 | E37: 8 | F37: 3000 | G37: 3700 | H37: 372 | J37: Pasajes terrestres | K37: 0 | L37: 0 | M37: 0 | N37: 46000 | O37: 0 | P37: 46000 | Q37: 46000 | R37: 0 | S37: 0 | T37: 0 | U37: 0 | V37: 0 | W37: 0 | X37: 0 | Y37: 0 | Z37: 0 | AA37: 0 | AB37: 0 | AC37: 0 | AD37: 0 | AE37: 0 | AF37: 0 | AG37: 0 | AH37: 0 | AI37: 0 | AJ37: 0 | AK37: 0 | AL37: 0 | AM37: 0 | AN37: 0 | AO37: 0 | AP37: 0 | AQ37: 0 | AR37: 0 | AS37: 0 | AT37: =+K37-R37-Y37-AF37-AM37 -> 0 | AU37: =+L37-S37-Z37-AG37-AN37 -> 0 | AV37: =+M37-T37-AA37-AH37-AO37 -> 0 | AW37: =+N37-U37-AB37-AI37-AP37 -> 46000 | AX37: =+O37-V37-AC37-AJ37-AQ37 -> 0 | AY37: =+P37-W37-AD37-AK37-AR37 -> 46000 | AZ37: =+Q37-X37-AE37-AL37-AS37 -> 46000
A38: 2026 | B38: 8324 | C38: 1 | D38: 2 | E38: 8 | F38: 3000 | G38: 3700 | H38: 372 | I38: 1 | J38: Pasajes terrestres nacionales | K38: 0 | L38: 0 | M38: 0 | N38: 46000 | O38: 0 | P38: 46000 | Q38: 46000 | R38: 0 | S38: 0 | T38: 0 | U38: 0 | V38: 0 | W38: 0 | X38: 0 | Y38: 0 | Z38: 0 | AA38: 0 | AB38: 0 | AC38: 0 | AD38: 0 | AE38: 0 | AF38: 0 | AG38: 0 | AH38: 0 | AI38: 0 | AJ38: 0 | AK38: 0 | AL38: 0 | AM38: 0 | AN38: 0 | AO38: 0 | AP38: 0 | AQ38: 0 | AR38: 0 | AS38: 0 | AT38: =+K38-R38-Y38-AF38-AM38 -> 0 | AU38: =+L38-S38-Z38-AG38-AN38 -> 0 | AV38: =+M38-T38-AA38-AH38-AO38 -> 0 | AW38: =+N38-U38-AB38-AI38-AP38 -> 46000 | AX38: =+O38-V38-AC38-AJ38-AQ38 -> 0 | AY38: =+P38-W38-AD38-AK38-AR38 -> 46000 | AZ38: =+Q38-X38-AE38-AL38-AS38 -> 46000 | BA38: 20 | BG38: =+BA38-BC38-BE38 -> 20
A39: 2026 | B39: 8324 | C39: 1 | D39: 2 | E39: 8 | F39: 3000 | G39: 3700 | H39: 375 | J39: Viáticos en el país | K39: 0 | L39: 0 | M39: 0 | N39: 96000 | O39: 0 | P39: 96000 | Q39: 96000 | R39: 0 | S39: 0 | T39: 0 | U39: 0 | V39: 0 | W39: 0 | X39: 0 | Y39: 0 | Z39: 0 | AA39: 0 | AB39: 0 | AC39: 0 | AD39: 0 | AE39: 0 | AF39: 0 | AG39: 0 | AH39: 0 | AI39: 0 | AJ39: 0 | AK39: 0 | AL39: 0 | AM39: 0 | AN39: 0 | AO39: 0 | AP39: 0 | AQ39: 0 | AR39: 0 | AS39: 0 | AT39: =+K39-R39-Y39-AF39-AM39 -> 0 | AU39: =+L39-S39-Z39-AG39-AN39 -> 0 | AV39: =+M39-T39-AA39-AH39-AO39 -> 0 | AW39: =+N39-U39-AB39-AI39-AP39 -> 96000 | AX39: =+O39-V39-AC39-AJ39-AQ39 -> 0 | AY39: =+P39-W39-AD39-AK39-AR39 -> 96000 | AZ39: =+Q39-X39-AE39-AL39-AS39 -> 96000
A40: 2026 | B40: 8324 | C40: 1 | D40: 2 | E40: 8 | F40: 3000 | G40: 3700 | H40: 375 | I40: 1 | J40: Viáticos nacionales | K40: 0 | L40: 0 | M40: 0 | N40: 96000 | O40: 0 | P40: 96000 | Q40: 96000 | R40: 0 | S40: 0 | T40: 0 | U40: 0 | V40: 0 | W40: 0 | X40: 0 | Y40: 0 | Z40: 0 | AA40: 0 | AB40: 0 | AC40: 0 | AD40: 0 | AE40: 0 | AF40: 0 | AG40: 0 | AH40: 0 | AI40: 0 | AJ40: 0 | AK40: 0 | AL40: 0 | AM40: 0 | AN40: 0 | AO40: 0 | AP40: 0 | AQ40: 0 | AR40: 0 | AS40: 0 | AT40: =+K40-R40-Y40-AF40-AM40 -> 0 | AU40: =+L40-S40-Z40-AG40-AN40 -> 0 | AV40: =+M40-T40-AA40-AH40-AO40 -> 0 | AW40: =+N40-U40-AB40-AI40-AP40 -> 96000 | AX40: =+O40-V40-AC40-AJ40-AQ40 -> 0 | AY40: =+P40-W40-AD40-AK40-AR40 -> 96000 | AZ40: =+Q40-X40-AE40-AL40-AS40 -> 96000 | BA40: 20 | BG40: =+BA40-BC40-BE40 -> 20
A41: 2026 | B41: 8324 | C41: 2 | J41: Desarrollo de las Capacidades de las Instituciones de Seguridad Pública | K41: 46598672 | L41: 0 | M41: 46598672 | N41: 30865949 | O41: 0 | P41: 30865949 | Q41: 77464621 | R41: 0 | S41: 0 | T41: 0 | U41: 0 | V41: 0 | W41: 0 | X41: 0 | Y41: 0 | Z41: 0 | AA41: 0 | AB41: 0 | AC41: 0 | AD41: 0 | AE41: 0 | AF41: 0 | AG41: 0 | AH41: 0 | AI41: 0 | AJ41: 0 | AK41: 0 | AL41: 0 | AM41: 0 | AN41: 0 | AO41: 0 | AP41: 0 | AQ41: 0 | AR41: 0 | AS41: 0 | AT41: =+K41-R41-Y41-AF41-AM41 -> 46598672 | AU41: =+L41-S41-Z41-AG41-AN41 -> 0 | AV41: =+M41-T41-AA41-AH41-AO41 -> 46598672 | AW41: =+N41-U41-AB41-AI41-AP41 -> 30865949 | AX41: =+O41-V41-AC41-AJ41-AQ41 -> 0 | AY41: =+P41-W41-AD41-AK41-AR41 -> 30865949 | AZ41: =+Q41-X41-AE41-AL41-AS41 -> 77464621
A42: 2026 | B42: 8324 | C42: 2 | D42: 3 | J42: Fortalecimiento de las Instituciones Policiales | K42: 20409396 | L42: 0 | M42: 20409396 | N42: 6700000 | O42: 0 | P42: 6700000 | Q42: 27109396 | R42: 0 | S42: 0 | T42: 0 | U42: 0 | V42: 0 | W42: 0 | X42: 0 | Y42: 0 | Z42: 0 | AA42: 0 | AB42: 0 | AC42: 0 | AD42: 0 | AE42: 0 | AF42: 0 | AG42: 0 | AH42: 0 | AI42: 0 | AJ42: 0 | AK42: 0 | AL42: 0 | AM42: 0 | AN42: 0 | AO42: 0 | AP42: 0 | AQ42: 0 | AR42: 0 | AS42: 0 | AT42: =+K42-R42-Y42-AF42-AM42 -> 20409396 | AU42: =+L42-S42-Z42-AG42-AN42 -> 0 | AV42: =+M42-T42-AA42-AH42-AO42 -> 20409396 | AW42: =+N42-U42-AB42-AI42-AP42 -> 6700000 | AX42: =+O42-V42-AC42-AJ42-AQ42 -> 0 | AY42: =+P42-W42-AD42-AK42-AR42 -> 6700000 | AZ42: =+Q42-X42-AE42-AL42-AS42 -> 27109396
A43: 2026 | B43: 8324 | C43: 2 | D43: 3 | E43: 12 | J43: Equipamiento de las Instituciones Policiales | K43: 20409396 | L43: 0 | M43: 20409396 | N43: 6700000 | O43: 0 | P43: 6700000 | Q43: 27109396 | R43: 0 | S43: 0 | T43: 0 | U43: 0 | V43: 0 | W43: 0 | X43: 0 | Y43: 0 | Z43: 0 | AA43: 0 | AB43: 0 | AC43: 0 | AD43: 0 | AE43: 0 | AF43: 0 | AG43: 0 | AH43: 0 | AI43: 0 | AJ43: 0 | AK43: 0 | AL43: 0 | AM43: 0 | AN43: 0 | AO43: 0 | AP43: 0 | AQ43: 0 | AR43: 0 | AS43: 0 | AT43: =+K43-R43-Y43-AF43-AM43 -> 20409396 | AU43: =+L43-S43-Z43-AG43-AN43 -> 0 | AV43: =+M43-T43-AA43-AH43-AO43 -> 20409396 | AW43: =+N43-U43-AB43-AI43-AP43 -> 6700000 | AX43: =+O43-V43-AC43-AJ43-AQ43 -> 0 | AY43: =+P43-W43-AD43-AK43-AR43 -> 6700000 | AZ43: =+Q43-X43-AE43-AL43-AS43 -> 27109396
A44: 2026 | B44: 8324 | C44: 2 | D44: 3 | E44: 12 | F44: 2000 | J44: Materiales y Suministros | K44: 20409396 | L44: 0 | M44: 20409396 | N44: 5000000 | O44: 0 | P44: 5000000 | Q44: 25409396 | R44: 0 | S44: 0 | T44: 0 | U44: 0 | V44: 0 | W44: 0 | X44: 0 | Y44: 0 | Z44: 0 | AA44: 0 | AB44: 0 | AC44: 0 | AD44: 0 | AE44: 0 | AF44: 0 | AG44: 0 | AH44: 0 | AI44: 0 | AJ44: 0 | AK44: 0 | AL44: 0 | AM44: 0 | AN44: 0 | AO44: 0 | AP44: 0 | AQ44: 0 | AR44: 0 | AS44: 0 | AT44: =+K44-R44-Y44-AF44-AM44 -> 20409396 | AU44: =+L44-S44-Z44-AG44-AN44 -> 0 | AV44: =+M44-T44-AA44-AH44-AO44 -> 20409396 | AW44: =+N44-U44-AB44-AI44-AP44 -> 5000000 | AX44: =+O44-V44-AC44-AJ44-AQ44 -> 0 | AY44: =+P44-W44-AD44-AK44-AR44 -> 5000000 | AZ44: =+Q44-X44-AE44-AL44-AS44 -> 25409396
A45: 2026 | B45: 8324 | C45: 2 | D45: 3 | E45: 12 | F45: 2000 | G45: 2700 | J45: Vestuario, Blancos, Prendas de Protección y Artículos Deportivos | K45: 20409396 | L45: 0 | M45: 20409396 | N45: 5000000 | O45: 0 | P45: 5000000 | Q45: 25409396 | R45: 0 | S45: 0 | T45: 0 | U45: 0 | V45: 0 | W45: 0 | X45: 0 | Y45: 0 | Z45: 0 | AA45: 0 | AB45: 0 | AC45: 0 | AD45: 0 | AE45: 0 | AF45: 0 | AG45: 0 | AH45: 0 | AI45: 0 | AJ45: 0 | AK45: 0 | AL45: 0 | AM45: 0 | AN45: 0 | AO45: 0 | AP45: 0 | AQ45: 0 | AR45: 0 | AS45: 0 | AT45: =+K45-R45-Y45-AF45-AM45 -> 20409396 | AU45: =+L45-S45-Z45-AG45-AN45 -> 0 | AV45: =+M45-T45-AA45-AH45-AO45 -> 20409396 | AW45: =+N45-U45-AB45-AI45-AP45 -> 5000000 | AX45: =+O45-V45-AC45-AJ45-AQ45 -> 0 | AY45: =+P45-W45-AD45-AK45-AR45 -> 5000000 | AZ45: =+Q45-X45-AE45-AL45-AS45 -> 25409396
A46: 2026 | B46: 8324 | C46: 2 | D46: 3 | E46: 12 | F46: 2000 | G46: 2700 | H46: 271 | J46: Vestuario y uniformes | K46: 20409396 | L46: 0 | M46: 20409396 | N46: 5000000 | O46: 0 | P46: 5000000 | Q46: 25409396 | R46: 0 | S46: 0 | T46: 0 | U46: 0 | V46: 0 | W46: 0 | X46: 0 | Y46: 0 | Z46: 0 | AA46: 0 | AB46: 0 | AC46: 0 | AD46: 0 | AE46: 0 | AF46: 0 | AG46: 0 | AH46: 0 | AI46: 0 | AJ46: 0 | AK46: 0 | AL46: 0 | AM46: 0 | AN46: 0 | AO46: 0 | AP46: 0 | AQ46: 0 | AR46: 0 | AS46: 0 | AT46: =+K46-R46-Y46-AF46-AM46 -> 20409396 | AU46: =+L46-S46-Z46-AG46-AN46 -> 0 | AV46: =+M46-T46-AA46-AH46-AO46 -> 20409396 | AW46: =+N46-U46-AB46-AI46-AP46 -> 5000000 | AX46: =+O46-V46-AC46-AJ46-AQ46 -> 0 | AY46: =+P46-W46-AD46-AK46-AR46 -> 5000000 | AZ46: =+Q46-X46-AE46-AL46-AS46 -> 25409396
A47: 2026 | B47: 8324 | C47: 2 | D47: 3 | E47: 12 | F47: 2000 | G47: 2700 | H47: 271 | I47: 1 | J47: Vestuario y uniformes | K47: 20409396 | L47: 0 | M47: 20409396 | N47: 5000000 | O47: 0 | P47: 5000000 | Q47: 25409396 | R47: 0 | S47: 0 | T47: 0 | U47: 0 | V47: 0 | W47: 0 | X47: 0 | Y47: 0 | Z47: 0 | AA47: 0 | AB47: 0 | AC47: 0 | AD47: 0 | AE47: 0 | AF47: 0 | AG47: 0 | AH47: 0 | AI47: 0 | AJ47: 0 | AK47: 0 | AL47: 0 | AM47: 0 | AN47: 0 | AO47: 0 | AP47: 0 | AQ47: 0 | AR47: 0 | AS47: 0 | AT47: =+K47-R47-Y47-AF47-AM47 -> 20409396 | AU47: =+L47-S47-Z47-AG47-AN47 -> 0 | AV47: =+M47-T47-AA47-AH47-AO47 -> 20409396 | AW47: =+N47-U47-AB47-AI47-AP47 -> 5000000 | AX47: =+O47-V47-AC47-AJ47-AQ47 -> 0 | AY47: =+P47-W47-AD47-AK47-AR47 -> 5000000 | AZ47: =+Q47-X47-AE47-AL47-AS47 -> 25409396 | BA47: 12546 | BG47: =+BA47-BC47-BE47 -> 12546
A48: 2026 | B48: 8324 | C48: 2 | D48: 3 | E48: 12 | F48: 3000 | J48: Servicios Generales | K48: 0 | L48: 0 | M48: 0 | N48: 1700000 | O48: 0 | P48: 1700000 | Q48: 1700000 | R48: 0 | S48: 0 | T48: 0 | U48: 0 | V48: 0 | W48: 0 | X48: 0 | Y48: 0 | Z48: 0 | AA48: 0 | AB48: 0 | AC48: 0 | AD48: 0 | AE48: 0 | AF48: 0 | AG48: 0 | AH48: 0 | AI48: 0 | AJ48: 0 | AK48: 0 | AL48: 0 | AM48: 0 | AN48: 0 | AO48: 0 | AP48: 0 | AQ48: 0 | AR48: 0 | AS48: 0 | AT48: =+K48-R48-Y48-AF48-AM48 -> 0 | AU48: =+L48-S48-Z48-AG48-AN48 -> 0 | AV48: =+M48-T48-AA48-AH48-AO48 -> 0 | AW48: =+N48-U48-AB48-AI48-AP48 -> 1700000 | AX48: =+O48-V48-AC48-AJ48-AQ48 -> 0 | AY48: =+P48-W48-AD48-AK48-AR48 -> 1700000 | AZ48: =+Q48-X48-AE48-AL48-AS48 -> 1700000
A49: 2026 | B49: 8324 | C49: 2 | D49: 3 | E49: 12 | F49: 3000 | G49: 3500 | J49: Servicios de Instalación, Reparación, Mantenimiento y Conservación | K49: 0 | L49: 0 | M49: 0 | N49: 1700000 | O49: 0 | P49: 1700000 | Q49: 1700000 | R49: 0 | S49: 0 | T49: 0 | U49: 0 | V49: 0 | W49: 0 | X49: 0 | Y49: 0 | Z49: 0 | AA49: 0 | AB49: 0 | AC49: 0 | AD49: 0 | AE49: 0 | AF49: 0 | AG49: 0 | AH49: 0 | AI49: 0 | AJ49: 0 | AK49: 0 | AL49: 0 | AM49: 0 | AN49: 0 | AO49: 0 | AP49: 0 | AQ49: 0 | AR49: 0 | AS49: 0 | AT49: =+K49-R49-Y49-AF49-AM49 -> 0 | AU49: =+L49-S49-Z49-AG49-AN49 -> 0 | AV49: =+M49-T49-AA49-AH49-AO49 -> 0 | AW49: =+N49-U49-AB49-AI49-AP49 -> 1700000 | AX49: =+O49-V49-AC49-AJ49-AQ49 -> 0 | AY49: =+P49-W49-AD49-AK49-AR49 -> 1700000 | AZ49: =+Q49-X49-AE49-AL49-AS49 -> 1700000
A50: 2026 | B50: 8324 | C50: 2 | D50: 3 | E50: 12 | F50: 3000 | G50: 3500 | H50: 353 | J50: Instalación, Reparación y Mantenimiento de Equipo de Cómputo y Tecnología de la Información | K50: 0 | L50: 0 | M50: 0 | N50: 1700000 | O50: 0 | P50: 1700000 | Q50: 1700000 | R50: 0 | S50: 0 | T50: 0 | U50: 0 | V50: 0 | W50: 0 | X50: 0 | Y50: 0 | Z50: 0 | AA50: 0 | AB50: 0 | AC50: 0 | AD50: 0 | AE50: 0 | AF50: 0 | AG50: 0 | AH50: 0 | AI50: 0 | AJ50: 0 | AK50: 0 | AL50: 0 | AM50: 0 | AN50: 0 | AO50: 0 | AP50: 0 | AQ50: 0 | AR50: 0 | AS50: 0 | AT50: =+K50-R50-Y50-AF50-AM50 -> 0 | AU50: =+L50-S50-Z50-AG50-AN50 -> 0 | AV50: =+M50-T50-AA50-AH50-AO50 -> 0 | AW50: =+N50-U50-AB50-AI50-AP50 -> 1700000 | AX50: =+O50-V50-AC50-AJ50-AQ50 -> 0 | AY50: =+P50-W50-AD50-AK50-AR50 -> 1700000 | AZ50: =+Q50-X50-AE50-AL50-AS50 -> 1700000
A51: 2026 | B51: 8324 | C51: 2 | D51: 3 | E51: 12 | F51: 3000 | G51: 3500 | H51: 353 | I51: 1 | J51: Mantenimiento y conservación de bienes informáticos | K51: 0 | L51: 0 | M51: 0 | N51: 1700000 | O51: 0 | P51: 1700000 | Q51: 1700000 | R51: 0 | S51: 0 | T51: 0 | U51: 0 | V51: 0 | W51: 0 | X51: 0 | Y51: 0 | Z51: 0 | AA51: 0 | AB51: 0 | AC51: 0 | AD51: 0 | AE51: 0 | AF51: 0 | AG51: 0 | AH51: 0 | AI51: 0 | AJ51: 0 | AK51: 0 | AL51: 0 | AM51: 0 | AN51: 0 | AO51: 0 | AP51: 0 | AQ51: 0 | AR51: 0 | AS51: 0 | AT51: =+K51-R51-Y51-AF51-AM51 -> 0 | AU51: =+L51-S51-Z51-AG51-AN51 -> 0 | AV51: =+M51-T51-AA51-AH51-AO51 -> 0 | AW51: =+N51-U51-AB51-AI51-AP51 -> 1700000 | AX51: =+O51-V51-AC51-AJ51-AQ51 -> 0 | AY51: =+P51-W51-AD51-AK51-AR51 -> 1700000 | AZ51: =+Q51-X51-AE51-AL51-AS51 -> 1700000 | BA51: 1 | BG51: =+BA51-BC51-BE51 -> 1
A52: 2026 | B52: 8324 | C52: 2 | D52: 5 | J52: Pevención de la Violencia y el Delito e Implementación de la Justicia Cívica | K52: 0 | L52: 0 | M52: 0 | N52: 9828267.7 | O52: 0 | P52: 9828267.7 | Q52: 9828267.7 | R52: 0 | S52: 0 | T52: 0 | U52: 0 | V52: 0 | W52: 0 | X52: 0 | Y52: 0 | Z52: 0 | AA52: 0 | AB52: 0 | AC52: 0 | AD52: 0 | AE52: 0 | AF52: 0 | AG52: 0 | AH52: 0 | AI52: 0 | AJ52: 0 | AK52: 0 | AL52: 0 | AM52: 0 | AN52: 0 | AO52: 0 | AP52: 0 | AQ52: 0 | AR52: 0 | AS52: 0 | AT52: =+K52-R52-Y52-AF52-AM52 -> 0 | AU52: =+L52-S52-Z52-AG52-AN52 -> 0 | AV52: =+M52-T52-AA52-AH52-AO52 -> 0 | AW52: =+N52-U52-AB52-AI52-AP52 -> 9828267.7 | AX52: =+O52-V52-AC52-AJ52-AQ52 -> 0 | AY52: =+P52-W52-AD52-AK52-AR52 -> 9828267.7 | AZ52: =+Q52-X52-AE52-AL52-AS52 -> 9828267.7
A53: 2026 | B53: 8324 | C53: 2 | D53: 5 | E53: 16 | J53: Implementación de Programas Focalizados de Prevención de la Violencia y el Delito | K53: 0 | L53: 0 | M53: 0 | N53: 9828267.7 | O53: 0 | P53: 9828267.7 | Q53: 9828267.7 | R53: 0 | S53: 0 | T53: 0 | U53: 0 | V53: 0 | W53: 0 | X53: 0 | Y53: 0 | Z53: 0 | AA53: 0 | AB53: 0 | AC53: 0 | AD53: 0 | AE53: 0 | AF53: 0 | AG53: 0 | AH53: 0 | AI53: 0 | AJ53: 0 | AK53: 0 | AL53: 0 | AM53: 0 | AN53: 0 | AO53: 0 | AP53: 0 | AQ53: 0 | AR53: 0 | AS53: 0 | AT53: =+K53-R53-Y53-AF53-AM53 -> 0 | AU53: =+L53-S53-Z53-AG53-AN53 -> 0 | AV53: =+M53-T53-AA53-AH53-AO53 -> 0 | AW53: =+N53-U53-AB53-AI53-AP53 -> 9828267.7 | AX53: =+O53-V53-AC53-AJ53-AQ53 -> 0 | AY53: =+P53-W53-AD53-AK53-AR53 -> 9828267.7 | AZ53: =+Q53-X53-AE53-AL53-AS53 -> 9828267.7
A54: 2026 | B54: 8324 | C54: 2 | D54: 5 | E54: 16 | F54: 1000 | J54: Servicios Personales | K54: 0 | L54: 0 | M54: 0 | N54: 6343267.7 | O54: 0 | P54: 6343267.7 | Q54: 6343267.7 | R54: 0 | S54: 0 | T54: 0 | U54: 0 | V54: 0 | W54: 0 | X54: 0 | Y54: 0 | Z54: 0 | AA54: 0 | AB54: 0 | AC54: 0 | AD54: 0 | AE54: 0 | AF54: 0 | AG54: 0 | AH54: 0 | AI54: 0 | AJ54: 0 | AK54: 0 | AL54: 0 | AM54: 0 | AN54: 0 | AO54: 0 | AP54: 0 | AQ54: 0 | AR54: 0 | AS54: 0 | AT54: =+K54-R54-Y54-AF54-AM54 -> 0 | AU54: =+L54-S54-Z54-AG54-AN54 -> 0 | AV54: =+M54-T54-AA54-AH54-AO54 -> 0 | AW54: =+N54-U54-AB54-AI54-AP54 -> 6343267.7 | AX54: =+O54-V54-AC54-AJ54-AQ54 -> 0 | AY54: =+P54-W54-AD54-AK54-AR54 -> 6343267.7 | AZ54: =+Q54-X54-AE54-AL54-AS54 -> 6343267.7
A55: 2026 | B55: 8324 | C55: 2 | D55: 5 | E55: 16 | F55: 1000 | G55: 1200 | J55: Remuneraciones al Personal de Carácter Transitorio | K55: 0 | L55: 0 | M55: 0 | N55: 6343267.7 | O55: 0 | P55: 6343267.7 | Q55: 6343267.7 | R55: 0 | S55: 0 | T55: 0 | U55: 0 | V55: 0 | W55: 0 | X55: 0 | Y55: 0 | Z55: 0 | AA55: 0 | AB55: 0 | AC55: 0 | AD55: 0 | AE55: 0 | AF55: 0 | AG55: 0 | AH55: 0 | AI55: 0 | AJ55: 0 | AK55: 0 | AL55: 0 | AM55: 0 | AN55: 0 | AO55: 0 | AP55: 0 | AQ55: 0 | AR55: 0 | AS55: 0 | AT55: =+K55-R55-Y55-AF55-AM55 -> 0 | AU55: =+L55-S55-Z55-AG55-AN55 -> 0 | AV55: =+M55-T55-AA55-AH55-AO55 -> 0 | AW55: =+N55-U55-AB55-AI55-AP55 -> 6343267.7 | AX55: =+O55-V55-AC55-AJ55-AQ55 -> 0 | AY55: =+P55-W55-AD55-AK55-AR55 -> 6343267.7 | AZ55: =+Q55-X55-AE55-AL55-AS55 -> 6343267.7
A56: 2026 | B56: 8324 | C56: 2 | D56: 5 | E56: 16 | F56: 1000 | G56: 1200 | H56: 121 | J56: Honorarios asimilables a salarios | K56: 0 | L56: 0 | M56: 0 | N56: 6343267.7 | O56: 0 | P56: 6343267.7 | Q56: 6343267.7 | R56: 0 | S56: 0 | T56: 0 | U56: 0 | V56: 0 | W56: 0 | X56: 0 | Y56: 0 | Z56: 0 | AA56: 0 | AB56: 0 | AC56: 0 | AD56: 0 | AE56: 0 | AF56: 0 | AG56: 0 | AH56: 0 | AI56: 0 | AJ56: 0 | AK56: 0 | AL56: 0 | AM56: 0 | AN56: 0 | AO56: 0 | AP56: 0 | AQ56: 0 | AR56: 0 | AS56: 0 | AT56: =+K56-R56-Y56-AF56-AM56 -> 0 | AU56: =+L56-S56-Z56-AG56-AN56 -> 0 | AV56: =+M56-T56-AA56-AH56-AO56 -> 0 | AW56: =+N56-U56-AB56-AI56-AP56 -> 6343267.7 | AX56: =+O56-V56-AC56-AJ56-AQ56 -> 0 | AY56: =+P56-W56-AD56-AK56-AR56 -> 6343267.7 | AZ56: =+Q56-X56-AE56-AL56-AS56 -> 6343267.7
A57: 2026 | B57: 8324 | C57: 2 | D57: 5 | E57: 16 | F57: 1000 | G57: 1200 | H57: 121 | I57: 1 | J57: Honorarios | K57: 0 | L57: 0 | M57: 0 | N57: 6343267.7 | O57: 0 | P57: 6343267.7 | Q57: 6343267.7 | R57: 0 | S57: 0 | T57: 0 | U57: 0 | V57: 0 | W57: 0 | X57: 0 | Y57: 0 | Z57: 0 | AA57: 0 | AB57: 0 | AC57: 0 | AD57: 0 | AE57: 0 | AF57: 0 | AG57: 0 | AH57: 0 | AI57: 0 | AJ57: 0 | AK57: 0 | AL57: 0 | AM57: 0 | AN57: 0 | AO57: 0 | AP57: 0 | AQ57: 0 | AR57: 0 | AS57: 0 | AT57: =+K57-R57-Y57-AF57-AM57 -> 0 | AU57: =+L57-S57-Z57-AG57-AN57 -> 0 | AV57: =+M57-T57-AA57-AH57-AO57 -> 0 | AW57: =+N57-U57-AB57-AI57-AP57 -> 6343267.7 | AX57: =+O57-V57-AC57-AJ57-AQ57 -> 0 | AY57: =+P57-W57-AD57-AK57-AR57 -> 6343267.7 | AZ57: =+Q57-X57-AE57-AL57-AS57 -> 6343267.7 | BA57: 20 | BG57: =+BA57-BC57-BE57 -> 20
A58: 2026 | B58: 8324 | C58: 2 | D58: 5 | E58: 16 | F58: 2000 | J58: Materiales y Suministros | K58: 0 | L58: 0 | M58: 0 | N58: 900000 | O58: 0 | P58: 900000 | Q58: 900000 | R58: 0 | S58: 0 | T58: 0 | U58: 0 | V58: 0 | W58: 0 | X58: 0 | Y58: 0 | Z58: 0 | AA58: 0 | AB58: 0 | AC58: 0 | AD58: 0 | AE58: 0 | AF58: 0 | AG58: 0 | AH58: 0 | AI58: 0 | AJ58: 0 | AK58: 0 | AL58: 0 | AM58: 0 | AN58: 0 | AO58: 0 | AP58: 0 | AQ58: 0 | AR58: 0 | AS58: 0 | AT58: =+K58-R58-Y58-AF58-AM58 -> 0 | AU58: =+L58-S58-Z58-AG58-AN58 -> 0 | AV58: =+M58-T58-AA58-AH58-AO58 -> 0 | AW58: =+N58-U58-AB58-AI58-AP58 -> 900000 | AX58: =+O58-V58-AC58-AJ58-AQ58 -> 0 | AY58: =+P58-W58-AD58-AK58-AR58 -> 900000 | AZ58: =+Q58-X58-AE58-AL58-AS58 -> 900000
A59: 2026 | B59: 8324 | C59: 2 | D59: 5 | E59: 16 | F59: 2000 | G59: 2100 | J59: Materiales de Administración, Emisión de Documentos y Artículos Oficiales | K59: 0 | L59: 0 | M59: 0 | N59: 280000 | O59: 0 | P59: 280000 | Q59: 280000 | R59: 0 | S59: 0 | T59: 0 | U59: 0 | V59: 0 | W59: 0 | X59: 0 | Y59: 0 | Z59: 0 | AA59: 0 | AB59: 0 | AC59: 0 | AD59: 0 | AE59: 0 | AF59: 0 | AG59: 0 | AH59: 0 | AI59: 0 | AJ59: 0 | AK59: 0 | AL59: 0 | AM59: 0 | AN59: 0 | AO59: 0 | AP59: 0 | AQ59: 0 | AR59: 0 | AS59: 0 | AT59: =+K59-R59-Y59-AF59-AM59 -> 0 | AU59: =+L59-S59-Z59-AG59-AN59 -> 0 | AV59: =+M59-T59-AA59-AH59-AO59 -> 0 | AW59: =+N59-U59-AB59-AI59-AP59 -> 280000 | AX59: =+O59-V59-AC59-AJ59-AQ59 -> 0 | AY59: =+P59-W59-AD59-AK59-AR59 -> 280000 | AZ59: =+Q59-X59-AE59-AL59-AS59 -> 280000
A60: 2026 | B60: 8324 | C60: 2 | D60: 5 | E60: 16 | F60: 2000 | G60: 2100 | H60: 211 | J60: Materiales, útiles y equipos menores de oficina | K60: 0 | L60: 0 | M60: 0 | N60: 100000 | O60: 0 | P60: 100000 | Q60: 100000 | R60: 0 | S60: 0 | T60: 0 | U60: 0 | V60: 0 | W60: 0 | X60: 0 | Y60: 0 | Z60: 0 | AA60: 0 | AB60: 0 | AC60: 0 | AD60: 0 | AE60: 0 | AF60: 0 | AG60: 0 | AH60: 0 | AI60: 0 | AJ60: 0 | AK60: 0 | AL60: 0 | AM60: 0 | AN60: 0 | AO60: 0 | AP60: 0 | AQ60: 0 | AR60: 0 | AS60: 0 | AT60: =+K60-R60-Y60-AF60-AM60 -> 0 | AU60: =+L60-S60-Z60-AG60-AN60 -> 0 | AV60: =+M60-T60-AA60-AH60-AO60 -> 0 | AW60: =+N60-U60-AB60-AI60-AP60 -> 100000 | AX60: =+O60-V60-AC60-AJ60-AQ60 -> 0 | AY60: =+P60-W60-AD60-AK60-AR60 -> 100000 | AZ60: =+Q60-X60-AE60-AL60-AS60 -> 100000
A61: 2026 | B61: 8324 | C61: 2 | D61: 5 | E61: 16 | F61: 2000 | G61: 2100 | H61: 211 | I61: 1 | J61: Materiales y útiles de oficina | K61: 0 | L61: 0 | M61: 0 | N61: 100000 | O61: 0 | P61: 100000 | Q61: 100000 | R61: 0 | S61: 0 | T61: 0 | U61: 0 | V61: 0 | W61: 0 | X61: 0 | Y61: 0 | Z61: 0 | AA61: 0 | AB61: 0 | AC61: 0 | AD61: 0 | AE61: 0 | AF61: 0 | AG61: 0 | AH61: 0 | AI61: 0 | AJ61: 0 | AK61: 0 | AL61: 0 | AM61: 0 | AN61: 0 | AO61: 0 | AP61: 0 | AQ61: 0 | AR61: 0 | AS61: 0 | AT61: =+K61-R61-Y61-AF61-AM61 -> 0 | AU61: =+L61-S61-Z61-AG61-AN61 -> 0 | AV61: =+M61-T61-AA61-AH61-AO61 -> 0 | AW61: =+N61-U61-AB61-AI61-AP61 -> 100000 | AX61: =+O61-V61-AC61-AJ61-AQ61 -> 0 | AY61: =+P61-W61-AD61-AK61-AR61 -> 100000 | AZ61: =+Q61-X61-AE61-AL61-AS61 -> 100000 | BA61: 100 | BG61: =+BA61-BC61-BE61 -> 100
A62: 2026 | B62: 8324 | C62: 2 | D62: 5 | E62: 16 | F62: 2000 | G62: 2100 | H62: 214 | J62: Materiales, útiles y equipos menores de tecnologías de la información y comunicaciones | K62: 0 | L62: 0 | M62: 0 | N62: 120000 | O62: 0 | P62: 120000 | Q62: 120000 | R62: 0 | S62: 0 | T62: 0 | U62: 0 | V62: 0 | W62: 0 | X62: 0 | Y62: 0 | Z62: 0 | AA62: 0 | AB62: 0 | AC62: 0 | AD62: 0 | AE62: 0 | AF62: 0 | AG62: 0 | AH62: 0 | AI62: 0 | AJ62: 0 | AK62: 0 | AL62: 0 | AM62: 0 | AN62: 0 | AO62: 0 | AP62: 0 | AQ62: 0 | AR62: 0 | AS62: 0 | AT62: =+K62-R62-Y62-AF62-AM62 -> 0 | AU62: =+L62-S62-Z62-AG62-AN62 -> 0 | AV62: =+M62-T62-AA62-AH62-AO62 -> 0 | AW62: =+N62-U62-AB62-AI62-AP62 -> 120000 | AX62: =+O62-V62-AC62-AJ62-AQ62 -> 0 | AY62: =+P62-W62-AD62-AK62-AR62 -> 120000 | AZ62: =+Q62-X62-AE62-AL62-AS62 -> 120000
A63: 2026 | B63: 8324 | C63: 2 | D63: 5 | E63: 16 | F63: 2000 | G63: 2100 | H63: 214 | I63: 1 | J63: Materiales y útiles para el procesamiento en equipos y bienes informáticos | K63: 0 | L63: 0 | M63: 0 | N63: 120000 | O63: 0 | P63: 120000 | Q63: 120000 | R63: 0 | S63: 0 | T63: 0 | U63: 0 | V63: 0 | W63: 0 | X63: 0 | Y63: 0 | Z63: 0 | AA63: 0 | AB63: 0 | AC63: 0 | AD63: 0 | AE63: 0 | AF63: 0 | AG63: 0 | AH63: 0 | AI63: 0 | AJ63: 0 | AK63: 0 | AL63: 0 | AM63: 0 | AN63: 0 | AO63: 0 | AP63: 0 | AQ63: 0 | AR63: 0 | AS63: 0 | AT63: =+K63-R63-Y63-AF63-AM63 -> 0 | AU63: =+L63-S63-Z63-AG63-AN63 -> 0 | AV63: =+M63-T63-AA63-AH63-AO63 -> 0 | AW63: =+N63-U63-AB63-AI63-AP63 -> 120000 | AX63: =+O63-V63-AC63-AJ63-AQ63 -> 0 | AY63: =+P63-W63-AD63-AK63-AR63 -> 120000 | AZ63: =+Q63-X63-AE63-AL63-AS63 -> 120000 | BA63: 1 | BG63: =+BA63-BC63-BE63 -> 1
A64: 2026 | B64: 8324 | C64: 2 | D64: 5 | E64: 16 | F64: 2000 | G64: 2100 | H64: 216 | J64: Material de limpieza | K64: 0 | L64: 0 | M64: 0 | N64: 60000 | O64: 0 | P64: 60000 | Q64: 60000 | R64: 0 | S64: 0 | T64: 0 | U64: 0 | V64: 0 | W64: 0 | X64: 0 | Y64: 0 | Z64: 0 | AA64: 0 | AB64: 0 | AC64: 0 | AD64: 0 | AE64: 0 | AF64: 0 | AG64: 0 | AH64: 0 | AI64: 0 | AJ64: 0 | AK64: 0 | AL64: 0 | AM64: 0 | AN64: 0 | AO64: 0 | AP64: 0 | AQ64: 0 | AR64: 0 | AS64: 0 | AT64: =+K64-R64-Y64-AF64-AM64 -> 0 | AU64: =+L64-S64-Z64-AG64-AN64 -> 0 | AV64: =+M64-T64-AA64-AH64-AO64 -> 0 | AW64: =+N64-U64-AB64-AI64-AP64 -> 60000 | AX64: =+O64-V64-AC64-AJ64-AQ64 -> 0 | AY64: =+P64-W64-AD64-AK64-AR64 -> 60000 | AZ64: =+Q64-X64-AE64-AL64-AS64 -> 60000
A65: 2026 | B65: 8324 | C65: 2 | D65: 5 | E65: 16 | F65: 2000 | G65: 2100 | H65: 216 | I65: 1 | J65: Material de limpieza | K65: 0 | L65: 0 | M65: 0 | N65: 60000 | O65: 0 | P65: 60000 | Q65: 60000 | R65: 0 | S65: 0 | T65: 0 | U65: 0 | V65: 0 | W65: 0 | X65: 0 | Y65: 0 | Z65: 0 | AA65: 0 | AB65: 0 | AC65: 0 | AD65: 0 | AE65: 0 | AF65: 0 | AG65: 0 | AH65: 0 | AI65: 0 | AJ65: 0 | AK65: 0 | AL65: 0 | AM65: 0 | AN65: 0 | AO65: 0 | AP65: 0 | AQ65: 0 | AR65: 0 | AS65: 0 | AT65: =+K65-R65-Y65-AF65-AM65 -> 0 | AU65: =+L65-S65-Z65-AG65-AN65 -> 0 | AV65: =+M65-T65-AA65-AH65-AO65 -> 0 | AW65: =+N65-U65-AB65-AI65-AP65 -> 60000 | AX65: =+O65-V65-AC65-AJ65-AQ65 -> 0 | AY65: =+P65-W65-AD65-AK65-AR65 -> 60000 | AZ65: =+Q65-X65-AE65-AL65-AS65 -> 60000 | BA65: 1 | BG65: =+BA65-BC65-BE65 -> 1
A66: 2026 | B66: 8324 | C66: 2 | D66: 5 | E66: 16 | F66: 2000 | G66: 2600 | J66: Combustibles, Lubricantes y Aditivos | K66: 0 | L66: 0 | M66: 0 | N66: 280000 | O66: 0 | P66: 280000 | Q66: 280000 | R66: 0 | S66: 0 | T66: 0 | U66: 0 | V66: 0 | W66: 0 | X66: 0 | Y66: 0 | Z66: 0 | AA66: 0 | AB66: 0 | AC66: 0 | AD66: 0 | AE66: 0 | AF66: 0 | AG66: 0 | AH66: 0 | AI66: 0 | AJ66: 0 | AK66: 0 | AL66: 0 | AM66: 0 | AN66: 0 | AO66: 0 | AP66: 0 | AQ66: 0 | AR66: 0 | AS66: 0 | AT66: =+K66-R66-Y66-AF66-AM66 -> 0 | AU66: =+L66-S66-Z66-AG66-AN66 -> 0 | AV66: =+M66-T66-AA66-AH66-AO66 -> 0 | AW66: =+N66-U66-AB66-AI66-AP66 -> 280000 | AX66: =+O66-V66-AC66-AJ66-AQ66 -> 0 | AY66: =+P66-W66-AD66-AK66-AR66 -> 280000 | AZ66: =+Q66-X66-AE66-AL66-AS66 -> 280000
A67: 2026 | B67: 8324 | C67: 2 | D67: 5 | E67: 16 | F67: 2000 | G67: 2600 | H67: 261 | J67: Combustibles, lubricantes y aditivos | K67: 0 | L67: 0 | M67: 0 | N67: 280000 | O67: 0 | P67: 280000 | Q67: 280000 | R67: 0 | S67: 0 | T67: 0 | U67: 0 | V67: 0 | W67: 0 | X67: 0 | Y67: 0 | Z67: 0 | AA67: 0 | AB67: 0 | AC67: 0 | AD67: 0 | AE67: 0 | AF67: 0 | AG67: 0 | AH67: 0 | AI67: 0 | AJ67: 0 | AK67: 0 | AL67: 0 | AM67: 0 | AN67: 0 | AO67: 0 | AP67: 0 | AQ67: 0 | AR67: 0 | AS67: 0 | AT67: =+K67-R67-Y67-AF67-AM67 -> 0 | AU67: =+L67-S67-Z67-AG67-AN67 -> 0 | AV67: =+M67-T67-AA67-AH67-AO67 -> 0 | AW67: =+N67-U67-AB67-AI67-AP67 -> 280000 | AX67: =+O67-V67-AC67-AJ67-AQ67 -> 0 | AY67: =+P67-W67-AD67-AK67-AR67 -> 280000 | AZ67: =+Q67-X67-AE67-AL67-AS67 -> 280000
A68: 2026 | B68: 8324 | C68: 2 | D68: 5 | E68: 16 | F68: 2000 | G68: 2600 | H68: 261 | I68: 1 | J68: Gasolina y diésel | K68: 0 | L68: 0 | M68: 0 | N68: 280000 | O68: 0 | P68: 280000 | Q68: 280000 | R68: 0 | S68: 0 | T68: 0 | U68: 0 | V68: 0 | W68: 0 | X68: 0 | Y68: 0 | Z68: 0 | AA68: 0 | AB68: 0 | AC68: 0 | AD68: 0 | AE68: 0 | AF68: 0 | AG68: 0 | AH68: 0 | AI68: 0 | AJ68: 0 | AK68: 0 | AL68: 0 | AM68: 0 | AN68: 0 | AO68: 0 | AP68: 0 | AQ68: 0 | AR68: 0 | AS68: 0 | AT68: =+K68-R68-Y68-AF68-AM68 -> 0 | AU68: =+L68-S68-Z68-AG68-AN68 -> 0 | AV68: =+M68-T68-AA68-AH68-AO68 -> 0 | AW68: =+N68-U68-AB68-AI68-AP68 -> 280000 | AX68: =+O68-V68-AC68-AJ68-AQ68 -> 0 | AY68: =+P68-W68-AD68-AK68-AR68 -> 280000 | AZ68: =+Q68-X68-AE68-AL68-AS68 -> 280000 | BA68: 10769 | BG68: =+BA68-BC68-BE68 -> 10769
A69: 2026 | B69: 8324 | C69: 2 | D69: 5 | E69: 16 | F69: 2000 | G69: 2700 | J69: Vestuario, Blancos, Prendas de Protección y Artículos Deportivos | K69: 0 | L69: 0 | M69: 0 | N69: 300000 | O69: 0 | P69: 300000 | Q69: 300000 | R69: 0 | S69: 0 | T69: 0 | U69: 0 | V69: 0 | W69: 0 | X69: 0 | Y69: 0 | Z69: 0 | AA69: 0 | AB69: 0 | AC69: 0 | AD69: 0 | AE69: 0 | AF69: 0 | AG69: 0 | AH69: 0 | AI69: 0 | AJ69: 0 | AK69: 0 | AL69: 0 | AM69: 0 | AN69: 0 | AO69: 0 | AP69: 0 | AQ69: 0 | AR69: 0 | AS69: 0 | AT69: =+K69-R69-Y69-AF69-AM69 -> 0 | AU69: =+L69-S69-Z69-AG69-AN69 -> 0 | AV69: =+M69-T69-AA69-AH69-AO69 -> 0 | AW69: =+N69-U69-AB69-AI69-AP69 -> 300000 | AX69: =+O69-V69-AC69-AJ69-AQ69 -> 0 | AY69: =+P69-W69-AD69-AK69-AR69 -> 300000 | AZ69: =+Q69-X69-AE69-AL69-AS69 -> 300000
A70: 2026 | B70: 8324 | C70: 2 | D70: 5 | E70: 16 | F70: 2000 | G70: 2700 | H70: 271 | J70: Vestuario y uniformes | K70: 0 | L70: 0 | M70: 0 | N70: 300000 | O70: 0 | P70: 300000 | Q70: 300000 | R70: 0 | S70: 0 | T70: 0 | U70: 0 | V70: 0 | W70: 0 | X70: 0 | Y70: 0 | Z70: 0 | AA70: 0 | AB70: 0 | AC70: 0 | AD70: 0 | AE70: 0 | AF70: 0 | AG70: 0 | AH70: 0 | AI70: 0 | AJ70: 0 | AK70: 0 | AL70: 0 | AM70: 0 | AN70: 0 | AO70: 0 | AP70: 0 | AQ70: 0 | AR70: 0 | AS70: 0 | AT70: =+K70-R70-Y70-AF70-AM70 -> 0 | AU70: =+L70-S70-Z70-AG70-AN70 -> 0 | AV70: =+M70-T70-AA70-AH70-AO70 -> 0 | AW70: =+N70-U70-AB70-AI70-AP70 -> 300000 | AX70: =+O70-V70-AC70-AJ70-AQ70 -> 0 | AY70: =+P70-W70-AD70-AK70-AR70 -> 300000 | AZ70: =+Q70-X70-AE70-AL70-AS70 -> 300000
A71: 2026 | B71: 8324 | C71: 2 | D71: 5 | E71: 16 | F71: 2000 | G71: 2700 | H71: 271 | I71: 1 | J71: Vestuario y uniformes | K71: 0 | L71: 0 | M71: 0 | N71: 300000 | O71: 0 | P71: 300000 | Q71: 300000 | R71: 0 | S71: 0 | T71: 0 | U71: 0 | V71: 0 | W71: 0 | X71: 0 | Y71: 0 | Z71: 0 | AA71: 0 | AB71: 0 | AC71: 0 | AD71: 0 | AE71: 0 | AF71: 0 | AG71: 0 | AH71: 0 | AI71: 0 | AJ71: 0 | AK71: 0 | AL71: 0 | AM71: 0 | AN71: 0 | AO71: 0 | AP71: 0 | AQ71: 0 | AR71: 0 | AS71: 0 | AT71: =+K71-R71-Y71-AF71-AM71 -> 0 | AU71: =+L71-S71-Z71-AG71-AN71 -> 0 | AV71: =+M71-T71-AA71-AH71-AO71 -> 0 | AW71: =+N71-U71-AB71-AI71-AP71 -> 300000 | AX71: =+O71-V71-AC71-AJ71-AQ71 -> 0 | AY71: =+P71-W71-AD71-AK71-AR71 -> 300000 | AZ71: =+Q71-X71-AE71-AL71-AS71 -> 300000 | BA71: 450 | BG71: =+BA71-BC71-BE71 -> 450
A72: 2026 | B72: 8324 | C72: 2 | D72: 5 | E72: 16 | F72: 2000 | G72: 2900 | J72: Herramientas, Refacciones y Accesorios Menores | K72: 0 | L72: 0 | M72: 0 | N72: 40000 | O72: 0 | P72: 40000 | Q72: 40000 | R72: 0 | S72: 0 | T72: 0 | U72: 0 | V72: 0 | W72: 0 | X72: 0 | Y72: 0 | Z72: 0 | AA72: 0 | AB72: 0 | AC72: 0 | AD72: 0 | AE72: 0 | AF72: 0 | AG72: 0 | AH72: 0 | AI72: 0 | AJ72: 0 | AK72: 0 | AL72: 0 | AM72: 0 | AN72: 0 | AO72: 0 | AP72: 0 | AQ72: 0 | AR72: 0 | AS72: 0 | AT72: =+K72-R72-Y72-AF72-AM72 -> 0 | AU72: =+L72-S72-Z72-AG72-AN72 -> 0 | AV72: =+M72-T72-AA72-AH72-AO72 -> 0 | AW72: =+N72-U72-AB72-AI72-AP72 -> 40000 | AX72: =+O72-V72-AC72-AJ72-AQ72 -> 0 | AY72: =+P72-W72-AD72-AK72-AR72 -> 40000 | AZ72: =+Q72-X72-AE72-AL72-AS72 -> 40000
A73: 2026 | B73: 8324 | C73: 2 | D73: 5 | E73: 16 | F73: 2000 | G73: 2900 | H73: 294 | J73: Refacciones y accesorios menores de equipo de cómputo y tecnologías de la información | K73: 0 | L73: 0 | M73: 0 | N73: 40000 | O73: 0 | P73: 40000 | Q73: 40000 | R73: 0 | S73: 0 | T73: 0 | U73: 0 | V73: 0 | W73: 0 | X73: 0 | Y73: 0 | Z73: 0 | AA73: 0 | AB73: 0 | AC73: 0 | AD73: 0 | AE73: 0 | AF73: 0 | AG73: 0 | AH73: 0 | AI73: 0 | AJ73: 0 | AK73: 0 | AL73: 0 | AM73: 0 | AN73: 0 | AO73: 0 | AP73: 0 | AQ73: 0 | AR73: 0 | AS73: 0 | AT73: =+K73-R73-Y73-AF73-AM73 -> 0 | AU73: =+L73-S73-Z73-AG73-AN73 -> 0 | AV73: =+M73-T73-AA73-AH73-AO73 -> 0 | AW73: =+N73-U73-AB73-AI73-AP73 -> 40000 | AX73: =+O73-V73-AC73-AJ73-AQ73 -> 0 | AY73: =+P73-W73-AD73-AK73-AR73 -> 40000 | AZ73: =+Q73-X73-AE73-AL73-AS73 -> 40000
A74: 2026 | B74: 8324 | C74: 2 | D74: 5 | E74: 16 | F74: 2000 | G74: 2900 | H74: 294 | I74: 1 | J74: Refacciones y accesorios menores de equipo de cómputo y tecnologías de la información | K74: 0 | L74: 0 | M74: 0 | N74: 40000 | O74: 0 | P74: 40000 | Q74: 40000 | R74: 0 | S74: 0 | T74: 0 | U74: 0 | V74: 0 | W74: 0 | X74: 0 | Y74: 0 | Z74: 0 | AA74: 0 | AB74: 0 | AC74: 0 | AD74: 0 | AE74: 0 | AF74: 0 | AG74: 0 | AH74: 0 | AI74: 0 | AJ74: 0 | AK74: 0 | AL74: 0 | AM74: 0 | AN74: 0 | AO74: 0 | AP74: 0 | AQ74: 0 | AR74: 0 | AS74: 0 | AT74: =+K74-R74-Y74-AF74-AM74 -> 0 | AU74: =+L74-S74-Z74-AG74-AN74 -> 0 | AV74: =+M74-T74-AA74-AH74-AO74 -> 0 | AW74: =+N74-U74-AB74-AI74-AP74 -> 40000 | AX74: =+O74-V74-AC74-AJ74-AQ74 -> 0 | AY74: =+P74-W74-AD74-AK74-AR74 -> 40000 | AZ74: =+Q74-X74-AE74-AL74-AS74 -> 40000 | BA74: 1 | BG74: =+BA74-BC74-BE74 -> 1
A75: 2026 | B75: 8324 | C75: 2 | D75: 5 | E75: 16 | F75: 3000 | J75: Servicios Generales | K75: 0 | L75: 0 | M75: 0 | N75: 1535000 | O75: 0 | P75: 1535000 | Q75: 1535000 | R75: 0 | S75: 0 | T75: 0 | U75: 0 | V75: 0 | W75: 0 | X75: 0 | Y75: 0 | Z75: 0 | AA75: 0 | AB75: 0 | AC75: 0 | AD75: 0 | AE75: 0 | AF75: 0 | AG75: 0 | AH75: 0 | AI75: 0 | AJ75: 0 | AK75: 0 | AL75: 0 | AM75: 0 | AN75: 0 | AO75: 0 | AP75: 0 | AQ75: 0 | AR75: 0 | AS75: 0 | AT75: =+K75-R75-Y75-AF75-AM75 -> 0 | AU75: =+L75-S75-Z75-AG75-AN75 -> 0 | AV75: =+M75-T75-AA75-AH75-AO75 -> 0 | AW75: =+N75-U75-AB75-AI75-AP75 -> 1535000 | AX75: =+O75-V75-AC75-AJ75-AQ75 -> 0 | AY75: =+P75-W75-AD75-AK75-AR75 -> 1535000 | AZ75: =+Q75-X75-AE75-AL75-AS75 -> 1535000
A76: 2026 | B76: 8324 | C76: 2 | D76: 5 | E76: 16 | F76: 3000 | G76: 3600 | J76: Servicios de Comunicación Social y Publicidad | K76: 0 | L76: 0 | M76: 0 | N76: 550000 | O76: 0 | P76: 550000 | Q76: 550000 | R76: 0 | S76: 0 | T76: 0 | U76: 0 | V76: 0 | W76: 0 | X76: 0 | Y76: 0 | Z76: 0 | AA76: 0 | AB76: 0 | AC76: 0 | AD76: 0 | AE76: 0 | AF76: 0 | AG76: 0 | AH76: 0 | AI76: 0 | AJ76: 0 | AK76: 0 | AL76: 0 | AM76: 0 | AN76: 0 | AO76: 0 | AP76: 0 | AQ76: 0 | AR76: 0 | AS76: 0 | AT76: =+K76-R76-Y76-AF76-AM76 -> 0 | AU76: =+L76-S76-Z76-AG76-AN76 -> 0 | AV76: =+M76-T76-AA76-AH76-AO76 -> 0 | AW76: =+N76-U76-AB76-AI76-AP76 -> 550000 | AX76: =+O76-V76-AC76-AJ76-AQ76 -> 0 | AY76: =+P76-W76-AD76-AK76-AR76 -> 550000 | AZ76: =+Q76-X76-AE76-AL76-AS76 -> 550000
A77: 2026 | B77: 8324 | C77: 2 | D77: 5 | E77: 16 | F77: 3000 | G77: 3600 | H77: 361 | J77: Difusión por radio, televisión y otros medios de mensajes sobre programas y actividades gubernamentales | K77: 0 | L77: 0 | M77: 0 | N77: 550000 | O77: 0 | P77: 550000 | Q77: 550000 | R77: 0 | S77: 0 | T77: 0 | U77: 0 | V77: 0 | W77: 0 | X77: 0 | Y77: 0 | Z77: 0 | AA77: 0 | AB77: 0 | AC77: 0 | AD77: 0 | AE77: 0 | AF77: 0 | AG77: 0 | AH77: 0 | AI77: 0 | AJ77: 0 | AK77: 0 | AL77: 0 | AM77: 0 | AN77: 0 | AO77: 0 | AP77: 0 | AQ77: 0 | AR77: 0 | AS77: 0 | AT77: =+K77-R77-Y77-AF77-AM77 -> 0 | AU77: =+L77-S77-Z77-AG77-AN77 -> 0 | AV77: =+M77-T77-AA77-AH77-AO77 -> 0 | AW77: =+N77-U77-AB77-AI77-AP77 -> 550000 | AX77: =+O77-V77-AC77-AJ77-AQ77 -> 0 | AY77: =+P77-W77-AD77-AK77-AR77 -> 550000 | AZ77: =+Q77-X77-AE77-AL77-AS77 -> 550000
A78: 2026 | B78: 8324 | C78: 2 | D78: 5 | E78: 16 | F78: 3000 | G78: 3600 | H78: 361 | I78: 1 | J78: Difusión de mensajes sobre programas y actividades gubernamentales | K78: 0 | L78: 0 | M78: 0 | N78: 550000 | O78: 0 | P78: 550000 | Q78: 550000 | R78: 0 | S78: 0 | T78: 0 | U78: 0 | V78: 0 | W78: 0 | X78: 0 | Y78: 0 | Z78: 0 | AA78: 0 | AB78: 0 | AC78: 0 | AD78: 0 | AE78: 0 | AF78: 0 | AG78: 0 | AH78: 0 | AI78: 0 | AJ78: 0 | AK78: 0 | AL78: 0 | AM78: 0 | AN78: 0 | AO78: 0 | AP78: 0 | AQ78: 0 | AR78: 0 | AS78: 0 | AT78: =+K78-R78-Y78-AF78-AM78 -> 0 | AU78: =+L78-S78-Z78-AG78-AN78 -> 0 | AV78: =+M78-T78-AA78-AH78-AO78 -> 0 | AW78: =+N78-U78-AB78-AI78-AP78 -> 550000 | AX78: =+O78-V78-AC78-AJ78-AQ78 -> 0 | AY78: =+P78-W78-AD78-AK78-AR78 -> 550000 | AZ78: =+Q78-X78-AE78-AL78-AS78 -> 550000 | BA78: 1 | BG78: =+BA78-BC78-BE78 -> 1
A79: 2026 | B79: 8324 | C79: 2 | D79: 5 | E79: 16 | F79: 3000 | G79: 3700 | J79: Servicios de Traslado y Viáticos | K79: 0 | L79: 0 | M79: 0 | N79: 535000 | O79: 0 | P79: 535000 | Q79: 535000 | R79: 0 | S79: 0 | T79: 0 | U79: 0 | V79: 0 | W79: 0 | X79: 0 | Y79: 0 | Z79: 0 | AA79: 0 | AB79: 0 | AC79: 0 | AD79: 0 | AE79: 0 | AF79: 0 | AG79: 0 | AH79: 0 | AI79: 0 | AJ79: 0 | AK79: 0 | AL79: 0 | AM79: 0 | AN79: 0 | AO79: 0 | AP79: 0 | AQ79: 0 | AR79: 0 | AS79: 0 | AT79: =+K79-R79-Y79-AF79-AM79 -> 0 | AU79: =+L79-S79-Z79-AG79-AN79 -> 0 | AV79: =+M79-T79-AA79-AH79-AO79 -> 0 | AW79: =+N79-U79-AB79-AI79-AP79 -> 535000 | AX79: =+O79-V79-AC79-AJ79-AQ79 -> 0 | AY79: =+P79-W79-AD79-AK79-AR79 -> 535000 | AZ79: =+Q79-X79-AE79-AL79-AS79 -> 535000
A80: 2026 | B80: 8324 | C80: 2 | D80: 5 | E80: 16 | F80: 3000 | G80: 3700 | H80: 371 | J80: Pasajes aéreos | K80: 0 | L80: 0 | M80: 0 | N80: 60000 | O80: 0 | P80: 60000 | Q80: 60000 | R80: 0 | S80: 0 | T80: 0 | U80: 0 | V80: 0 | W80: 0 | X80: 0 | Y80: 0 | Z80: 0 | AA80: 0 | AB80: 0 | AC80: 0 | AD80: 0 | AE80: 0 | AF80: 0 | AG80: 0 | AH80: 0 | AI80: 0 | AJ80: 0 | AK80: 0 | AL80: 0 | AM80: 0 | AN80: 0 | AO80: 0 | AP80: 0 | AQ80: 0 | AR80: 0 | AS80: 0 | AT80: =+K80-R80-Y80-AF80-AM80 -> 0 | AU80: =+L80-S80-Z80-AG80-AN80 -> 0 | AV80: =+M80-T80-AA80-AH80-AO80 -> 0 | AW80: =+N80-U80-AB80-AI80-AP80 -> 60000 | AX80: =+O80-V80-AC80-AJ80-AQ80 -> 0 | AY80: =+P80-W80-AD80-AK80-AR80 -> 60000 | AZ80: =+Q80-X80-AE80-AL80-AS80 -> 60000
A81: 2026 | B81: 8324 | C81: 2 | D81: 5 | E81: 16 | F81: 3000 | G81: 3700 | H81: 371 | I81: 1 | J81: Pasajes aéreos nacionales | K81: 0 | L81: 0 | M81: 0 | N81: 60000 | O81: 0 | P81: 60000 | Q81: 60000 | R81: 0 | S81: 0 | T81: 0 | U81: 0 | V81: 0 | W81: 0 | X81: 0 | Y81: 0 | Z81: 0 | AA81: 0 | AB81: 0 | AC81: 0 | AD81: 0 | AE81: 0 | AF81: 0 | AG81: 0 | AH81: 0 | AI81: 0 | AJ81: 0 | AK81: 0 | AL81: 0 | AM81: 0 | AN81: 0 | AO81: 0 | AP81: 0 | AQ81: 0 | AR81: 0 | AS81: 0 | AT81: =+K81-R81-Y81-AF81-AM81 -> 0 | AU81: =+L81-S81-Z81-AG81-AN81 -> 0 | AV81: =+M81-T81-AA81-AH81-AO81 -> 0 | AW81: =+N81-U81-AB81-AI81-AP81 -> 60000 | AX81: =+O81-V81-AC81-AJ81-AQ81 -> 0 | AY81: =+P81-W81-AD81-AK81-AR81 -> 60000 | AZ81: =+Q81-X81-AE81-AL81-AS81 -> 60000 | BA81: 7 | BG81: =+BA81-BC81-BE81 -> 7
A82: 2026 | B82: 8324 | C82: 2 | D82: 5 | E82: 16 | F82: 3000 | G82: 3700 | H82: 372 | J82: Pasajes terrestres | K82: 0 | L82: 0 | M82: 0 | N82: 45000 | O82: 0 | P82: 45000 | Q82: 45000 | R82: 0 | S82: 0 | T82: 0 | U82: 0 | V82: 0 | W82: 0 | X82: 0 | Y82: 0 | Z82: 0 | AA82: 0 | AB82: 0 | AC82: 0 | AD82: 0 | AE82: 0 | AF82: 0 | AG82: 0 | AH82: 0 | AI82: 0 | AJ82: 0 | AK82: 0 | AL82: 0 | AM82: 0 | AN82: 0 | AO82: 0 | AP82: 0 | AQ82: 0 | AR82: 0 | AS82: 0 | AT82: =+K82-R82-Y82-AF82-AM82 -> 0 | AU82: =+L82-S82-Z82-AG82-AN82 -> 0 | AV82: =+M82-T82-AA82-AH82-AO82 -> 0 | AW82: =+N82-U82-AB82-AI82-AP82 -> 45000 | AX82: =+O82-V82-AC82-AJ82-AQ82 -> 0 | AY82: =+P82-W82-AD82-AK82-AR82 -> 45000 | AZ82: =+Q82-X82-AE82-AL82-AS82 -> 45000
A83: 2026 | B83: 8324 | C83: 2 | D83: 5 | E83: 16 | F83: 3000 | G83: 3700 | H83: 372 | I83: 1 | J83: Pasajes terrestres nacionales | K83: 0 | L83: 0 | M83: 0 | N83: 45000 | O83: 0 | P83: 45000 | Q83: 45000 | R83: 0 | S83: 0 | T83: 0 | U83: 0 | V83: 0 | W83: 0 | X83: 0 | Y83: 0 | Z83: 0 | AA83: 0 | AB83: 0 | AC83: 0 | AD83: 0 | AE83: 0 | AF83: 0 | AG83: 0 | AH83: 0 | AI83: 0 | AJ83: 0 | AK83: 0 | AL83: 0 | AM83: 0 | AN83: 0 | AO83: 0 | AP83: 0 | AQ83: 0 | AR83: 0 | AS83: 0 | AT83: =+K83-R83-Y83-AF83-AM83 -> 0 | AU83: =+L83-S83-Z83-AG83-AN83 -> 0 | AV83: =+M83-T83-AA83-AH83-AO83 -> 0 | AW83: =+N83-U83-AB83-AI83-AP83 -> 45000 | AX83: =+O83-V83-AC83-AJ83-AQ83 -> 0 | AY83: =+P83-W83-AD83-AK83-AR83 -> 45000 | AZ83: =+Q83-X83-AE83-AL83-AS83 -> 45000 | BA83: 10 | BG83: =+BA83-BC83-BE83 -> 10
A84: 2026 | B84: 8324 | C84: 2 | D84: 5 | E84: 16 | F84: 3000 | G84: 3700 | H84: 375 | J84: Viáticos en el país | K84: 0 | L84: 0 | M84: 0 | N84: 400000 | O84: 0 | P84: 400000 | Q84: 400000 | R84: 0 | S84: 0 | T84: 0 | U84: 0 | V84: 0 | W84: 0 | X84: 0 | Y84: 0 | Z84: 0 | AA84: 0 | AB84: 0 | AC84: 0 | AD84: 0 | AE84: 0 | AF84: 0 | AG84: 0 | AH84: 0 | AI84: 0 | AJ84: 0 | AK84: 0 | AL84: 0 | AM84: 0 | AN84: 0 | AO84: 0 | AP84: 0 | AQ84: 0 | AR84: 0 | AS84: 0 | AT84: =+K84-R84-Y84-AF84-AM84 -> 0 | AU84: =+L84-S84-Z84-AG84-AN84 -> 0 | AV84: =+M84-T84-AA84-AH84-AO84 -> 0 | AW84: =+N84-U84-AB84-AI84-AP84 -> 400000 | AX84: =+O84-V84-AC84-AJ84-AQ84 -> 0 | AY84: =+P84-W84-AD84-AK84-AR84 -> 400000 | AZ84: =+Q84-X84-AE84-AL84-AS84 -> 400000
A85: 2026 | B85: 8324 | C85: 2 | D85: 5 | E85: 16 | F85: 3000 | G85: 3700 | H85: 375 | I85: 1 | J85: Viáticos nacionales | K85: 0 | L85: 0 | M85: 0 | N85: 400000 | O85: 0 | P85: 400000 | Q85: 400000 | R85: 0 | S85: 0 | T85: 0 | U85: 0 | V85: 0 | W85: 0 | X85: 0 | Y85: 0 | Z85: 0 | AA85: 0 | AB85: 0 | AC85: 0 | AD85: 0 | AE85: 0 | AF85: 0 | AG85: 0 | AH85: 0 | AI85: 0 | AJ85: 0 | AK85: 0 | AL85: 0 | AM85: 0 | AN85: 0 | AO85: 0 | AP85: 0 | AQ85: 0 | AR85: 0 | AS85: 0 | AT85: =+K85-R85-Y85-AF85-AM85 -> 0 | AU85: =+L85-S85-Z85-AG85-AN85 -> 0 | AV85: =+M85-T85-AA85-AH85-AO85 -> 0 | AW85: =+N85-U85-AB85-AI85-AP85 -> 400000 | AX85: =+O85-V85-AC85-AJ85-AQ85 -> 0 | AY85: =+P85-W85-AD85-AK85-AR85 -> 400000 | AZ85: =+Q85-X85-AE85-AL85-AS85 -> 400000 | BA85: 100 | BG85: =+BA85-BC85-BE85 -> 100
A86: 2026 | B86: 8324 | C86: 2 | D86: 5 | E86: 16 | F86: 3000 | G86: 3700 | H86: 379 | J86: Otros servicios de traslado y hospedaje | K86: 0 | L86: 0 | M86: 0 | N86: 30000 | O86: 0 | P86: 30000 | Q86: 30000 | R86: 0 | S86: 0 | T86: 0 | U86: 0 | V86: 0 | W86: 0 | X86: 0 | Y86: 0 | Z86: 0 | AA86: 0 | AB86: 0 | AC86: 0 | AD86: 0 | AE86: 0 | AF86: 0 | AG86: 0 | AH86: 0 | AI86: 0 | AJ86: 0 | AK86: 0 | AL86: 0 | AM86: 0 | AN86: 0 | AO86: 0 | AP86: 0 | AQ86: 0 | AR86: 0 | AS86: 0 | AT86: =+K86-R86-Y86-AF86-AM86 -> 0 | AU86: =+L86-S86-Z86-AG86-AN86 -> 0 | AV86: =+M86-T86-AA86-AH86-AO86 -> 0 | AW86: =+N86-U86-AB86-AI86-AP86 -> 30000 | AX86: =+O86-V86-AC86-AJ86-AQ86 -> 0 | AY86: =+P86-W86-AD86-AK86-AR86 -> 30000 | AZ86: =+Q86-X86-AE86-AL86-AS86 -> 30000
A87: 2026 | B87: 8324 | C87: 2 | D87: 5 | E87: 16 | F87: 3000 | G87: 3700 | H87: 379 | I87: 1 | J87: Peajes | K87: 0 | L87: 0 | M87: 0 | N87: 30000 | O87: 0 | P87: 30000 | Q87: 30000 | R87: 0 | S87: 0 | T87: 0 | U87: 0 | V87: 0 | W87: 0 | X87: 0 | Y87: 0 | Z87: 0 | AA87: 0 | AB87: 0 | AC87: 0 | AD87: 0 | AE87: 0 | AF87: 0 | AG87: 0 | AH87: 0 | AI87: 0 | AJ87: 0 | AK87: 0 | AL87: 0 | AM87: 0 | AN87: 0 | AO87: 0 | AP87: 0 | AQ87: 0 | AR87: 0 | AS87: 0 | AT87: =+K87-R87-Y87-AF87-AM87 -> 0 | AU87: =+L87-S87-Z87-AG87-AN87 -> 0 | AV87: =+M87-T87-AA87-AH87-AO87 -> 0 | AW87: =+N87-U87-AB87-AI87-AP87 -> 30000 | AX87: =+O87-V87-AC87-AJ87-AQ87 -> 0 | AY87: =+P87-W87-AD87-AK87-AR87 -> 30000 | AZ87: =+Q87-X87-AE87-AL87-AS87 -> 30000 | BA87: 20 | BG87: =+BA87-BC87-BE87 -> 20
A88: 2026 | B88: 8324 | C88: 2 | D88: 5 | E88: 16 | F88: 3000 | G88: 3800 | J88: Servicios Oficiales | K88: 0 | L88: 0 | M88: 0 | N88: 450000 | O88: 0 | P88: 450000 | Q88: 450000 | R88: 0 | S88: 0 | T88: 0 | U88: 0 | V88: 0 | W88: 0 | X88: 0 | Y88: 0 | Z88: 0 | AA88: 0 | AB88: 0 | AC88: 0 | AD88: 0 | AE88: 0 | AF88: 0 | AG88: 0 | AH88: 0 | AI88: 0 | AJ88: 0 | AK88: 0 | AL88: 0 | AM88: 0 | AN88: 0 | AO88: 0 | AP88: 0 | AQ88: 0 | AR88: 0 | AS88: 0 | AT88: =+K88-R88-Y88-AF88-AM88 -> 0 | AU88: =+L88-S88-Z88-AG88-AN88 -> 0 | AV88: =+M88-T88-AA88-AH88-AO88 -> 0 | AW88: =+N88-U88-AB88-AI88-AP88 -> 450000 | AX88: =+O88-V88-AC88-AJ88-AQ88 -> 0 | AY88: =+P88-W88-AD88-AK88-AR88 -> 450000 | AZ88: =+Q88-X88-AE88-AL88-AS88 -> 450000
A89: 2026 | B89: 8324 | C89: 2 | D89: 5 | E89: 16 | F89: 3000 | G89: 3800 | H89: 383 | J89: Congresos y Convenciones | K89: 0 | L89: 0 | M89: 0 | N89: 450000 | O89: 0 | P89: 450000 | Q89: 450000 | R89: 0 | S89: 0 | T89: 0 | U89: 0 | V89: 0 | W89: 0 | X89: 0 | Y89: 0 | Z89: 0 | AA89: 0 | AB89: 0 | AC89: 0 | AD89: 0 | AE89: 0 | AF89: 0 | AG89: 0 | AH89: 0 | AI89: 0 | AJ89: 0 | AK89: 0 | AL89: 0 | AM89: 0 | AN89: 0 | AO89: 0 | AP89: 0 | AQ89: 0 | AR89: 0 | AS89: 0 | AT89: =+K89-R89-Y89-AF89-AM89 -> 0 | AU89: =+L89-S89-Z89-AG89-AN89 -> 0 | AV89: =+M89-T89-AA89-AH89-AO89 -> 0 | AW89: =+N89-U89-AB89-AI89-AP89 -> 450000 | AX89: =+O89-V89-AC89-AJ89-AQ89 -> 0 | AY89: =+P89-W89-AD89-AK89-AR89 -> 450000 | AZ89: =+Q89-X89-AE89-AL89-AS89 -> 450000
A90: 2026 | B90: 8324 | C90: 2 | D90: 5 | E90: 16 | F90: 3000 | G90: 3800 | H90: 383 | I90: 1 | J90: Congresos y Convenciones | K90: 0 | L90: 0 | M90: 0 | N90: 450000 | O90: 0 | P90: 450000 | Q90: 450000 | R90: 0 | S90: 0 | T90: 0 | U90: 0 | V90: 0 | W90: 0 | X90: 0 | Y90: 0 | Z90: 0 | AA90: 0 | AB90: 0 | AC90: 0 | AD90: 0 | AE90: 0 | AF90: 0 | AG90: 0 | AH90: 0 | AI90: 0 | AJ90: 0 | AK90: 0 | AL90: 0 | AM90: 0 | AN90: 0 | AO90: 0 | AP90: 0 | AQ90: 0 | AR90: 0 | AS90: 0 | AT90: =+K90-R90-Y90-AF90-AM90 -> 0 | AU90: =+L90-S90-Z90-AG90-AN90 -> 0 | AV90: =+M90-T90-AA90-AH90-AO90 -> 0 | AW90: =+N90-U90-AB90-AI90-AP90 -> 450000 | AX90: =+O90-V90-AC90-AJ90-AQ90 -> 0 | AY90: =+P90-W90-AD90-AK90-AR90 -> 450000 | AZ90: =+Q90-X90-AE90-AL90-AS90 -> 450000 | BA90: 3 | BG90: =+BA90-BC90-BE90 -> 3
A91: 2026 | B91: 8324 | C91: 2 | D91: 5 | E91: 16 | F91: 4000 | J91: Transferencias, Asignaciones, Subsidios y Otras Ayudas | K91: 0 | L91: 0 | M91: 0 | N91: 250000 | O91: 0 | P91: 250000 | Q91: 250000 | R91: 0 | S91: 0 | T91: 0 | U91: 0 | V91: 0 | W91: 0 | X91: 0 | Y91: 0 | Z91: 0 | AA91: 0 | AB91: 0 | AC91: 0 | AD91: 0 | AE91: 0 | AF91: 0 | AG91: 0 | AH91: 0 | AI91: 0 | AJ91: 0 | AK91: 0 | AL91: 0 | AM91: 0 | AN91: 0 | AO91: 0 | AP91: 0 | AQ91: 0 | AR91: 0 | AS91: 0 | AT91: =+K91-R91-Y91-AF91-AM91 -> 0 | AU91: =+L91-S91-Z91-AG91-AN91 -> 0 | AV91: =+M91-T91-AA91-AH91-AO91 -> 0 | AW91: =+N91-U91-AB91-AI91-AP91 -> 250000 | AX91: =+O91-V91-AC91-AJ91-AQ91 -> 0 | AY91: =+P91-W91-AD91-AK91-AR91 -> 250000 | AZ91: =+Q91-X91-AE91-AL91-AS91 -> 250000
A92: 2026 | B92: 8324 | C92: 2 | D92: 5 | E92: 16 | F92: 4000 | G92: 4400 | J92: Ayudas Sociales | K92: 0 | L92: 0 | M92: 0 | N92: 250000 | O92: 0 | P92: 250000 | Q92: 250000 | R92: 0 | S92: 0 | T92: 0 | U92: 0 | V92: 0 | W92: 0 | X92: 0 | Y92: 0 | Z92: 0 | AA92: 0 | AB92: 0 | AC92: 0 | AD92: 0 | AE92: 0 | AF92: 0 | AG92: 0 | AH92: 0 | AI92: 0 | AJ92: 0 | AK92: 0 | AL92: 0 | AM92: 0 | AN92: 0 | AO92: 0 | AP92: 0 | AQ92: 0 | AR92: 0 | AS92: 0 | AT92: =+K92-R92-Y92-AF92-AM92 -> 0 | AU92: =+L92-S92-Z92-AG92-AN92 -> 0 | AV92: =+M92-T92-AA92-AH92-AO92 -> 0 | AW92: =+N92-U92-AB92-AI92-AP92 -> 250000 | AX92: =+O92-V92-AC92-AJ92-AQ92 -> 0 | AY92: =+P92-W92-AD92-AK92-AR92 -> 250000 | AZ92: =+Q92-X92-AE92-AL92-AS92 -> 250000
A93: 2026 | B93: 8324 | C93: 2 | D93: 5 | E93: 16 | F93: 4000 | G93: 4400 | H93: 441 | J93: Ayudas sociales a personas | K93: 0 | L93: 0 | M93: 0 | N93: 250000 | O93: 0 | P93: 250000 | Q93: 250000 | R93: 0 | S93: 0 | T93: 0 | U93: 0 | V93: 0 | W93: 0 | X93: 0 | Y93: 0 | Z93: 0 | AA93: 0 | AB93: 0 | AC93: 0 | AD93: 0 | AE93: 0 | AF93: 0 | AG93: 0 | AH93: 0 | AI93: 0 | AJ93: 0 | AK93: 0 | AL93: 0 | AM93: 0 | AN93: 0 | AO93: 0 | AP93: 0 | AQ93: 0 | AR93: 0 | AS93: 0 | AT93: =+K93-R93-Y93-AF93-AM93 -> 0 | AU93: =+L93-S93-Z93-AG93-AN93 -> 0 | AV93: =+M93-T93-AA93-AH93-AO93 -> 0 | AW93: =+N93-U93-AB93-AI93-AP93 -> 250000 | AX93: =+O93-V93-AC93-AJ93-AQ93 -> 0 | AY93: =+P93-W93-AD93-AK93-AR93 -> 250000 | AZ93: =+Q93-X93-AE93-AL93-AS93 -> 250000
A94: 2026 | B94: 8324 | C94: 2 | D94: 5 | E94: 16 | F94: 4000 | G94: 4400 | H94: 441 | I94: 1 | J94: Gastos relacionados con actividades culturales, deportivas y de ayuda extraordinaria | K94: 0 | L94: 0 | M94: 0 | N94: 250000 | O94: 0 | P94: 250000 | Q94: 250000 | R94: 0 | S94: 0 | T94: 0 | U94: 0 | V94: 0 | W94: 0 | X94: 0 | Y94: 0 | Z94: 0 | AA94: 0 | AB94: 0 | AC94: 0 | AD94: 0 | AE94: 0 | AF94: 0 | AG94: 0 | AH94: 0 | AI94: 0 | AJ94: 0 | AK94: 0 | AL94: 0 | AM94: 0 | AN94: 0 | AO94: 0 | AP94: 0 | AQ94: 0 | AR94: 0 | AS94: 0 | AT94: =+K94-R94-Y94-AF94-AM94 -> 0 | AU94: =+L94-S94-Z94-AG94-AN94 -> 0 | AV94: =+M94-T94-AA94-AH94-AO94 -> 0 | AW94: =+N94-U94-AB94-AI94-AP94 -> 250000 | AX94: =+O94-V94-AC94-AJ94-AQ94 -> 0 | AY94: =+P94-W94-AD94-AK94-AR94 -> 250000 | AZ94: =+Q94-X94-AE94-AL94-AS94 -> 250000 | BA94: 50 | BG94: =+BA94-BC94-BE94 -> 50
A95: 2026 | B95: 8324 | C95: 2 | D95: 5 | E95: 16 | F95: 5000 | J95: Bienes Muebles, Inmuebles e Intangibles | K95: 0 | L95: 0 | M95: 0 | N95: 800000 | O95: 0 | P95: 800000 | Q95: 800000 | R95: 0 | S95: 0 | T95: 0 | U95: 0 | V95: 0 | W95: 0 | X95: 0 | Y95: 0 | Z95: 0 | AA95: 0 | AB95: 0 | AC95: 0 | AD95: 0 | AE95: 0 | AF95: 0 | AG95: 0 | AH95: 0 | AI95: 0 | AJ95: 0 | AK95: 0 | AL95: 0 | AM95: 0 | AN95: 0 | AO95: 0 | AP95: 0 | AQ95: 0 | AR95: 0 | AS95: 0 | AT95: =+K95-R95-Y95-AF95-AM95 -> 0 | AU95: =+L95-S95-Z95-AG95-AN95 -> 0 | AV95: =+M95-T95-AA95-AH95-AO95 -> 0 | AW95: =+N95-U95-AB95-AI95-AP95 -> 800000 | AX95: =+O95-V95-AC95-AJ95-AQ95 -> 0 | AY95: =+P95-W95-AD95-AK95-AR95 -> 800000 | AZ95: =+Q95-X95-AE95-AL95-AS95 -> 800000
A96: 2026 | B96: 8324 | C96: 2 | D96: 5 | E96: 16 | F96: 5000 | G96: 5100 | J96: Mobiliario y Equipo de Administración | K96: 0 | L96: 0 | M96: 0 | N96: 800000 | O96: 0 | P96: 800000 | Q96: 800000 | R96: 0 | S96: 0 | T96: 0 | U96: 0 | V96: 0 | W96: 0 | X96: 0 | Y96: 0 | Z96: 0 | AA96: 0 | AB96: 0 | AC96: 0 | AD96: 0 | AE96: 0 | AF96: 0 | AG96: 0 | AH96: 0 | AI96: 0 | AJ96: 0 | AK96: 0 | AL96: 0 | AM96: 0 | AN96: 0 | AO96: 0 | AP96: 0 | AQ96: 0 | AR96: 0 | AS96: 0 | AT96: =+K96-R96-Y96-AF96-AM96 -> 0 | AU96: =+L96-S96-Z96-AG96-AN96 -> 0 | AV96: =+M96-T96-AA96-AH96-AO96 -> 0 | AW96: =+N96-U96-AB96-AI96-AP96 -> 800000 | AX96: =+O96-V96-AC96-AJ96-AQ96 -> 0 | AY96: =+P96-W96-AD96-AK96-AR96 -> 800000 | AZ96: =+Q96-X96-AE96-AL96-AS96 -> 800000
A97: 2026 | B97: 8324 | C97: 2 | D97: 5 | E97: 16 | F97: 5000 | G97: 5100 | H97: 515 | J97: Equipo de cómputo y de tecnologías de la información | K97: 0 | L97: 0 | M97: 0 | N97: 760000 | O97: 0 | P97: 760000 | Q97: 760000 | R97: 0 | S97: 0 | T97: 0 | U97: 0 | V97: 0 | W97: 0 | X97: 0 | Y97: 0 | Z97: 0 | AA97: 0 | AB97: 0 | AC97: 0 | AD97: 0 | AE97: 0 | AF97: 0 | AG97: 0 | AH97: 0 | AI97: 0 | AJ97: 0 | AK97: 0 | AL97: 0 | AM97: 0 | AN97: 0 | AO97: 0 | AP97: 0 | AQ97: 0 | AR97: 0 | AS97: 0 | AT97: =+K97-R97-Y97-AF97-AM97 -> 0 | AU97: =+L97-S97-Z97-AG97-AN97 -> 0 | AV97: =+M97-T97-AA97-AH97-AO97 -> 0 | AW97: =+N97-U97-AB97-AI97-AP97 -> 760000 | AX97: =+O97-V97-AC97-AJ97-AQ97 -> 0 | AY97: =+P97-W97-AD97-AK97-AR97 -> 760000 | AZ97: =+Q97-X97-AE97-AL97-AS97 -> 760000
A98: 2026 | B98: 8324 | C98: 2 | D98: 5 | E98: 16 | F98: 5000 | G98: 5100 | H98: 515 | I98: 1 | J98: Equipo de cómputo y de tecnologías de la información | K98: 0 | L98: 0 | M98: 0 | N98: 760000 | O98: 0 | P98: 760000 | Q98: 760000 | R98: 0 | S98: 0 | T98: 0 | U98: 0 | V98: 0 | W98: 0 | X98: 0 | Y98: 0 | Z98: 0 | AA98: 0 | AB98: 0 | AC98: 0 | AD98: 0 | AE98: 0 | AF98: 0 | AG98: 0 | AH98: 0 | AI98: 0 | AJ98: 0 | AK98: 0 | AL98: 0 | AM98: 0 | AN98: 0 | AO98: 0 | AP98: 0 | AQ98: 0 | AR98: 0 | AS98: 0 | AT98: =+K98-R98-Y98-AF98-AM98 -> 0 | AU98: =+L98-S98-Z98-AG98-AN98 -> 0 | AV98: =+M98-T98-AA98-AH98-AO98 -> 0 | AW98: =+N98-U98-AB98-AI98-AP98 -> 760000 | AX98: =+O98-V98-AC98-AJ98-AQ98 -> 0 | AY98: =+P98-W98-AD98-AK98-AR98 -> 760000 | AZ98: =+Q98-X98-AE98-AL98-AS98 -> 760000 | BA98: 19 | BG98: =+BA98-BC98-BE98 -> 19
A99: 2026 | B99: 8324 | C99: 2 | D99: 5 | E99: 16 | F99: 5000 | G99: 5100 | H99: 519 | J99: Otros mobiliarios y equipos de administración | K99: 0 | L99: 0 | M99: 0 | N99: 40000 | O99: 0 | P99: 40000 | Q99: 40000 | R99: 0 | S99: 0 | T99: 0 | U99: 0 | V99: 0 | W99: 0 | X99: 0 | Y99: 0 | Z99: 0 | AA99: 0 | AB99: 0 | AC99: 0 | AD99: 0 | AE99: 0 | AF99: 0 | AG99: 0 | AH99: 0 | AI99: 0 | AJ99: 0 | AK99: 0 | AL99: 0 | AM99: 0 | AN99: 0 | AO99: 0 | AP99: 0 | AQ99: 0 | AR99: 0 | AS99: 0 | AT99: =+K99-R99-Y99-AF99-AM99 -> 0 | AU99: =+L99-S99-Z99-AG99-AN99 -> 0 | AV99: =+M99-T99-AA99-AH99-AO99 -> 0 | AW99: =+N99-U99-AB99-AI99-AP99 -> 40000 | AX99: =+O99-V99-AC99-AJ99-AQ99 -> 0 | AY99: =+P99-W99-AD99-AK99-AR99 -> 40000 | AZ99: =+Q99-X99-AE99-AL99-AS99 -> 40000
A100: 2026 | B100: 8324 | C100: 2 | D100: 5 | E100: 16 | F100: 5000 | G100: 5100 | H100: 519 | I100: 1 | J100: Otros mobiliarios y equipos de administración | K100: 0 | L100: 0 | M100: 0 | N100: 40000 | O100: 0 | P100: 40000 | Q100: 40000 | R100: 0 | S100: 0 | T100: 0 | U100: 0 | V100: 0 | W100: 0 | X100: 0 | Y100: 0 | Z100: 0 | AA100: 0 | AB100: 0 | AC100: 0 | AD100: 0 | AE100: 0 | AF100: 0 | AG100: 0 | AH100: 0 | AI100: 0 | AJ100: 0 | AK100: 0 | AL100: 0 | AM100: 0 | AN100: 0 | AO100: 0 | AP100: 0 | AQ100: 0 | AR100: 0 | AS100: 0 | AT100: =+K100-R100-Y100-AF100-AM100 -> 0 | AU100: =+L100-S100-Z100-AG100-AN100 -> 0 | AV100: =+M100-T100-AA100-AH100-AO100 -> 0 | AW100: =+N100-U100-AB100-AI100-AP100 -> 40000 | AX100: =+O100-V100-AC100-AJ100-AQ100 -> 0 | AY100: =+P100-W100-AD100-AK100-AR100 -> 40000 | AZ100: =+Q100-X100-AE100-AL100-AS100 -> 40000 | BA100: 2 | BG100: =+BA100-BC100-BE100 -> 2
A101: 2026 | B101: 8324 | C101: 2 | D101: 6 | J101: Fortalecimiento de las Capacidades de Investigación e Inteligencia | K101: 26189277 | L101: 0 | M101: 26189277 | N101: 14337681 | O101: 0 | P101: 14337681 | Q101: 40526958 | R101: 0 | S101: 0 | T101: 0 | U101: 0 | V101: 0 | W101: 0 | X101: 0 | Y101: 0 | Z101: 0 | AA101: 0 | AB101: 0 | AC101: 0 | AD101: 0 | AE101: 0 | AF101: 0 | AG101: 0 | AH101: 0 | AI101: 0 | AJ101: 0 | AK101: 0 | AL101: 0 | AM101: 0 | AN101: 0 | AO101: 0 | AP101: 0 | AQ101: 0 | AR101: 0 | AS101: 0 | AT101: =+K101-R101-Y101-AF101-AM101 -> 26189277 | AU101: =+L101-S101-Z101-AG101-AN101 -> 0 | AV101: =+M101-T101-AA101-AH101-AO101 -> 26189277 | AW101: =+N101-U101-AB101-AI101-AP101 -> 14337681 | AX101: =+O101-V101-AC101-AJ101-AQ101 -> 0 | AY101: =+P101-W101-AD101-AK101-AR101 -> 14337681 | AZ101: =+Q101-X101-AE101-AL101-AS101 -> 40526958
A102: 2026 | B102: 8324 | C102: 2 | D102: 6 | E102: 19 | J102: Infraestructura y Equipamiento de las Unidades de Investigación e Inteligencia en las Instituciones de Procuración de Justicia | K102: 12559407 | L102: 0 | M102: 12559407 | N102: 0 | O102: 0 | P102: 0 | Q102: 12559407 | R102: 0 | S102: 0 | T102: 0 | U102: 0 | V102: 0 | W102: 0 | X102: 0 | Y102: 0 | Z102: 0 | AA102: 0 | AB102: 0 | AC102: 0 | AD102: 0 | AE102: 0 | AF102: 0 | AG102: 0 | AH102: 0 | AI102: 0 | AJ102: 0 | AK102: 0 | AL102: 0 | AM102: 0 | AN102: 0 | AO102: 0 | AP102: 0 | AQ102: 0 | AR102: 0 | AS102: 0 | AT102: =+K102-R102-Y102-AF102-AM102 -> 12559407 | AU102: =+L102-S102-Z102-AG102-AN102 -> 0 | AV102: =+M102-T102-AA102-AH102-AO102 -> 12559407 | AW102: =+N102-U102-AB102-AI102-AP102 -> 0 | AX102: =+O102-V102-AC102-AJ102-AQ102 -> 0 | AY102: =+P102-W102-AD102-AK102-AR102 -> 0 | AZ102: =+Q102-X102-AE102-AL102-AS102 -> 12559407
A103: 2026 | B103: 8324 | C103: 2 | D103: 6 | E103: 19 | F103: 5000 | J103: Bienes Muebles, Inmuebles e Intangibles | K103: 12559407 | L103: 0 | M103: 12559407 | N103: 0 | O103: 0 | P103: 0 | Q103: 12559407 | R103: 0 | S103: 0 | T103: 0 | U103: 0 | V103: 0 | W103: 0 | X103: 0 | Y103: 0 | Z103: 0 | AA103: 0 | AB103: 0 | AC103: 0 | AD103: 0 | AE103: 0 | AF103: 0 | AG103: 0 | AH103: 0 | AI103: 0 | AJ103: 0 | AK103: 0 | AL103: 0 | AM103: 0 | AN103: 0 | AO103: 0 | AP103: 0 | AQ103: 0 | AR103: 0 | AS103: 0 | AT103: =+K103-R103-Y103-AF103-AM103 -> 12559407 | AU103: =+L103-S103-Z103-AG103-AN103 -> 0 | AV103: =+M103-T103-AA103-AH103-AO103 -> 12559407 | AW103: =+N103-U103-AB103-AI103-AP103 -> 0 | AX103: =+O103-V103-AC103-AJ103-AQ103 -> 0 | AY103: =+P103-W103-AD103-AK103-AR103 -> 0 | AZ103: =+Q103-X103-AE103-AL103-AS103 -> 12559407
...

Sheet FORMATO GENERAL FASP
C3: PROGRAMA | D3: SUBPROGRAMA | E3: CAPÍTULO | F3: Anexo Técnico Programa con Prioridad Nacional y Subprograma | G3: FINANCIAMIENTO CONJUNTO
G4: PRESUPUESTO CONVENIDO | J4: COMPROMETIDO | M4: DEVENGADO | P4: EJERCIDO | S4: RECURSOS REINTEGRADOS | V4: SALDO
G5: FEDERAL | H5: ESTATAL | I5: TOTAL | J5: FEDERAL | K5: ESTATAL | L5: TOTAL | M5: FEDERAL | N5: ESTATAL | O5: TOTAL | P5: FEDERAL | Q5: ESTATAL | R5: TOTAL | S5: FEDERAL | T5: ESTATAL | U5: TOTAL | V5: FEDERAL | W5: ESTATAL | X5: TOTAL
C6: 1 | D6: Fortalecimiento de las Instancias de Profesionalización y Formación de las y los integrantes de las Instituciones de Seguridad Pública | G6: =+G7 -> 3000000 | H6: =+H7 -> 200000 | I6: =+I7 -> 3200000 | J6: =+J7 -> 2780000 | K6: =+K7 -> 0 | L6: =+L7 -> 2780000 | M6: =+M7 -> 0 | N6: =+N7 -> 0 | ... X6: =+X7 -> 280000
D7: 1 | E7: Programas de Formación Inicial y Continua conforme al Programa Rector | G7: =+SUM(G8:G13) -> 3000000 | H7: =+SUM(H8:H13) -> 200000 | I7: =+SUM(I8:I13) -> 3200000 | J7: =+SUM(J8:J13) -> 2780000 | K7: =+SUM(K8:K13) -> 0 | L7: =+SUM(L8:L13) -> 2780000 | M7: =+SUM(M8:M13) -> 0 | N7: =+SUM(N8:N13) -> 0 | ... X7: =+SUM(X8:X13) -> 280000
E8: 1000 | F8: Servicios Personales | G8: 0 | H8: 0 | I8: =+G8+H8 -> 0 | J8: 0 | K8: 0 | L8: =+J8+K8 -> 0 | M8: 0 | N8: 0 | O8: =+M8+N8 -> 0 | P8: 0 | Q8: 0 | R8: =+P8+Q8 -> 0 | S8: 0 | T8: 0 | U8: =+S8+T8 -> 0 | V8: =+G8-J8-M8-P8-S8 -> 0 | W8: =+H8-K8-N8-Q8-T8 -> 0 | X8: =+I8-L8-O8-R8-U8 -> 0
E9: 2000 | F9: Materiales y Suministros | G9: 0 | H9: 0 | I9: =+G9+H9 -> 0 | J9: =+'[1]Formato Especifico'!AI6 -> 0 | K9: 0 | L9: =+J9+K9 -> 0 | M9: =+'[1]Formato Especifico'!AB6 -> 0 | N9: 0 | O9: =+M9+N9 -> 0 | P9: 0 | Q9: 0 | R9: =+P9+Q9 -> 0 | S9: 0 | T9: 0 | U9: =+S9+T9 -> 0 | V9: =+G9-J9-M9-P9-S9 -> 0 | W9: =+H9-K9-N9-Q9-T9 -> 0 | X9: =+I9-L9-O9-R9-U9 -> 0
E10: 3000 | F10: Servicios Generales | G10: =+'[2]FORMATO ESPECIFICO FASP'!M11 -> 3000000 | H10: =+'[2]FORMATO ESPECIFICO FASP'!P11 -> 200000 | I10: =+G10+H10 -> 3200000 | J10: =+'[2]FORMATO ESPECIFICO FASP'!AH11 -> 2780000 | K10: =+'[2]FORMATO ESPECIFICO FASP'!AK11 -> 0 | L10: =+J10+K10 -> 2780000 | M10: 0 | N10: 0 | O10: =+M10+N10 -> 0 | P10: =+'[2]FORMATO ESPECIFICO FASP'!T11 -> 140000 | Q10: =+'[2]FORMATO ESPECIFICO FASP'!W11 -> 0 | R10: =+P10+Q10 -> 140000 | S10: 0 | T10: 0 | U10: =+S10+T10 -> 0 | V10: =+G10-J10-M10-P10-S10 -> 80000 | W10: =+H10-K10-N10-Q10-T10 -> 200000 | X10: =+I10-L10-O10-R10-U10 -> 280000
E11: 4000 | F11: Transferencias, Asignaciones, Subsidios y Otras Ayudas | G11: 0 | H11: 0 | I11: =+G11+H11 -> 0 | J11: 0 | K11: 0 | L11: =+J11+K11 -> 0 | M11: 0 | N11: 0 | O11: =+M11+N11 -> 0 | P11: 0 | Q11: 0 | R11: =+P11+Q11 -> 0 | S11: 0 | T11: 0 | U11: =+S11+T11 -> 0 | V11: =+G11-J11-M11-P11-S11 -> 0 | W11: =+H11-K11-N11-Q11-T11 -> 0 | X11: =+I11-L11-O11-R11-U11 -> 0
E12: 5000 | F12: Bienes Muebles, Inmuebles e Intangibles | G12: 0 | H12: 0 | I12: =+G12+H12 -> 0 | J12: 0 | K12: 0 | L12: =+J12+K12 -> 0 | M12: 0 | N12: 0 | O12: =+M12+N12 -> 0 | P12: 0 | Q12: 0 | R12: =+P12+Q12 -> 0 | S12: 0 | T12: 0 | U12: =+S12+T12 -> 0 | V12: =+G12-J12-M12-P12-S12 -> 0 | W12: =+H12-K12-N12-Q12-T12 -> 0 | X12: =+I12-L12-O12-R12-U12 -> 0
E13: 6000 | F13: Inversión Pública | G13: 0 | H13: 0 | I13: =+G13+H13 -> 0 | J13: 0 | K13: 0 | L13: =+J13+K13 -> 0 | M13: 0 | N13: 0 | O13: =+M13+N13 -> 0 | P13: 0 | Q13: 0 | R13: =+P13+Q13 -> 0 | S13: 0 | T13: 0 | U13: =+S13+T13 -> 0 | V13: =+G13-J13-M13-P13-S13 -> 0 | W13: =+H13-K13-N13-Q13-T13 -> 0 | X13: =+I13-L13-O13-R13-U13 -> 0
C14: 2 | D14: Servicio Profesional de Carrera | G14: =+G15 -> 1500000 | H14: =+H15 -> 16786986 | I14: =+I15 -> 18286986 | J14: =+J15 -> 0 | K14: =+K15 -> 0 | L14: =+L15 -> 0 | M14: =+M15 -> 0 | N14: =+N15 -> 87753.02 | ... X14: =+X15 -> 14379898
D15: 8 | E15: Evaluaciones de Control de Confianza para las y los Integrantes de las Instituciones de Seguridad Pública | G15: =+SUM(G16:G21) -> 1500000 | H15: =+SUM(H16:H21) -> 16786986 | I15: =+SUM(I16:I21) -> 18286986 | J15: =+SUM(J16:J21) -> 0 | K15: =+SUM(K16:K21) -> 0 | L15: =+SUM(L16:L21) -> 0 | M15: =+SUM(M16:M21) -> 0 | N15: =+SUM(N16:N21) -> 87753.02 | ... X15: =+SUM(X16:X21) -> 14379898
E16: 1000 | F16: Servicios Personales | G16: 0 | H16: =+'[2]FORMATO ESPECIFICO FASP'!P19 -> 16444986 | I16: =+G16+H16 -> 16444986 | J16: =+'[2]FORMATO ESPECIFICO FASP'!AH19 -> 0 | K16: =+'[2]FORMATO ESPECIFICO FASP'!AK19 -> 0 | L16: =+J16+K16 -> 0 | M16: 0 | N16: =+'[2]FORMATO ESPECIFICO FASP'!AD19 -> 87753.02 | O16: =+M16+N16 -> 87753.02 | P16: =+'[2]FORMATO ESPECIFICO FASP'!T19 -> 0 | Q16: =+'[2]FORMATO ESPECIFICO FASP'!W19 -> 3759028.4 | R16: =+P16+Q16 -> 3759028.4 | S16: 0 | T16: 0 | U16: =+S16+T16 -> 0 | V16: =+G16-J16-M16-P16-S16 -> 0 | W16: =+H16-K16-N16-Q16-T16 -> 12598204 | X16: =+I16-L16-O16-R16-U16 -> 12598204
E17: 2000 | F17: Materiales y Suministros | G17: =+'[2]FORMATO ESPECIFICO FASP'!M23 -> 1500000 | H17: =+'[2]FORMATO ESPECIFICO FASP'!P23 -> 100000 | I17: =+G17+H17 -> 1600000 | J17: =+'[1]Formato Especifico'!AI13 -> 0 | K17: 0 | L17: =+J17+K17 -> 0 | M17: =+'[1]Formato Especifico'!AB13 -> 0 | N17: 0 | O17: =+M17+N17 -> 0 | P17: =+'[2]FORMATO ESPECIFICO FASP'!T23 -> 0 | Q17: =+'[2]FORMATO ESPECIFICO FASP'!W23 -> 50000 | R17: =+P17+Q17 -> 50000 | S17: 0 | T17: 0 | U17: =+S17+T17 -> 0 | V17: =+G17-J17-M17-P17-S17 -> 1500000 | W17: =+H17-K17-N17-Q17-T17 -> 50000 | X17: =+I17-L17-O17-R17-U17 -> 1550000
E18: 3000 | F18: Servicios Generales | G18: =+'[2]FORMATO ESPECIFICO FASP'!M32 -> 0 | H18: =+'[2]FORMATO ESPECIFICO FASP'!P32 -> 242000 | I18: =+G18+H18 -> 242000 | J18: 0 | K18: 0 | L18: =+J18+K18 -> 0 | M18: 0 | N18: 0 | O18: =+M18+N18 -> 0 | P18: =+'[2]FORMATO ESPECIFICO FASP'!T32 -> 0 | Q18: =+'[2]FORMATO ESPECIFICO FASP'!W32 -> 10305.63 | R18: =+P18+Q18 -> 10305.63 | S18: 0 | T18: 0 | U18: =+S18+T18 -> 0 | V18: =+G18-J18-M18-P18-S18 -> 0 | W18: =+H18-K18-N18-Q18-T18 -> 231694.37 | X18: =+I18-L18-O18-R18-U18 -> 231694.37
E19: 4000 | F19: Transferencias, Asignaciones, Subsidios y Otras Ayudas | G19: 0 | H19: 0 | I19: =+G19+H19 -> 0 | J19: 0 | K19: 0 | L19: =+J19+K19 -> 0 | M19: 0 | N19: 0 | O19: =+M19+N19 -> 0 | P19: 0 | Q19: 0 | R19: =+P19+Q19 -> 0 | S19: 0 | T19: 0 | U19: =+S19+T19 -> 0 | V19: =+G19-J19-M19-P19-S19 -> 0 | W19: =+H19-K19-N19-Q19-T19 -> 0 | X19: =+I19-L19-O19-R19-U19 -> 0
E20: 5000 | F20: Bienes Muebles, Inmuebles e Intangibles | G20: 0 | H20: 0 | I20: =+G20+H20 -> 0 | J20: 0 | K20: 0 | L20: =+J20+K20 -> 0 | M20: 0 | N20: 0 | O20: =+M20+N20 -> 0 | P20: 0 | Q20: 0 | R20: =+P20+Q20 -> 0 | S20: 0 | T20: 0 | U20: =+S20+T20 -> 0 | V20: =+G20-J20-M20-P20-S20 -> 0 | W20: =+H20-K20-N20-Q20-T20 -> 0 | X20: =+I20-L20-O20-R20-U20 -> 0
E21: 6000 | F21: Inversión Pública | G21: 0 | H21: 0 | I21: =+G21+H21 -> 0 | J21: 0 | K21: 0 | L21: =+J21+K21 -> 0 | M21: 0 | N21: 0 | O21: =+M21+N21 -> 0 | P21: 0 | Q21: 0 | R21: =+P21+Q21 -> 0 | S21: 0 | T21: 0 | U21: =+S21+T21 -> 0 | V21: =+G21-J21-M21-P21-S21 -> 0 | W21: =+H21-K21-N21-Q21-T21 -> 0 | X21: =+I21-L21-O21-R21-U21 -> 0
C22: 3 | D22: Fortalecimiento de las Instituciones Policiales | G22: =+G23 -> 20409396 | H22: =+H23 -> 6700000 | I22: =+I23 -> 27109396 | J22: =+J23 -> 0 | K22: =+K23 -> 0 | L22: =+L23 -> 0 | M22: =+M23 -> 0 | N22: =+N23 -> 0 | ... X22: =+X23 -> 27109396
D23: 12 | E23: Equipamiento de las Instituciones Policiales | G23: =+SUM(G24:G29) -> 20409396 | H23: =+SUM(H24:H29) -> 6700000 | I23: =+SUM(I24:I29) -> 27109396 | J23: =+SUM(J24:J29) -> 0 | K23: =+SUM(K24:K29) -> 0 | L23: =+SUM(L24:L29) -> 0 | M23: =+SUM(M24:M29) -> 0 | N23: =+SUM(N24:N29) -> 0 | ... X23: =+SUM(X24:X29) -> 27109396
E24: 1000 | F24: Servicios Personales | G24: 0 | H24: 0 | I24: =+G24+H24 -> 0 | J24: 0 | K24: 0 | L24: =+J24+K24 -> 0 | M24: 0 | N24: 0 | O24: =+M24+N24 -> 0 | P24: 0 | Q24: 0 | R24: =+P24+Q24 -> 0 | S24: 0 | T24: 0 | U24: =+S24+T24 -> 0 | V24: =+G24-J24-M24-P24-S24 -> 0 | W24: =+H24-K24-N24-Q24-T24 -> 0 | X24: =+I24-L24-O24-R24-U24 -> 0
E25: 2000 | F25: Materiales y Suministros | G25: =+'[2]FORMATO ESPECIFICO FASP'!M44 -> 20409396 | H25: =+'[2]FORMATO ESPECIFICO FASP'!P44 -> 5000000 | I25: =+G25+H25 -> 25409396 | J25: =+'[1]Formato Especifico'!AI21 -> 0 | K25: 0 | L25: =+J25+K25 -> 0 | M25: =+'[1]Formato Especifico'!AB21 -> 0 | N25: 0 | O25: =+M25+N25 -> 0 | P25: 0 | Q25: 0 | R25: =+P25+Q25 -> 0 | S25: 0 | T25: 0 | U25: =+S25+T25 -> 0 | V25: =+G25-J25-M25-P25-S25 -> 20409396 | W25: =+H25-K25-N25-Q25-T25 -> 5000000 | X25: =+I25-L25-O25-R25-U25 -> 25409396
E26: 3000 | F26: Servicios Generales | G26: 0 | H26: =+'[2]FORMATO ESPECIFICO FASP'!P48 -> 1700000 | I26: =+G26+H26 -> 1700000 | J26: 0 | K26: 0 | L26: =+J26+K26 -> 0 | M26: 0 | N26: 0 | O26: =+M26+N26 -> 0 | P26: 0 | Q26: 0 | R26: =+P26+Q26 -> 0 | S26: 0 | T26: 0 | U26: =+S26+T26 -> 0 | V26: =+G26-J26-M26-P26-S26 -> 0 | W26: =+H26-K26-N26-Q26-T26 -> 1700000 | X26: =+I26-L26-O26-R26-U26 -> 1700000
E27: 4000 | F27: Transferencias, Asignaciones, Subsidios y Otras Ayudas | G27: 0 | H27: 0 | I27: =+G27+H27 -> 0 | J27: 0 | K27: 0 | L27: =+J27+K27 -> 0 | M27: 0 | N27: 0 | O27: =+M27+N27 -> 0 | P27: 0 | Q27: 0 | R27: =+P27+Q27 -> 0 | S27: 0 | T27: 0 | U27: =+S27+T27 -> 0 | V27: =+G27-J27-M27-P27-S27 -> 0 | W27: =+H27-K27-N27-Q27-T27 -> 0 | X27: =+I27-L27-O27-R27-U27 -> 0
E28: 5000 | F28: Bienes Muebles, Inmuebles e Intangibles | G28: 0 | H28: 0 | I28: =+G28+H28 -> 0 | J28: 0 | K28: 0 | L28: =+J28+K28 -> 0 | M28: 0 | N28: 0 | O28: =+M28+N28 -> 0 | P28: 0 | Q28: 0 | R28: =+P28+Q28 -> 0 | S28: 0 | T28: 0 | U28: =+S28+T28 -> 0 | V28: =+G28-J28-M28-P28-S28 -> 0 | W28: =+H28-K28-N28-Q28-T28 -> 0 | X28: =+I28-L28-O28-R28-U28 -> 0
E29: 6000 | F29: Inversión Pública | G29: 0 | H29: 0 | I29: =+G29+H29 -> 0 | J29: 0 | K29: 0 | L29: =+J29+K29 -> 0 | M29: 0 | N29: 0 | O29: =+M29+N29 -> 0 | P29: 0 | Q29: 0 | R29: =+P29+Q29 -> 0 | S29: 0 | T29: 0 | U29: =+S29+T29 -> 0 | V29: =+G29-J29-M29-P29-S29 -> 0 | W29: =+H29-K29-N29-Q29-T29 -> 0 | X29: =+I29-L29-O29-R29-U29 -> 0
C30: 5 | D30: Pevención de la Violencia y el Delito e Implementación de la Justicia Cívica | G30: =+G31 -> 0 | H30: =+H31 -> 9828267.7 | I30: =+I31 -> 9828267.7 | J30: =+J31 -> 0 | K30: =+K31 -> 79436.8 | L30: =+L31 -> 79436.8 | M30: =+M31 -> 0 | N30: =+N31 -> 31959.03 | ... X30: =+X31 -> 8158335.5
D31: 16 | E31: Implementación de Programas Focalizados de Prevención de la Violencia y el Delito | G31: =+SUM(G32:G37) -> 0 | H31: =+SUM(H32:H37) -> 9828267.7 | I31: =+SUM(I32:I37) -> 9828267.7 | J31: =+SUM(J32:J37) -> 0 | K31: =+SUM(K32:K37) -> 79436.8 | L31: =+SUM(L32:L37) -> 79436.8 | M31: =+SUM(M32:M37) -> 0 | N31: =+SUM(N32:N37) -> 31959.03 | ... X31: =+SUM(X32:X37) -> 8158335.5
E32: 1000 | F32: Servicios Personales | G32: 0 | H32: =+'[2]FORMATO ESPECIFICO FASP'!P54 -> 6343267.7 | I32: =+G32+H32 -> 6343267.7 | J32: =+'[2]FORMATO ESPECIFICO FASP'!AH54 -> 0 | K32: =+'[2]FORMATO ESPECIFICO FASP'!AK54 -> 0 | L32: =+J32+K32 -> 0 | M32: 0 | N32: =+'[2]FORMATO ESPECIFICO FASP'!AD54 -> 31959.03 | O32: =+M32+N32 -> 31959.03 | P32: =+'[2]FORMATO ESPECIFICO FASP'!T54 -> 0 | Q32: =+'[2]FORMATO ESPECIFICO FASP'!W54 -> 1387884.1 | R32: =+P32+Q32 -> 1387884.1 | S32: 0 | T32: 0 | U32: =+S32+T32 -> 0 | V32: =+G32-J32-M32-P32-S32 -> 0 | W32: =+H32-K32-N32-Q32-T32 -> 4923424.6 | X32: =+I32-L32-O32-R32-U32 -> 4923424.6
E33: 2000 | F33: Materiales y Suministros | G33: 0 | H33: =+'[2]FORMATO ESPECIFICO FASP'!P58 -> 900000 | I33: =+G33+H33 -> 900000 | J33: =+'[2]FORMATO ESPECIFICO FASP'!AH58 -> 0 | K33: =+'[2]FORMATO ESPECIFICO FASP'!AK58 -> 0 | L33: =+J33+K33 -> 0 | M33: =+'[1]Formato Especifico'!AB29 -> 0 | N33: =+'[2]FORMATO ESPECIFICO FASP'!AD58 -> 0 | O33: =+M33+N33 -> 0 | P33: =+'[2]FORMATO ESPECIFICO FASP'!T58 -> 0 | Q33: =+'[2]FORMATO ESPECIFICO FASP'!W58 -> 98314.3 | R33: =+P33+Q33 -> 98314.3 | S33: 0 | T33: 0 | U33: =+S33+T33 -> 0 | V33: =+G33-J33-M33-P33-S33 -> 0 | W33: =+H33-K33-N33-Q33-T33 -> 801685.7 | X33: =+I33-L33-O33-R33-U33 -> 801685.7
E34: 3000 | F34: Servicios Generales | G34: 0 | H34: =+'[2]FORMATO ESPECIFICO FASP'!P75 -> 1535000 | I34: =+G34+H34 -> 1535000 | J34: =+'[2]FORMATO ESPECIFICO FASP'!AH75 -> 0 | K34: =+'[2]FORMATO ESPECIFICO FASP'!AK75 -> 0 | L34: =+J34+K34 -> 0 | M34: 0 | N34: =+'[2]FORMATO ESPECIFICO FASP'!AD75 -> 0 | O34: =+M34+N34 -> 0 | P34: =+'[2]FORMATO ESPECIFICO FASP'!T75 -> 0 | Q34: =+'[2]FORMATO ESPECIFICO FASP'!W75 -> 72338.01 | R34: =+P34+Q34 -> 72338.01 | S34: 0 | T34: 0 | U34: =+S34+T34 -> 0 | V34: =+G34-J34-M34-P34-S34 -> 0 | W34: =+H34-K34-N34-Q34-T34 -> 1462662 | X34: =+I34-L34-O34-R34-U34 -> 1462662
E35: 4000 | F35: Transferencias, Asignaciones, Subsidios y Otras Ayudas | G35: 0 | H35: =+'[2]FORMATO ESPECIFICO FASP'!P91 -> 250000 | I35: =+G35+H35 -> 250000 | J35: =+'[2]FORMATO ESPECIFICO FASP'!AH91 -> 0 | K35: =+'[2]FORMATO ESPECIFICO FASP'!AK91 -> 0 | L35: =+J35+K35 -> 0 | M35: 0 | N35: =+'[2]FORMATO ESPECIFICO FASP'!AD91 -> 0 | O35: =+M35+N35 -> 0 | P35: =+'[2]FORMATO ESPECIFICO FASP'!T91 -> 0 | Q35: =+'[2]FORMATO ESPECIFICO FASP'!W91 -> 0 | R35: =+P35+Q35 -> 0 | S35: 0 | T35: 0 | U35: =+S35+T35 -> 0 | V35: =+G35-J35-M35-P35-S35 -> 0 | W35: =+H35-K35-N35-Q35-T35 -> 250000 | X35: =+I35-L35-O35-R35-U35 -> 250000
E36: 5000 | F36: Bienes Muebles, Inmuebles e Intangibles | G36: 0 | H36: =+'[2]FORMATO ESPECIFICO FASP'!P95 -> 800000 | I36: =+G36+H36 -> 800000 | J36: =+'[2]FORMATO ESPECIFICO FASP'!AH95 -> 0 | K36: =+'[2]FORMATO ESPECIFICO FASP'!AK95 -> 79436.8 | L36: =+J36+K36 -> 79436.8 | M36: 0 | N36: =+'[2]FORMATO ESPECIFICO FASP'!AD95 -> 0 | O36: =+M36+N36 -> 0 | P36: =+'[2]FORMATO ESPECIFICO FASP'!T95 -> 0 | Q36: =+'[2]FORMATO ESPECIFICO FASP'!W95 -> 0 | R36: =+P36+Q36 -> 0 | S36: 0 | T36: 0 | U36: =+S36+T36 -> 0 | V36: =+G36-J36-M36-P36-S36 -> 0 | W36: =+H36-K36-N36-Q36-T36 -> 720563.2 | X36: =+I36-L36-O36-R36-U36 -> 720563.2
E37: 6000 | F37: Inversión Pública | G37: 0 | H37: 0 | I37: =+G37+H37 -> 0 | J37: 0 | K37: 0 | L37: =+J37+K37 -> 0 | M37: 0 | N37: 0 | O37: =+M37+N37 -> 0 | P37: 0 | Q37: 0 | R37: =+P37+Q37 -> 0 | S37: 0 | T37: 0 | U37: =+S37+T37 -> 0 | V37: =+G37-J37-M37-P37-S37 -> 0 | W37: =+H37-K37-N37-Q37-T37 -> 0 | X37: =+I37-L37-O37-R37-U37 -> 0
C38: 6 | D38: Fortalecimiento de las Capacidades de Investigación e Inteligencia | G38: =+G39+G46+G53+G60 -> 26189277 | H38: =+H39+H46+H53+H60 -> 14337681 | I38: =+I39+I46+I53+I60 -> 40526958 | J38: =+J39+J46+J53+J60 -> 0 | K38: =+K39+K46+K53+K60 -> 0 | L38: =+L39+L46+L53+L60 -> 0 | M38: =+M39+M46+M53+M60 -> 0 | N38: =+N39+N46+N53+N60 -> 51094.11 | ... X38: =+X39+X46+X53+X60 -> 37148827
D39: 19 | E39: Infraestructura y Equipamiento de las Unidades de Investigación e Inteligencia en las Instituciones de Procuración de Justiciade Justicia | G39: =+SUM(G40:G45) -> 12559407 | H39: =+SUM(H40:H45) -> 0 | I39: =+SUM(I40:I45) -> 12559407 | J39: =+SUM(J40:J45) -> 0 | K39: =+SUM(K40:K45) -> 0 | L39: =+SUM(L40:L45) -> 0 | M39: =+SUM(M40:M45) -> 0 | N39: =+SUM(N40:N45) -> 0 | ... X39: =+SUM(X40:X45) -> 12559407
E40: 1000 | F40: Servicios Personales | G40: 0 | H40: 0 | I40: =+G40+H40 -> 0 | J40: 0 | K40: 0 | L40: =+J40+K40 -> 0 | M40: 0 | N40: 0 | O40: =+M40+N40 -> 0 | P40: 0 | Q40: 0 | R40: =+P40+Q40 -> 0 | S40: 0 | T40: 0 | U40: =+S40+T40 -> 0 | V40: =+G40-J40-M40-P40-S40 -> 0 | W40: =+H40-K40-N40-Q40-T40 -> 0 | X40: =+I40-L40-O40-R40-U40 -> 0
E41: 2000 | F41: Materiales y Suministros | G41: 0 | H41: 0 | I41: =+G41+H41 -> 0 | J41: =+'[1]Formato Especifico'!AI37 -> 0 | K41: 0 | L41: =+J41+K41 -> 0 | M41: =+'[1]Formato Especifico'!AB37 -> 0 | N41: 0 | O41: =+M41+N41 -> 0 | P41: 0 | Q41: 0 | R41: =+P41+Q41 -> 0 | S41: 0 | T41: 0 | U41: =+S41+T41 -> 0 | V41: =+G41-J41-M41-P41-S41 -> 0 | W41: =+H41-K41-N41-Q41-T41 -> 0 | X41: =+I41-L41-O41-R41-U41 -> 0
E42: 3000 | F42: Servicios Generales | G42: 0 | H42: 0 | I42: =+G42+H42 -> 0 | J42: 0 | K42: 0 | L42: =+J42+K42 -> 0 | M42: 0 | N42: 0 | O42: =+M42+N42 -> 0 | P42: 0 | Q42: 0 | R42: =+P42+Q42 -> 0 | S42: 0 | T42: 0 | U42: =+S42+T42 -> 0 | V42: =+G42-J42-M42-P42-S42 -> 0 | W42: =+H42-K42-N42-Q42-T42 -> 0 | X42: =+I42-L42-O42-R42-U42 -> 0
E43: 4000 | F43: Transferencias, Asignaciones, Subsidios y Otras Ayudas | G43: 0 | H43: 0 | I43: =+G43+H43 -> 0 | J43: 0 | K43: 0 | L43: =+J43+K43 -> 0 | M43: 0 | N43: 0 | O43: =+M43+N43 -> 0 | P43: 0 | Q43: 0 | R43: =+P43+Q43 -> 0 | S43: 0 | T43: 0 | U43: =+S43+T43 -> 0 | V43: =+G43-J43-M43-P43-S43 -> 0 | W43: =+H43-K43-N43-Q43-T43 -> 0 | X43: =+I43-L43-O43-R43-U43 -> 0
E44: 5000 | F44: Bienes Muebles, Inmuebles e Intangibles | G44: =+'[2]FORMATO ESPECIFICO FASP'!M103 -> 12559407 | H44: 0 | I44: =+G44+H44 -> 12559407 | J44: 0 | K44: 0 | L44: =+J44+K44 -> 0 | M44: 0 | N44: 0 | O44: =+M44+N44 -> 0 | P44: 0 | Q44: 0 | R44: =+P44+Q44 -> 0 | S44: 0 | T44: 0 | U44: =+S44+T44 -> 0 | V44: =+G44-J44-M44-P44-S44 -> 12559407 | W44: =+H44-K44-N44-Q44-T44 -> 0 | X44: =+I44-L44-O44-R44-U44 -> 12559407
E45: 6000 | F45: Inversión Pública | G45: 0 | H45: 0 | I45: =+G45+H45 -> 0 | J45: 0 | K45: 0 | L45: =+J45+K45 -> 0 | M45: 0 | N45: 0 | O45: =+M45+N45 -> 0 | P45: 0 | Q45: 0 | R45: =+P45+Q45 -> 0 | S45: 0 | T45: 0 | U45: =+S45+T45 -> 0 | V45: =+G45-J45-M45-P45-S45 -> 0 | W45: =+H45-K45-N45-Q45-T45 -> 0 | X45: =+I45-L45-O45-R45-U45 -> 0
D46: 20 | E46: Infraestructura y Equipamiento de Áreas Especializadas | G46: =+SUM(G47:G52) -> 0 | H46: =+SUM(H47:H52) -> 3810723.4 | I46: =+SUM(I47:I52) -> 3810723.4 | J46: =+SUM(J47:J52) -> 0 | K46: =+SUM(K47:K52) -> 0 | L46: =+SUM(L47:L52) -> 0 | M46: =+SUM(M47:M52) -> 0 | N46: =+SUM(N47:N52) -> 15820.76 | ... X46: =+SUM(X47:X52) -> 2858042.5
E47: 1000 | F47: Servicios Personales | G47: 0 | H47: =+'[2]FORMATO ESPECIFICO FASP'!P112 -> 3810723.4 | I47: =+G47+H47 -> 3810723.4 | J47: 0 | K47: =+'[2]FORMATO ESPECIFICO FASP'!AK112 -> 0 | L47: =+J47+K47 -> 0 | M47: 0 | N47: =+'[2]FORMATO ESPECIFICO FASP'!AD112 -> 15820.76 | O47: =+M47+N47 -> 15820.76 | P47: 0 | Q47: =+'[2]FORMATO ESPECIFICO FASP'!W112 -> 936860.08 | R47: =+P47+Q47 -> 936860.08 | S47: 0 | T47: 0 | U47: =+S47+T47 -> 0 | V47: =+G47-J47-M47-P47-S47 -> 0 | W47: =+H47-K47-N47-Q47-T47 -> 2858042.5 | X47: =+I47-L47-O47-R47-U47 -> 2858042.5
E48: 2000 | F48: Materiales y Suministros | G48: 0 | H48: 0 | I48: =+G48+H48 -> 0 | J48: =+'[1]Formato Especifico'!AI44 -> 0 | K48: 0 | L48: =+J48+K48 -> 0 | M48: =+'[1]Formato Especifico'!AB44 -> 0 | N48: 0 | O48: =+M48+N48 -> 0 | P48: 0 | Q48: 0 | R48: =+P48+Q48 -> 0 | S48: 0 | T48: 0 | U48: =+S48+T48 -> 0 | V48: =+G48-J48-M48-P48-S48 -> 0 | W48: =+H48-K48-N48-Q48-T48 -> 0 | X48: =+I48-L48-O48-R48-U48 -> 0
E49: 3000 | F49: Servicios Generales | G49: 0 | H49: 0 | I49: =+G49+H49 -> 0 | J49: 0 | K49: 0 | L49: =+J49+K49 -> 0 | M49: 0 | N49: 0 | O49: =+M49+N49 -> 0 | P49: 0 | Q49: 0 | R49: =+P49+Q49 -> 0 | S49: 0 | T49: 0 | U49: =+S49+T49 -> 0 | V49: =+G49-J49-M49-P49-S49 -> 0 | W49: =+H49-K49-N49-Q49-T49 -> 0 | X49: =+I49-L49-O49-R49-U49 -> 0
E50: 4000 | F50: Transferencias, Asignaciones, Subsidios y Otras Ayudas | G50: 0 | H50: 0 | I50: =+G50+H50 -> 0 | J50: 0 | K50: 0 | L50: =+J50+K50 -> 0 | M50: 0 | N50: 0 | O50: =+M50+N50 -> 0 | P50: 0 | Q50: 0 | R50: =+P50+Q50 -> 0 | S50: 0 | T50: 0 | U50: =+S50+T50 -> 0 | V50: =+G50-J50-M50-P50-S50 -> 0 | W50: =+H50-K50-N50-Q50-T50 -> 0 | X50: =+I50-L50-O50-R50-U50 -> 0
E51: 5000 | F51: Bienes Muebles, Inmuebles e Intangibles | G51: 0 | H51: 0 | I51: =+G51+H51 -> 0 | J51: 0 | K51: 0 | L51: =+J51+K51 -> 0 | M51: 0 | N51: 0 | O51: =+M51+N51 -> 0 | P51: 0 | Q51: 0 | R51: =+P51+Q51 -> 0 | S51: 0 | T51: 0 | U51: =+S51+T51 -> 0 | V51: =+G51-J51-M51-P51-S51 -> 0 | W51: =+H51-K51-N51-Q51-T51 -> 0 | X51: =+I51-L51-O51-R51-U51 -> 0
E52: 6000 | F52: Inversión Pública | G52: 0 | H52: 0 | I52: =+G52+H52 -> 0 | J52: 0 | K52: 0 | L52: =+J52+K52 -> 0 | M52: 0 | N52: 0 | O52: =+M52+N52 -> 0 | P52: 0 | Q52: 0 | R52: =+P52+Q52 -> 0 | S52: 0 | T52: 0 | U52: =+S52+T52 -> 0 | V52: =+G52-J52-M52-P52-S52 -> 0 | W52: =+H52-K52-N52-Q52-T52 -> 0 | X52: =+I52-L52-O52-R52-U52 -> 0
D53: 20 | E53: Investigación Pericial y Forense | G53: =+SUM(G54:G59) -> 13629870 | H53: =+SUM(H54:H59) -> 0 | I53: =+SUM(I54:I59) -> 13629870 | J53: =+SUM(J54:J59) -> 0 | K53: =+SUM(K54:K59) -> 0 | L53: =+SUM(L54:L59) -> 0 | M53: =+SUM(M54:M59) -> 0 | N53: =+SUM(N54:N59) -> 0 | ... X53: =+SUM(X54:X59) -> 13629870
E54: 1000 | F54: Servicios Personales | G54: 0 | H54: 0 | I54: =+G54+H54 -> 0 | J54: 0 | K54: 0 | L54: =+J54+K54 -> 0 | M54: 0 | N54: 0 | O54: =+M54+N54 -> 0 | P54: 0 | Q54: 0 | R54: =+P54+Q54 -> 0 | S54: 0 | T54: 0 | U54: =+S54+T54 -> 0 | V54: =+G54-J54-M54-P54-S54 -> 0 | W54: =+H54-K54-N54-Q54-T54 -> 0 | X54: =+I54-L54-O54-R54-U54 -> 0
E55: 2000 | F55: Materiales y Suministros | G55: =+'[2]FORMATO ESPECIFICO FASP'!M117 -> 12230889 | H55: 0 | I55: =+G55+H55 -> 12230889 | J55: 0 | K55: 0 | L55: =+J55+K55 -> 0 | M55: 0 | N55: 0 | O55: =+M55+N55 -> 0 | P55: 0 | Q55: 0 | R55: =+P55+Q55 -> 0 | S55: 0 | T55: 0 | U55: =+S55+T55 -> 0 | V55: =+G55-J55-M55-P55-S55 -> 12230889 | W55: =+H55-K55-N55-Q55-T55 -> 0 | X55: =+I55-L55-O55-R55-U55 -> 12230889
E56: 3000 | F56: Servicios Generales | G56: =+'[2]FORMATO ESPECIFICO FASP'!M123 -> 1398980.9 | H56: 0 | I56: =+G56+H56 -> 1398980.9 | J56: 0 | K56: 0 | L56: =+J56+K56 -> 0 | M56: 0 | N56: 0 | O56: =+M56+N56 -> 0 | P56: 0 | Q56: 0 | R56: =+P56+Q56 -> 0 | S56: 0 | T56: 0 | U56: =+S56+T56 -> 0 | V56: =+G56-J56-M56-P56-S56 -> 1398980.9 | W56: =+H56-K56-N56-Q56-T56 -> 0 | X56: =+I56-L56-O56-R56-U56 -> 1398980.9
E57: 4000 | F57: Transferencias, Asignaciones, Subsidios y Otras Ayudas | G57: 0 | H57: 0 | I57: =+G57+H57 -> 0 | J57: 0 | K57: 0 | L57: =+J57+K57 -> 0 | M57: 0 | N57: 0 | O57: =+M57+N57 -> 0 | P57: 0 | Q57: 0 | R57: =+P57+Q57 -> 0 | S57: 0 | T57: 0 | U57: =+S57+T57 -> 0 | V57: =+G57-J57-M57-P57-S57 -> 0 | W57: =+H57-K57-N57-Q57-T57 -> 0 | X57: =+I57-L57-O57-R57-U57 -> 0
E58: 5000 | F58: Bienes Muebles, Inmuebles e Intangibles | G58: 0 | H58: 0 | I58: =+G58+H58 -> 0 | J58: 0 | K58: 0 | L58: =+J58+K58 -> 0 | M58: 0 | N58: 0 | O58: =+M58+N58 -> 0 | P58: 0 | Q58: 0 | R58: =+P58+Q58 -> 0 | S58: 0 | T58: 0 | U58: =+S58+T58 -> 0 | V58: =+G58-J58-M58-P58-S58 -> 0 | W58: =+H58-K58-N58-Q58-T58 -> 0 | X58: =+I58-L58-O58-R58-U58 -> 0
E59: 6000 | F59: Inversión Pública | G59: 0 | H59: 0 | I59: =+G59+H59 -> 0 | J59: 0 | K59: 0 | L59: =+J59+K59 -> 0 | M59: 0 | N59: 0 | O59: =+M59+N59 -> 0 | P59: 0 | Q59: 0 | R59: =+P59+Q59 -> 0 | S59: 0 | T59: 0 | U59: =+S59+T59 -> 0 | V59: =+G59-J59-M59-P59-S59 -> 0 | W59: =+H59-K59-N59-Q59-T59 -> 0 | X59: =+I59-L59-O59-R59-U59 -> 0
D60: 20 | E60: Atención a la Violencia de Género y Delitos hacia las Mujeres | G60: =+SUM(G61:G66) -> 0 | H60: =+SUM(H61:H66) -> 10526958 | I60: =+SUM(I61:I66) -> 10526958 | J60: =+SUM(J61:J66) -> 0 | K60: =+SUM(K61:K66) -> 0 | L60: =+SUM(L61:L66) -> 0 | M60: =+SUM(M61:M66) -> 0 | N60: =+SUM(N61:N66) -> 35273.35 | ... X60: =+SUM(X61:X66) -> 8101507.5
E61: 1000 | F61: Servicios Personales | G61: 0 | H61: =+'[2]FORMATO ESPECIFICO FASP'!P128 -> 9701800.1 | I61: =+G61+H61 -> 9701800.1 | J61: 0 | K61: =+'[2]FORMATO ESPECIFICO FASP'!AK128 -> 0 | L61: =+J61+K61 -> 0 | M61: 0 | N61: =+'[2]FORMATO ESPECIFICO FASP'!AD128 -> 35273.35 | O61: =+M61+N61 -> 35273.35 | P61: 0 | Q61: =+'[2]FORMATO ESPECIFICO FASP'!W128 -> 2390176.7 | R61: =+P61+Q61 -> 2390176.7 | S61: 0 | T61: 0 | U61: =+S61+T61 -> 0 | V61: =+G61-J61-M61-P61-S61 -> 0 | W61: =+H61-K61-N61-Q61-T61 -> 7276350.1 | X61: =+I61-L61-O61-R61-U61 -> 7276350.1
E62: 2000 | F62: Materiales y Suministros | G62: 0 | H62: =+'[2]FORMATO ESPECIFICO FASP'!P132 -> 44718.95 | I62: =+G62+H62 -> 44718.95 | J62: 0 | K62: 0 | L62: =+J62+K62 -> 0 | M62: 0 | N62: 0 | O62: =+M62+N62 -> 0 | P62: 0 | Q62: =+'[2]FORMATO ESPECIFICO FASP'!W132 -> 0 | R62: =+P62+Q62 -> 0 | S62: 0 | T62: 0 | U62: =+S62+T62 -> 0 | V62: =+G62-J62-M62-P62-S62 -> 0 | W62: =+H62-K62-N62-Q62-T62 -> 44718.95 | X62: =+I62-L62-O62-R62-U62 -> 44718.95
E63: 3000 | F63: Servicios Generales | G63: 0 | H63: 0 | I63: =+G63+H63 -> 0 | J63: 0 | K63: 0 | L63: =+J63+K63 -> 0 | M63: 0 | N63: 0 | O63: =+M63+N63 -> 0 | P63: 0 | Q63: 0 | R63: =+P63+Q63 -> 0 | S63: 0 | T63: 0 | U63: =+S63+T63 -> 0 | V63: =+G63-J63-M63-P63-S63 -> 0 | W63: =+H63-K63-N63-Q63-T63 -> 0 | X63: =+I63-L63-O63-R63-U63 -> 0
E64: 4000 | F64: Transferencias, Asignaciones, Subsidios y Otras Ayudas | G64: 0 | H64: 0 | I64: =+G64+H64 -> 0 | J64: 0 | K64: 0 | L64: =+J64+K64 -> 0 | M64: 0 | N64: 0 | O64: =+M64+N64 -> 0 | P64: 0 | Q64: 0 | R64: =+P64+Q64 -> 0 | S64: 0 | T64: 0 | U64: =+S64+T64 -> 0 | V64: =+G64-J64-M64-P64-S64 -> 0 | W64: =+H64-K64-N64-Q64-T64 -> 0 | X64: =+I64-L64-O64-R64-U64 -> 0
E65: 5000 | F65: Bienes Muebles, Inmuebles e Intangibles | G65: 0 | H65: =+'[2]FORMATO ESPECIFICO FASP'!P136 -> 780438.49 | I65: =+G65+H65 -> 780438.49 | J65: 0 | K65: 0 | L65: =+J65+K65 -> 0 | M65: 0 | N65: 0 | O65: =+M65+N65 -> 0 | P65: 0 | Q65: =+'[2]FORMATO ESPECIFICO FASP'!W136 -> 0 | R65: =+P65+Q65 -> 0 | S65: 0 | T65: 0 | U65: =+S65+T65 -> 0 | V65: =+G65-J65-M65-P65-S65 -> 0 | W65: =+H65-K65-N65-Q65-T65 -> 780438.49 | X65: =+I65-L65-O65-R65-U65 -> 780438.49
E66: 6000 | F66: Inversión Pública | G66: 0 | H66: 0 | I66: =+G66+H66 -> 0 | J66: 0 | K66: 0 | L66: =+J66+K66 -> 0 | M66: 0 | N66: 0 | O66: =+M66+N66 -> 0 | P66: 0 | Q66: 0 | R66: =+P66+Q66 -> 0 | S66: 0 | T66: 0 | U66: =+S66+T66 -> 0 | V66: =+G66-J66-M66-P66-S66 -> 0 | W66: =+H66-K66-N66-Q66-T66 -> 0 | X66: =+I66-L66-O66-R66-U66 -> 0
C67: 7 | D67: Fortalecimiento del Sistema Nacional de Información | G67: =+G68 -> 1744000 | H67: =+H68 -> 4692505.9 | I67: =+I68 -> 6436505.9 | J67: =+J68 -> 0 | K67: =+K68 -> 0 | L67: =+L68 -> 0 | M67: =+M68 -> 0 | N67: =+N68 -> 11353.28 | ... X67: =+X68 -> 5853150.3
D68: 21 | E68: Gestión, Administración y Mantenimiento de las Bases de Datos y de los Registros Nacionales del Sistema Nacional de Información | G68: =+SUM(G69:G74) -> 1744000 | H68: =+SUM(H69:H74) -> 4692505.9 | I68: =+SUM(I69:I74) -> 6436505.9 | J68: =+SUM(J69:J74) -> 0 | K68: =+SUM(K69:K74) -> 0 | L68: =+SUM(L69:L74) -> 0 | M68: =+SUM(M69:M74) -> 0 | N68: =+SUM(N69:N74) -> 11353.28 | ... X68: =+SUM(X69:X74) -> 5853150.3
E69: 1000 | F69: Servicios Personales | G69: 0 | H69: =+'[2]FORMATO ESPECIFICO FASP'!P152 -> 2202274.3 | I69: =+G69+H69 -> 2202274.3 | J69: 0 | K69: 0 | L69: =+J69+K69 -> 0 | M69: 0 | N69: =+'[2]FORMATO ESPECIFICO FASP'!AD152 -> 11353.28 | O69: =+M69+N69 -> 11353.28 | P69: 0 | Q69: =+'[2]FORMATO ESPECIFICO FASP'!W152 -> 490766.92 | R69: =+P69+Q69 -> 490766.92 | S69: 0 | T69: 0 | U69: =+S69+T69 -> 0 | V69: =+G69-J69-M69-P69-S69 -> 0 | W69: =+H69-K69-N69-Q69-T69 -> 1700154.1 | X69: =+I69-L69-O69-R69-U69 -> 1700154.1
E70: 2000 | F70: Materiales y Suministros | G70: 0 | H70: =+'[2]FORMATO ESPECIFICO FASP'!P156 -> 572000 | I70: =+G70+H70 -> 572000 | J70: =+'[1]Formato Especifico'!AI52 -> 0 | K70: 0 | L70: =+J70+K70 -> 0 | M70: =+'[1]Formato Especifico'!AB52 -> 0 | N70: 0 | O70: =+M70+N70 -> 0 | P70: 0 | Q70: =+'[2]FORMATO ESPECIFICO FASP'!W156 -> 40710.41 | R70: =+P70+Q70 -> 40710.41 | S70: 0 | T70: 0 | U70: =+S70+T70 -> 0 | V70: =+G70-J70-M70-P70-S70 -> 0 | W70: =+H70-K70-N70-Q70-T70 -> 531289.59 | X70: =+I70-L70-O70-R70-U70 -> 531289.59
E71: 3000 | F71: Servicios Generales | G71: 0 | H71: =+'[2]FORMATO ESPECIFICO FASP'!P175 -> 858231.57 | I71: =+G71+H71 -> 858231.57 | J71: 0 | K71: 0 | L71: =+J71+K71 -> 0 | M71: 0 | N71: 0 | O71: =+M71+N71 -> 0 | P71: 0 | Q71: =+'[2]FORMATO ESPECIFICO FASP'!W175 -> 40525 | R71: =+P71+Q71 -> 40525 | S71: 0 | T71: 0 | U71: =+S71+T71 -> 0 | V71: =+G71-J71-M71-P71-S71 -> 0 | W71: =+H71-K71-N71-Q71-T71 -> 817706.57 | X71: =+I71-L71-O71-R71-U71 -> 817706.57
E72: 4000 | F72: Transferencias, Asignaciones, Subsidios y Otras Ayudas | G72: 0 | H72: 0 | I72: =+G72+H72 -> 0 | J72: 0 | K72: 0 | L72: =+J72+K72 -> 0 | M72: 0 | N72: 0 | O72: =+M72+N72 -> 0 | P72: 0 | Q72: 0 | R72: =+P72+Q72 -> 0 | S72: 0 | T72: 0 | U72: =+S72+T72 -> 0 | V72: =+G72-J72-M72-P72-S72 -> 0 | W72: =+H72-K72-N72-Q72-T72 -> 0 | X72: =+I72-L72-O72-R72-U72 -> 0
E73: 5000 | F73: Bienes Muebles, Inmuebles e Intangibles | G73: =+'[2]FORMATO ESPECIFICO FASP'!M185 -> 1744000 | H73: =+'[2]FORMATO ESPECIFICO FASP'!P185 -> 1060000 | I73: =+G73+H73 -> 2804000 | J73: 0 | K73: 0 | L73: =+J73+K73 -> 0 | M73: 0 | N73: 0 | O73: =+M73+N73 -> 0 | P73: =+'[2]FORMATO ESPECIFICO FASP'!T185 -> 0 | Q73: =+'[2]FORMATO ESPECIFICO FASP'!W185 -> 0 | R73: =+P73+Q73 -> 0 | S73: 0 | T73: 0 | U73: =+S73+T73 -> 0 | V73: =+G73-J73-M73-P73-S73 -> 1744000 | W73: =+H73-K73-N73-Q73-T73 -> 1060000 | X73: =+I73-L73-O73-R73-U73 -> 2804000
E74: 6000 | F74: Inversión Pública | G74: 0 | H74: 0 | I74: =+G74+H74 -> 0 | J74: 0 | K74: 0 | L74: =+J74+K74 -> 0 | M74: 0 | N74: 0 | O74: =+M74+N74 -> 0 | P74: 0 | Q74: 0 | R74: =+P74+Q74 -> 0 | S74: 0 | T74: 0 | U74: =+S74+T74 -> 0 | V74: =+G74-J74-M74-P74-S74 -> 0 | W74: =+H74-K74-N74-Q74-T74 -> 0 | X74: =+I74-L74-O74-R74-U74 -> 0
C75: 8 | D75: Fortalecimiento Tecnológico y Operativo de los Centros de Comando y Control y las Instituciones de Seguridad Pública | G75: =+G76+G83+G90 -> 1.9141869e+08 | H75: =+H76+H83+H90 -> 1000000 | I75: =+I76+I83+I90 -> 1.9241869e+08 | J75: =+J76+J83+J90 -> 3550167.9 | K75: =+K76+K83+K90 -> 500000 | L75: =+L76+L83+L90 -> 4050167.9 | M75: =+M76+M83+M90 -> 0 | N75: =+N76+N83+N90 -> 0 | ... X75: =+X76+X83+X90 -> 1.8388312e+08
D76: 22 | E76: Sistemas Tecnológicos para la Atención de Emergencias y Denuncia Anónima | G76: =+SUM(G77:G82) -> 38659736 | H76: =+SUM(H77:H82) -> 1000000 | I76: =+SUM(I77:I82) -> 39659736 | J76: =+SUM(J77:J82) -> 3550167.9 | K76: =+SUM(K77:K82) -> 500000 | L76: =+SUM(L77:L82) -> 4050167.9 | M76: =+SUM(M77:M82) -> 0 | N76: =+SUM(N77:N82) -> 0 | ... X76: =+SUM(X77:X82) -> 31559400
E77: 1000 | F77: Servicios Personales | G77: 0 | H77: 0 | I77: =+G77+H77 -> 0 | J77: 0 | K77: 0 | L77: =+J77+K77 -> 0 | M77: 0 | N77: 0 | O77: =+M77+N77 -> 0 | P77: 0 | Q77: 0 | R77: =+P77+Q77 -> 0 | S77: 0 | T77: 0 | U77: =+S77+T77 -> 0 | V77: =+G77-J77-M77-P77-S77 -> 0 | W77: =+H77-K77-N77-Q77-T77 -> 0 | X77: =+I77-L77-O77-R77-U77 -> 0
E78: 2000 | F78: Materiales y Suministros | G78: 0 | H78: 0 | I78: =+G78+H78 -> 0 | J78: =+'[1]Formato Especifico'!AI59 -> 0 | K78: 0 | L78: =+J78+K78 -> 0 | M78: =+'[1]Formato Especifico'!AB59 -> 0 | N78: 0 | O78: =+M78+N78 -> 0 | P78: 0 | Q78: 0 | R78: =+P78+Q78 -> 0 | S78: 0 | T78: 0 | U78: =+S78+T78 -> 0 | V78: =+G78-J78-M78-P78-S78 -> 0 | W78: =+H78-K78-N78-Q78-T78 -> 0 | X78: =+I78-L78-O78-R78-U78 -> 0
E79: 3000 | F79: Servicios Generales | G79: =+'[2]FORMATO ESPECIFICO FASP'!M201 -> 35000336 | H79: =+'[2]FORMATO ESPECIFICO FASP'!P201 -> 1000000 | I79: =+G79+H79 -> 36000336 | J79: =+'[2]FORMATO ESPECIFICO FASP'!AH201 -> 3550167.9 | K79: =+'[2]FORMATO ESPECIFICO FASP'!AK201 -> 500000 | L79: =+J79+K79 -> 4050167.9 | M79: 0 | N79: 0 | O79: =+M79+N79 -> 0 | P79: =+'[2]FORMATO ESPECIFICO FASP'!T201 -> 3550167.9 | Q79: =+'[2]FORMATO ESPECIFICO FASP'!W201 -> 500000 | R79: =+P79+Q79 -> 4050167.9 | S79: 0 | T79: 0 | U79: =+S79+T79 -> 0 | V79: =+G79-J79-M79-P79-S79 -> 27900000 | W79: =+H79-K79-N79-Q79-T79 -> 0 | X79: =+I79-L79-O79-R79-U79 -> 27900000
E80: 4000 | F80: Transferencias, Asignaciones, Subsidios y Otras Ayudas | G80: 0 | H80: 0 | I80: =+G80+H80 -> 0 | J80: 0 | K80: 0 | L80: =+J80+K80 -> 0 | M80: 0 | N80: 0 | O80: =+M80+N80 -> 0 | P80: 0 | Q80: 0 | R80: =+P80+Q80 -> 0 | S80: 0 | T80: 0 | U80: =+S80+T80 -> 0 | V80: =+G80-J80-M80-P80-S80 -> 0 | W80: =+H80-K80-N80-Q80-T80 -> 0 | X80: =+I80-L80-O80-R80-U80 -> 0
E81: 5000 | F81: Bienes Muebles, Inmuebles e Intangibles | G81: =+'[2]FORMATO ESPECIFICO FASP'!M210 -> 3659400 | H81: 0 | I81: =+G81+H81 -> 3659400 | J81: 0 | K81: 0 | L81: =+J81+K81 -> 0 | M81: 0 | N81: 0 | O81: =+M81+N81 -> 0 | P81: 0 | Q81: 0 | R81: =+P81+Q81 -> 0 | S81: 0 | T81: 0 | U81: =+S81+T81 -> 0 | V81: =+G81-J81-M81-P81-S81 -> 3659400 | W81: =+H81-K81-N81-Q81-T81 -> 0 | X81: =+I81-L81-O81-R81-U81 -> 3659400
E82: 6000 | F82: Inversión Pública | G82: 0 | H82: 0 | I82: =+G82+H82 -> 0 | J82: 0 | K82: 0 | L82: =+J82+K82 -> 0 | M82: 0 | N82: 0 | O82: =+M82+N82 -> 0 | P82: 0 | Q82: 0 | R82: =+P82+Q82 -> 0 | S82: 0 | T82: 0 | U82: =+S82+T82 -> 0 | V82: =+G82-J82-M82-P82-S82 -> 0 | W82: =+H82-K82-N82-Q82-T82 -> 0 | X82: =+I82-L82-O82-R82-U82 -> 0
D83: 23 | E83: Actualización, Modernización y Mantenimiento de la Red Nacional de Radiocomunicación | G83: =+SUM(G84:G89) -> 58279785 | H83: =+SUM(H84:H89) -> 0 | I83: =+SUM(I84:I89) -> 58279785 | J83: =+SUM(J84:J89) -> 0 | K83: =+SUM(K84:K89) -> 0 | L83: =+SUM(L84:L89) -> 0 | M83: =+SUM(M84:M89) -> 0 | N83: =+SUM(N84:N89) -> 0 | ... X83: =+SUM(X84:X89) -> 57844543
E84: 1000 | F84: Servicios Personales | G84: 0 | H84: 0 | I84: =+G84+H84 -> 0 | J84: 0 | K84: 0 | L84: =+J84+K84 -> 0 | M84: 0 | N84: 0 | O84: =+M84+N84 -> 0 | P84: 0 | Q84: 0 | R84: =+P84+Q84 -> 0 | S84: 0 | T84: 0 | U84: =+S84+T84 -> 0 | V84: =+G84-J84-M84-P84-S84 -> 0 | W84: =+H84-K84-N84-Q84-T84 -> 0 | X84: =+I84-L84-O84-R84-U84 -> 0
E85: 2000 | F85: Materiales y Suministros | G85: 0 | H85: 0 | I85: =+G85+H85 -> 0 | J85: =+'[1]Formato Especifico'!AI67 -> 0 | K85: 0 | L85: =+J85+K85 -> 0 | M85: =+'[1]Formato Especifico'!AB67 -> 0 | N85: 0 | O85: =+M85+N85 -> 0 | P85: 0 | Q85: 0 | R85: =+P85+Q85 -> 0 | S85: 0 | T85: 0 | U85: =+S85+T85 -> 0 | V85: =+G85-J85-M85-P85-S85 -> 0 | W85: =+H85-K85-N85-Q85-T85 -> 0 | X85: =+I85-L85-O85-R85-U85 -> 0
E86: 3000 | F86: Servicios Generales | G86: =+'[2]FORMATO ESPECIFICO FASP'!M217 -> 12846400 | H86: 0 | I86: =+G86+H86 -> 12846400 | J86: 0 | K86: 0 | L86: =+J86+K86 -> 0 | M86: 0 | N86: 0 | O86: =+M86+N86 -> 0 | P86: 0 | Q86: =+'[2]FORMATO ESPECIFICO FASP'!W255 -> 435241.46 | R86: =+P86+Q86 -> 435241.46 | S86: 0 | T86: 0 | U86: =+S86+T86 -> 0 | V86: =+G86-J86-M86-P86-S86 -> 12846400 | W86: =+H86-K86-N86-Q86-T86 -> -435241.46 | X86: =+I86-L86-O86-R86-U86 -> 12411159
E87: 4000 | F87: Transferencias, Asignaciones, Subsidios y Otras Ayudas | G87: 0 | H87: 0 | I87: =+G87+H87 -> 0 | J87: 0 | K87: 0 | L87: =+J87+K87 -> 0 | M87: 0 | N87: 0 | O87: =+M87+N87 -> 0 | P87: 0 | Q87: 0 | R87: =+P87+Q87 -> 0 | S87: 0 | T87: 0 | U87: =+S87+T87 -> 0 | V87: =+G87-J87-M87-P87-S87 -> 0 | W87: =+H87-K87-N87-Q87-T87 -> 0 | X87: =+I87-L87-O87-R87-U87 -> 0
E88: 5000 | F88: Bienes Muebles, Inmuebles e Intangibles | G88: =+'[2]FORMATO ESPECIFICO FASP'!M221 -> 45433385 | H88: 0 | I88: =+G88+H88 -> 45433385 | J88: 0 | K88: 0 | L88: =+J88+K88 -> 0 | M88: 0 | N88: 0 | O88: =+M88+N88 -> 0 | P88: 0 | Q88: 0 | R88: =+P88+Q88 -> 0 | S88: 0 | T88: 0 | U88: =+S88+T88 -> 0 | V88: =+G88-J88-M88-P88-S88 -> 45433385 | W88: =+H88-K88-N88-Q88-T88 -> 0 | X88: =+I88-L88-O88-R88-U88 -> 45433385
E89: 6000 | F89: Inversión Pública | G89: 0 | H89: 0 | I89: =+G89+H89 -> 0 | J89: 0 | K89: 0 | L89: =+J89+K89 -> 0 | M89: 0 | N89: 0 | O89: =+M89+N89 -> 0 | P89: 0 | Q89: 0 | R89: =+P89+Q89 -> 0 | S89: 0 | T89: 0 | U89: =+S89+T89 -> 0 | V89: =+G89-J89-M89-P89-S89 -> 0 | W89: =+H89-K89-N89-Q89-T89 -> 0 | X89: =+I89-L89-O89-R89-U89 -> 0
D90: 24 | E90: Sistemas de Identificación Vehicular y Videovigilancia Urbana para la Seguridad Pública | G90: =+SUM(G91:G96) -> 94479172 | H90: =+SUM(H91:H96) -> 0 | I90: =+SUM(I91:I96) -> 94479172 | J90: =+SUM(J91:J96) -> 0 | K90: =+SUM(K91:K96) -> 0 | L90: =+SUM(L91:L96) -> 0 | M90: =+SUM(M91:M96) -> 0 | N90: =+SUM(N91:N96) -> 0 | ... X90: =+SUM(X91:X96) -> 94479172
E91: 1000 | F91: Servicios Personales | G91: 0 | H91: 0 | I91: =+G91+H91 -> 0 | J91: 0 | K91: 0 | L91: =+J91+K91 -> 0 | M91: 0 | N91: 0 | O91: =+M91+N91 -> 0 | P91: 0 | Q91: 0 | R91: =+P91+Q91 -> 0 | S91: 0 | T91: 0 | U91: =+S91+T91 -> 0 | V91: =+G91-J91-M91-P91-S91 -> 0 | W91: =+H91-K91-N91-Q91-T91 -> 0 | X91: =+I91-L91-O91-R91-U91 -> 0
E92: 2000 | F92: Materiales y Suministros | G92: 0 | H92: 0 | I92: =+G92+H92 -> 0 | J92: =+'[1]Formato Especifico'!AI74 -> 0 | K92: 0 | L92: =+J92+K92 -> 0 | M92: =+'[1]Formato Especifico'!AB74 -> 0 | N92: 0 | O92: =+M92+N92 -> 0 | P92: 0 | Q92: 0 | R92: =+P92+Q92 -> 0 | S92: 0 | T92: 0 | U92: =+S92+T92 -> 0 | V92: =+G92-J92-M92-P92-S92 -> 0 | W92: =+H92-K92-N92-Q92-T92 -> 0 | X92: =+I92-L92-O92-R92-U92 -> 0
E93: 3000 | F93: Servicios Generales | G93: =+'[2]FORMATO ESPECIFICO FASP'!M231 -> 83230763 | H93: 0 | I93: =+G93+H93 -> 83230763 | J93: 0 | K93: 0 | L93: =+J93+K93 -> 0 | M93: 0 | N93: 0 | O93: =+M93+N93 -> 0 | P93: 0 | Q93: 0 | R93: =+P93+Q93 -> 0 | S93: 0 | T93: 0 | U93: =+S93+T93 -> 0 | V93: =+G93-J93-M93-P93-S93 -> 83230763 | W93: =+H93-K93-N93-Q93-T93 -> 0 | X93: =+I93-L93-O93-R93-U93 -> 83230763
E94: 4000 | F94: Transferencias, Asignaciones, Subsidios y Otras Ayudas | G94: 0 | H94: 0 | I94: =+G94+H94 -> 0 | J94: 0 | K94: 0 | L94: =+J94+K94 -> 0 | M94: 0 | N94: 0 | O94: =+M94+N94 -> 0 | P94: 0 | Q94: 0 | R94: =+P94+Q94 -> 0 | S94: 0 | T94: 0 | U94: =+S94+T94 -> 0 | V94: =+G94-J94-M94-P94-S94 -> 0 | W94: =+H94-K94-N94-Q94-T94 -> 0 | X94: =+I94-L94-O94-R94-U94 -> 0
E95: 5000 | F95: Bienes Muebles, Inmuebles e Intangibles | G95: =+'[2]FORMATO ESPECIFICO FASP'!M240 -> 11248409 | H95: 0 | I95: =+G95+H95 -> 11248409 | J95: 0 | K95: 0 | L95: =+J95+K95 -> 0 | M95: 0 | N95: 0 | O95: =+M95+N95 -> 0 | P95: 0 | Q95: 0 | R95: =+P95+Q95 -> 0 | S95: 0 | T95: 0 | U95: =+S95+T95 -> 0 | V95: =+G95-J95-M95-P95-S95 -> 11248409 | W95: =+H95-K95-N95-Q95-T95 -> 0 | X95: =+I95-L95-O95-R95-U95 -> 11248409
E96: 6000 | F96: Inversión Pública | G96: 0 | H96: 0 | I96: =+G96+H96 -> 0 | J96: 0 | K96: 0 | L96: =+J96+K96 -> 0 | M96: 0 | N96: 0 | O96: =+M96+N96 -> 0 | P96: 0 | Q96: 0 | R96: =+P96+Q96 -> 0 | S96: 0 | T96: 0 | U96: =+S96+T96 -> 0 | V96: =+G96-J96-M96-P96-S96 -> 0 | W96: =+H96-K96-N96-Q96-T96 -> 0 | X96: =+I96-L96-O96-R96-U96 -> 0
C97: 9 | D97: Modernización de las Instancias Estatales del Registro Público Vehicular (REPUVE) | G97: =+G98+G105 -> 5124038.1 | H97: =+H98+H105 -> 1769545.2 | I97: =+I98+I105 -> 6893583.3 | J97: =+J98+J105 -> 0 | K97: =+K98+K105 -> 0 | L97: =+L98+L105 -> 0 | M97: =+M98+M105 -> 0 | N97: =+N98+N105 -> 7144.54 | ... X97: =+X98+X105 -> 6886438.8
D98: 25 | E98: Actualización y Modernización de Equipo Tecnológico de los Módulos de Inscripción Vehicular (MIV) en las Entidades Federativas | G98: =+SUM(G99:G104) -> 0 | H98: =+SUM(H99:H104) -> 1769545.2 | I98: =+SUM(I99:I104) -> 1769545.2 | J98: =+SUM(J99:J104) -> 0 | K98: =+SUM(K99:K104) -> 0 | L98: =+SUM(L99:L104) -> 0 | M98: =+SUM(M99:M104) -> 0 | N98: =+SUM(N99:N104) -> 7144.54 | ... X98: =+SUM(X99:X104) -> 1762400.7
E99: 1000 | F99: Servicios Personales | G99: 0 | H99: =+'[2]FORMATO ESPECIFICO FASP'!P254 -> 1769545.2 | I99: =+G99+H99 -> 1769545.2 | J99: 0 | K99: 0 | L99: =+J99+K99 -> 0 | M99: 0 | N99: =+'[2]FORMATO ESPECIFICO FASP'!AD254 -> 7144.54 | O99: =+M99+N99 -> 7144.54 | P99: 0 | Q99: 0 | R99: =+P99+Q99 -> 0 | S99: 0 | T99: 0 | U99: =+S99+T99 -> 0 | V99: =+G99-J99-M99-P99-S99 -> 0 | W99: =+H99-K99-N99-Q99-T99 -> 1762400.7 | X99: =+I99-L99-O99-R99-U99 -> 1762400.7
E100: 2000 | F100: Materiales y Suministros | G100: 0 | H100: 0 | I100: =+G100+H100 -> 0 | J100: =+'[1]Formato Especifico'!AI82 -> 0 | K100: 0 | L100: =+J100+K100 -> 0 | M100: =+'[1]Formato Especifico'!AB82 -> 0 | N100: 0 | O100: =+M100+N100 -> 0 | P100: 0 | Q100: 0 | R100: =+P100+Q100 -> 0 | S100: 0 | T100: 0 | U100: =+S100+T100 -> 0 | V100: =+G100-J100-M100-P100-S100 -> 0 | W100: =+H100-K100-N100-Q100-T100 -> 0 | X100: =+I100-L100-O100-R100-U100 -> 0
E101: 3000 | F101: Servicios Generales | G101: 0 | H101: 0 | I101: =+G101+H101 -> 0 | J101: 0 | K101: 0 | L101: =+J101+K101 -> 0 | M101: 0 | N101: 0 | O101: =+M101+N101 -> 0 | P101: 0 | Q101: 0 | R101: =+P101+Q101 -> 0 | S101: 0 | T101: 0 | U101: =+S101+T101 -> 0 | V101: =+G101-J101-M101-P101-S101 -> 0 | W101: =+H101-K101-N101-Q101-T101 -> 0 | X101: =+I101-L101-O101-R101-U101 -> 0
E102: 4000 | F102: Transferencias, Asignaciones, Subsidios y Otras Ayudas | G102: 0 | H102: 0 | I102: =+G102+H102 -> 0 | J102: 0 | K102: 0 | L102: =+J102+K102 -> 0 | M102: 0 | N102: 0 | O102: =+M102+N102 -> 0 | P102: 0 | Q102: 0 | R102: =+P102+Q102 -> 0 | S102: 0 | T102: 0 | U102: =+S102+T102 -> 0 | V102: =+G102-J102-M102-P102-S102 -> 0 | W102: =+H102-K102-N102-Q102-T102 -> 0 | X102: =+I102-L102-O102-R102-U102 -> 0
...

Sheet FORMATO GENERAL FOFISP
C3: PROGRAMA | D3: SUBPROGRAMA | E3: CAPÍTULO | F3: Anexo Técnico Programa con Prioridad Nacional y Subprograma | G3: FINANCIAMIENTO CONJUNTO
G4: PRESUPUESTO CONVENIDO | J4: COMPROMETIDO | M4: DEVENGADO | P4: EJERCIDO | S4: RECURSOS REINTEGRADOS | V4: SALDO
G5: FEDERAL | H5: ESTATAL | I5: TOTAL | J5: FEDERAL | K5: ESTATAL | L5: TOTAL | M5: FEDERAL | N5: ESTATAL | O5: TOTAL | P5: FEDERAL | Q5: ESTATAL | R5: TOTAL | S5: FEDERAL | T5: ESTATAL | U5: TOTAL | V5: FEDERAL | W5: ESTATAL | X5: TOTAL
C6: 1 | D6: Fortalecimiento de las Instancias de Profesionalización y Formación de las y los integrantes de las Instituciones de Seguridad Pública | G6: =+G7 -> 3178000 | H6: =+H7 -> 2850000 | I6: =+I7 -> 6028000 | J6: =+J7 -> 0 | K6: =+K7 -> 0 | L6: =+L7 -> 0 | M6: =+M7 -> 0 | N6: =+N7 -> 0 | ... X6: =+X7 -> 6028000
D7: 1 | E7: Programas de Formación Inicial y Continua conforme al Programa Rector | G7: =+SUM(G8:G13) -> 3178000 | H7: =+SUM(H8:H13) -> 2850000 | I7: =+SUM(I8:I13) -> 6028000 | J7: =+SUM(J8:J13) -> 0 | K7: =+SUM(K8:K13) -> 0 | L7: =+SUM(L8:L13) -> 0 | M7: =+SUM(M8:M13) -> 0 | N7: =+SUM(N8:N13) -> 0 | ... X7: =+SUM(X8:X13) -> 6028000
E8: 1000 | F8: Servicios Personales | G8: 0 | H8: 0 | I8: =+G8+H8 -> 0 | J8: 0 | K8: 0 | L8: =+J8+K8 -> 0 | M8: 0 | N8: 0 | O8: =+M8+N8 -> 0 | P8: 0 | Q8: 0 | R8: =+P8+Q8 -> 0 | S8: 0 | T8: 0 | U8: =+S8+T8 -> 0 | V8: =+G8-J8-M8-P8-S8 -> 0 | W8: =+H8-K8-N8-Q8-T8 -> 0 | X8: =+I8-L8-O8-R8-U8 -> 0
E9: 2000 | F9: Materiales y Suministros | G9: 0 | H9: 0 | I9: =+G9+H9 -> 0 | J9: =+'[1]Formato Especifico'!AI6 -> 0 | K9: 0 | L9: =+J9+K9 -> 0 | M9: =+'[1]Formato Especifico'!AB6 -> 0 | N9: 0 | O9: =+M9+N9 -> 0 | P9: 0 | Q9: 0 | R9: =+P9+Q9 -> 0 | S9: 0 | T9: 0 | U9: =+S9+T9 -> 0 | V9: =+G9-J9-M9-P9-S9 -> 0 | W9: =+H9-K9-N9-Q9-T9 -> 0 | X9: =+I9-L9-O9-R9-U9 -> 0
E10: 3000 | F10: Servicios Generales | G10: =+'FORMATO ESPECIFICO FOFISP'!M11 -> 3178000 | H10: =+'FORMATO ESPECIFICO FOFISP'!P11 -> 2850000 | I10: =+G10+H10 -> 6028000 | J10: 0 | K10: 0 | L10: =+J10+K10 -> 0 | M10: 0 | N10: 0 | O10: =+M10+N10 -> 0 | P10: 0 | Q10: 0 | R10: =+P10+Q10 -> 0 | S10: 0 | T10: 0 | U10: =+S10+T10 -> 0 | V10: =+G10-J10-M10-P10-S10 -> 3178000 | W10: =+H10-K10-N10-Q10-T10 -> 2850000 | X10: =+I10-L10-O10-R10-U10 -> 6028000
E11: 4000 | F11: Transferencias, Asignaciones, Subsidios y Otras Ayudas | G11: 0 | H11: 0 | I11: =+G11+H11 -> 0 | J11: 0 | K11: 0 | L11: =+J11+K11 -> 0 | M11: 0 | N11: 0 | O11: =+M11+N11 -> 0 | P11: 0 | Q11: 0 | R11: =+P11+Q11 -> 0 | S11: 0 | T11: 0 | U11: =+S11+T11 -> 0 | V11: =+G11-J11-M11-P11-S11 -> 0 | W11: =+H11-K11-N11-Q11-T11 -> 0 | X11: =+I11-L11-O11-R11-U11 -> 0
E12: 5000 | F12: Bienes Muebles, Inmuebles e Intangibles | G12: 0 | H12: 0 | I12: =+G12+H12 -> 0 | J12: 0 | K12: 0 | L12: =+J12+K12 -> 0 | M12: 0 | N12: 0 | O12: =+M12+N12 -> 0 | P12: 0 | Q12: 0 | R12: =+P12+Q12 -> 0 | S12: 0 | T12: 0 | U12: =+S12+T12 -> 0 | V12: =+G12-J12-M12-P12-S12 -> 0 | W12: =+H12-K12-N12-Q12-T12 -> 0 | X12: =+I12-L12-O12-R12-U12 -> 0
E13: 6000 | F13: Inversión Pública | G13: 0 | H13: 0 | I13: =+G13+H13 -> 0 | J13: 0 | K13: 0 | L13: =+J13+K13 -> 0 | M13: 0 | N13: 0 | O13: =+M13+N13 -> 0 | P13: 0 | Q13: 0 | R13: =+P13+Q13 -> 0 | S13: 0 | T13: 0 | U13: =+S13+T13 -> 0 | V13: =+G13-J13-M13-P13-S13 -> 0 | W13: =+H13-K13-N13-Q13-T13 -> 0 | X13: =+I13-L13-O13-R13-U13 -> 0
C14: 2 | D14: Servicio Profesional de Carrera | G14: =+G15 -> 1500000 | H14: =+H15 -> 16786986 | I14: =+I15 -> 18286986 | J14: =+J15 -> 0 | K14: =+K15 -> 0 | L14: =+L15 -> 0 | M14: =+M15 -> 0 | N14: =+N15 -> 0 | ... X14: =+X15 -> 18286986
D15: 8 | E15: Evaluaciones de Control de Confianza para las y los Integrantes de las Instituciones de Seguridad Pública | G15: =+SUM(G16:G21) -> 1500000 | H15: =+SUM(H16:H21) -> 16786986 | I15: =+SUM(I16:I21) -> 18286986 | J15: =+SUM(J16:J21) -> 0 | K15: =+SUM(K16:K21) -> 0 | L15: =+SUM(L16:L21) -> 0 | M15: =+SUM(M16:M21) -> 0 | N15: =+SUM(N16:N21) -> 0 | ... X15: =+SUM(X16:X21) -> 18286986
E16: 1000 | F16: Servicios Personales | G16: 0 | H16: =+'FORMATO ESPECIFICO FOFISP'!P19 -> 16444986 | I16: =+G16+H16 -> 16444986 | J16: 0 | K16: 0 | L16: =+J16+K16 -> 0 | M16: 0 | N16: 0 | O16: =+M16+N16 -> 0 | P16: 0 | Q16: 0 | R16: =+P16+Q16 -> 0 | S16: 0 | T16: 0 | U16: =+S16+T16 -> 0 | V16: =+G16-J16-M16-P16-S16 -> 0 | W16: =+H16-K16-N16-Q16-T16 -> 16444986 | X16: =+I16-L16-O16-R16-U16 -> 16444986
E17: 2000 | F17: Materiales y Suministros | G17: =+'FORMATO ESPECIFICO FOFISP'!M23 -> 1500000 | H17: =+'FORMATO ESPECIFICO FOFISP'!P23 -> 100000 | I17: =+G17+H17 -> 1600000 | J17: =+'[1]Formato Especifico'!AI13 -> 0 | K17: 0 | L17: =+J17+K17 -> 0 | M17: =+'[1]Formato Especifico'!AB13 -> 0 | N17: 0 | O17: =+M17+N17 -> 0 | P17: 0 | Q17: 0 | R17: =+P17+Q17 -> 0 | S17: 0 | T17: 0 | U17: =+S17+T17 -> 0 | V17: =+G17-J17-M17-P17-S17 -> 1500000 | W17: =+H17-K17-N17-Q17-T17 -> 100000 | X17: =+I17-L17-O17-R17-U17 -> 1600000
E18: 3000 | F18: Servicios Generales | G18: =+'FORMATO ESPECIFICO FOFISP'!M32 -> 0 | H18: =+'FORMATO ESPECIFICO FOFISP'!P32 -> 242000 | I18: =+G18+H18 -> 242000 | J18: 0 | K18: 0 | L18: =+J18+K18 -> 0 | M18: 0 | N18: 0 | O18: =+M18+N18 -> 0 | P18: 0 | Q18: 0 | R18: =+P18+Q18 -> 0 | S18: 0 | T18: 0 | U18: =+S18+T18 -> 0 | V18: =+G18-J18-M18-P18-S18 -> 0 | W18: =+H18-K18-N18-Q18-T18 -> 242000 | X18: =+I18-L18-O18-R18-U18 -> 242000
E19: 4000 | F19: Transferencias, Asignaciones, Subsidios y Otras Ayudas | G19: 0 | H19: 0 | I19: =+G19+H19 -> 0 | J19: 0 | K19: 0 | L19: =+J19+K19 -> 0 | M19: 0 | N19: 0 | O19: =+M19+N19 -> 0 | P19: 0 | Q19: 0 | R19: =+P19+Q19 -> 0 | S19: 0 | T19: 0 | U19: =+S19+T19 -> 0 | V19: =+G19-J19-M19-P19-S19 -> 0 | W19: =+H19-K19-N19-Q19-T19 -> 0 | X19: =+I19-L19-O19-R19-U19 -> 0
E20: 5000 | F20: Bienes Muebles, Inmuebles e Intangibles | G20: 0 | H20: 0 | I20: =+G20+H20 -> 0 | J20: 0 | K20: 0 | L20: =+J20+K20 -> 0 | M20: 0 | N20: 0 | O20: =+M20+N20 -> 0 | P20: 0 | Q20: 0 | R20: =+P20+Q20 -> 0 | S20: 0 | T20: 0 | U20: =+S20+T20 -> 0 | V20: =+G20-J20-M20-P20-S20 -> 0 | W20: =+H20-K20-N20-Q20-T20 -> 0 | X20: =+I20-L20-O20-R20-U20 -> 0
E21: 6000 | F21: Inversión Pública | G21: 0 | H21: 0 | I21: =+G21+H21 -> 0 | J21: 0 | K21: 0 | L21: =+J21+K21 -> 0 | M21: 0 | N21: 0 | O21: =+M21+N21 -> 0 | P21: 0 | Q21: 0 | R21: =+P21+Q21 -> 0 | S21: 0 | T21: 0 | U21: =+S21+T21 -> 0 | V21: =+G21-J21-M21-P21-S21 -> 0 | W21: =+H21-K21-N21-Q21-T21 -> 0 | X21: =+I21-L21-O21-R21-U21 -> 0
C22: 3 | D22: Fortalecimiento de las Instituciones Policiales | G22: =+G23 -> 20409396 | H22: =+H23 -> 6700000 | I22: =+I23 -> 27109396 | J22: =+J23 -> 0 | K22: =+K23 -> 0 | L22: =+L23 -> 0 | M22: =+M23 -> 0 | N22: =+N23 -> 0 | ... X22: =+X23 -> 27109396
D23: 12 | E23: Equipamiento de las Instituciones Policiales | G23: =+SUM(G24:G29) -> 20409396 | H23: =+SUM(H24:H29) -> 6700000 | I23: =+SUM(I24:I29) -> 27109396 | J23: =+SUM(J24:J29) -> 0 | K23: =+SUM(K24:K29) -> 0 | L23: =+SUM(L24:L29) -> 0 | M23: =+SUM(M24:M29) -> 0 | N23: =+SUM(N24:N29) -> 0 | ... X23: =+SUM(X24:X29) -> 27109396
E24: 1000 | F24: Servicios Personales | G24: 0 | H24: 0 | I24: =+G24+H24 -> 0 | J24: 0 | K24: 0 | L24: =+J24+K24 -> 0 | M24: 0 | N24: 0 | O24: =+M24+N24 -> 0 | P24: 0 | Q24: 0 | R24: =+P24+Q24 -> 0 | S24: 0 | T24: 0 | U24: =+S24+T24 -> 0 | V24: =+G24-J24-M24-P24-S24 -> 0 | W24: =+H24-K24-N24-Q24-T24 -> 0 | X24: =+I24-L24-O24-R24-U24 -> 0
E25: 2000 | F25: Materiales y Suministros | G25: =+'FORMATO ESPECIFICO FOFISP'!M44 -> 20409396 | H25: =+'FORMATO ESPECIFICO FOFISP'!P44 -> 5000000 | I25: =+G25+H25 -> 25409396 | J25: =+'[1]Formato Especifico'!AI21 -> 0 | K25: 0 | L25: =+J25+K25 -> 0 | M25: =+'[1]Formato Especifico'!AB21 -> 0 | N25: 0 | O25: =+M25+N25 -> 0 | P25: 0 | Q25: 0 | R25: =+P25+Q25 -> 0 | S25: 0 | T25: 0 | U25: =+S25+T25 -> 0 | V25: =+G25-J25-M25-P25-S25 -> 20409396 | W25: =+H25-K25-N25-Q25-T25 -> 5000000 | X25: =+I25-L25-O25-R25-U25 -> 25409396
E26: 3000 | F26: Servicios Generales | G26: 0 | H26: =+'FORMATO ESPECIFICO FOFISP'!P48 -> 1700000 | I26: =+G26+H26 -> 1700000 | J26: 0 | K26: 0 | L26: =+J26+K26 -> 0 | M26: 0 | N26: 0 | O26: =+M26+N26 -> 0 | P26: 0 | Q26: 0 | R26: =+P26+Q26 -> 0 | S26: 0 | T26: 0 | U26: =+S26+T26 -> 0 | V26: =+G26-J26-M26-P26-S26 -> 0 | W26: =+H26-K26-N26-Q26-T26 -> 1700000 | X26: =+I26-L26-O26-R26-U26 -> 1700000
E27: 4000 | F27: Transferencias, Asignaciones, Subsidios y Otras Ayudas | G27: 0 | H27: 0 | I27: =+G27+H27 -> 0 | J27: 0 | K27: 0 | L27: =+J27+K27 -> 0 | M27: 0 | N27: 0 | O27: =+M27+N27 -> 0 | P27: 0 | Q27: 0 | R27: =+P27+Q27 -> 0 | S27: 0 | T27: 0 | U27: =+S27+T27 -> 0 | V27: =+G27-J27-M27-P27-S27 -> 0 | W27: =+H27-K27-N27-Q27-T27 -> 0 | X27: =+I27-L27-O27-R27-U27 -> 0
E28: 5000 | F28: Bienes Muebles, Inmuebles e Intangibles | G28: 0 | H28: 0 | I28: =+G28+H28 -> 0 | J28: 0 | K28: 0 | L28: =+J28+K28 -> 0 | M28: 0 | N28: 0 | O28: =+M28+N28 -> 0 | P28: 0 | Q28: 0 | R28: =+P28+Q28 -> 0 | S28: 0 | T28: 0 | U28: =+S28+T28 -> 0 | V28: =+G28-J28-M28-P28-S28 -> 0 | W28: =+H28-K28-N28-Q28-T28 -> 0 | X28: =+I28-L28-O28-R28-U28 -> 0
E29: 6000 | F29: Inversión Pública | G29: 0 | H29: 0 | I29: =+G29+H29 -> 0 | J29: 0 | K29: 0 | L29: =+J29+K29 -> 0 | M29: 0 | N29: 0 | O29: =+M29+N29 -> 0 | P29: 0 | Q29: 0 | R29: =+P29+Q29 -> 0 | S29: 0 | T29: 0 | U29: =+S29+T29 -> 0 | V29: =+G29-J29-M29-P29-S29 -> 0 | W29: =+H29-K29-N29-Q29-T29 -> 0 | X29: =+I29-L29-O29-R29-U29 -> 0
C30: 5 | D30: Pevención de la Violencia y el Delito e Implementación de la Justicia Cívica | G30: =+G31 -> 0 | H30: =+H31 -> 9828267.7 | I30: =+I31 -> 9828267.7 | J30: =+J31 -> 0 | K30: =+K31 -> 0 | L30: =+L31 -> 0 | M30: =+M31 -> 0 | N30: =+N31 -> 0 | ... X30: =+X31 -> 9828267.7
D31: 16 | E31: Implementación de Programas Focalizados de Prevención de la Violencia y el Delito | G31: =+SUM(G32:G37) -> 0 | H31: =+SUM(H32:H37) -> 9828267.7 | I31: =+SUM(I32:I37) -> 9828267.7 | J31: =+SUM(J32:J37) -> 0 | K31: =+SUM(K32:K37) -> 0 | L31: =+SUM(L32:L37) -> 0 | M31: =+SUM(M32:M37) -> 0 | N31: =+SUM(N32:N37) -> 0 | ... X31: =+SUM(X32:X37) -> 9828267.7
E32: 1000 | F32: Servicios Personales | G32: 0 | H32: =+'FORMATO ESPECIFICO FOFISP'!P54 -> 6343267.7 | I32: =+G32+H32 -> 6343267.7 | J32: 0 | K32: 0 | L32: =+J32+K32 -> 0 | M32: 0 | N32: 0 | O32: =+M32+N32 -> 0 | P32: 0 | Q32: 0 | R32: =+P32+Q32 -> 0 | S32: 0 | T32: 0 | U32: =+S32+T32 -> 0 | V32: =+G32-J32-M32-P32-S32 -> 0 | W32: =+H32-K32-N32-Q32-T32 -> 6343267.7 | X32: =+I32-L32-O32-R32-U32 -> 6343267.7
E33: 2000 | F33: Materiales y Suministros | G33: 0 | H33: =+'FORMATO ESPECIFICO FOFISP'!P58 -> 900000 | I33: =+G33+H33 -> 900000 | J33: =+'[1]Formato Especifico'!AI29 -> 0 | K33: 0 | L33: =+J33+K33 -> 0 | M33: =+'[1]Formato Especifico'!AB29 -> 0 | N33: 0 | O33: =+M33+N33 -> 0 | P33: 0 | Q33: 0 | R33: =+P33+Q33 -> 0 | S33: 0 | T33: 0 | U33: =+S33+T33 -> 0 | V33: =+G33-J33-M33-P33-S33 -> 0 | W33: =+H33-K33-N33-Q33-T33 -> 900000 | X33: =+I33-L33-O33-R33-U33 -> 900000
E34: 3000 | F34: Servicios Generales | G34: 0 | H34: =+'FORMATO ESPECIFICO FOFISP'!P75 -> 1535000 | I34: =+G34+H34 -> 1535000 | J34: 0 | K34: 0 | L34: =+J34+K34 -> 0 | M34: 0 | N34: 0 | O34: =+M34+N34 -> 0 | P34: 0 | Q34: 0 | R34: =+P34+Q34 -> 0 | S34: 0 | T34: 0 | U34: =+S34+T34 -> 0 | V34: =+G34-J34-M34-P34-S34 -> 0 | W34: =+H34-K34-N34-Q34-T34 -> 1535000 | X34: =+I34-L34-O34-R34-U34 -> 1535000
E35: 4000 | F35: Transferencias, Asignaciones, Subsidios y Otras Ayudas | G35: 0 | H35: =+'FORMATO ESPECIFICO FOFISP'!P91 -> 250000 | I35: =+G35+H35 -> 250000 | J35: 0 | K35: 0 | L35: =+J35+K35 -> 0 | M35: 0 | N35: 0 | O35: =+M35+N35 -> 0 | P35: 0 | Q35: 0 | R35: =+P35+Q35 -> 0 | S35: 0 | T35: 0 | U35: =+S35+T35 -> 0 | V35: =+G35-J35-M35-P35-S35 -> 0 | W35: =+H35-K35-N35-Q35-T35 -> 250000 | X35: =+I35-L35-O35-R35-U35 -> 250000
E36: 5000 | F36: Bienes Muebles, Inmuebles e Intangibles | G36: 0 | H36: =+'FORMATO ESPECIFICO FOFISP'!P95 -> 800000 | I36: =+G36+H36 -> 800000 | J36: 0 | K36: 0 | L36: =+J36+K36 -> 0 | M36: 0 | N36: 0 | O36: =+M36+N36 -> 0 | P36: 0 | Q36: 0 | R36: =+P36+Q36 -> 0 | S36: 0 | T36: 0 | U36: =+S36+T36 -> 0 | V36: =+G36-J36-M36-P36-S36 -> 0 | W36: =+H36-K36-N36-Q36-T36 -> 800000 | X36: =+I36-L36-O36-R36-U36 -> 800000
E37: 6000 | F37: Inversión Pública | G37: 0 | H37: 0 | I37: =+G37+H37 -> 0 | J37: 0 | K37: 0 | L37: =+J37+K37 -> 0 | M37: 0 | N37: 0 | O37: =+M37+N37 -> 0 | P37: 0 | Q37: 0 | R37: =+P37+Q37 -> 0 | S37: 0 | T37: 0 | U37: =+S37+T37 -> 0 | V37: =+G37-J37-M37-P37-S37 -> 0 | W37: =+H37-K37-N37-Q37-T37 -> 0 | X37: =+I37-L37-O37-R37-U37 -> 0
C38: 6 | D38: Fortalecimiento de las Capacidades de Investigación e Inteligencia | G38: =+G39+G46+G53+G60 -> 26189277 | H38: =+H39+H46+H53+H60 -> 14337681 | I38: =+I39+I46+I53+I60 -> 40526958 | J38: =+J39+J46+J53+J60 -> 0 | K38: =+K39+K46+K53+K60 -> 0 | L38: =+L39+L46+L53+L60 -> 0 | M38: =+M39+M46+M53+M60 -> 0 | N38: =+N39+N46+N53+N60 -> 0 | ... X38: =+X39+X46+X53+X60 -> 40526958
D39: 19 | E39: Infraestructura y Equipamiento de las Unidades de Investigación e Inteligencia en las Instituciones de Procuración de Justiciade Justicia | G39: =+SUM(G40:G45) -> 12559407 | H39: =+SUM(H40:H45) -> 0 | I39: =+SUM(I40:I45) -> 12559407 | J39: =+SUM(J40:J45) -> 0 | K39: =+SUM(K40:K45) -> 0 | L39: =+SUM(L40:L45) -> 0 | M39: =+SUM(M40:M45) -> 0 | N39: =+SUM(N40:N45) -> 0 | ... X39: =+SUM(X40:X45) -> 12559407
E40: 1000 | F40: Servicios Personales | G40: 0 | H40: 0 | I40: =+G40+H40 -> 0 | J40: 0 | K40: 0 | L40: =+J40+K40 -> 0 | M40: 0 | N40: 0 | O40: =+M40+N40 -> 0 | P40: 0 | Q40: 0 | R40: =+P40+Q40 -> 0 | S40: 0 | T40: 0 | U40: =+S40+T40 -> 0 | V40: =+G40-J40-M40-P40-S40 -> 0 | W40: =+H40-K40-N40-Q40-T40 -> 0 | X40: =+I40-L40-O40-R40-U40 -> 0
E41: 2000 | F41: Materiales y Suministros | G41: 0 | H41: 0 | I41: =+G41+H41 -> 0 | J41: =+'[1]Formato Especifico'!AI37 -> 0 | K41: 0 | L41: =+J41+K41 -> 0 | M41: =+'[1]Formato Especifico'!AB37 -> 0 | N41: 0 | O41: =+M41+N41 -> 0 | P41: 0 | Q41: 0 | R41: =+P41+Q41 -> 0 | S41: 0 | T41: 0 | U41: =+S41+T41 -> 0 | V41: =+G41-J41-M41-P41-S41 -> 0 | W41: =+H41-K41-N41-Q41-T41 -> 0 | X41: =+I41-L41-O41-R41-U41 -> 0
E42: 3000 | F42: Servicios Generales | G42: 0 | H42: 0 | I42: =+G42+H42 -> 0 | J42: 0 | K42: 0 | L42: =+J42+K42 -> 0 | M42: 0 | N42: 0 | O42: =+M42+N42 -> 0 | P42: 0 | Q42: 0 | R42: =+P42+Q42 -> 0 | S42: 0 | T42: 0 | U42: =+S42+T42 -> 0 | V42: =+G42-J42-M42-P42-S42 -> 0 | W42: =+H42-K42-N42-Q42-T42 -> 0 | X42: =+I42-L42-O42-R42-U42 -> 0
E43: 4000 | F43: Transferencias, Asignaciones, Subsidios y Otras Ayudas | G43: 0 | H43: 0 | I43: =+G43+H43 -> 0 | J43: 0 | K43: 0 | L43: =+J43+K43 -> 0 | M43: 0 | N43: 0 | O43: =+M43+N43 -> 0 | P43: 0 | Q43: 0 | R43: =+P43+Q43 -> 0 | S43: 0 | T43: 0 | U43: =+S43+T43 -> 0 | V43: =+G43-J43-M43-P43-S43 -> 0 | W43: =+H43-K43-N43-Q43-T43 -> 0 | X43: =+I43-L43-O43-R43-U43 -> 0
E44: 5000 | F44: Bienes Muebles, Inmuebles e Intangibles | G44: =+'FORMATO ESPECIFICO FOFISP'!M103 -> 12559407 | H44: 0 | I44: =+G44+H44 -> 12559407 | J44: 0 | K44: 0 | L44: =+J44+K44 -> 0 | M44: 0 | N44: 0 | O44: =+M44+N44 -> 0 | P44: 0 | Q44: 0 | R44: =+P44+Q44 -> 0 | S44: 0 | T44: 0 | U44: =+S44+T44 -> 0 | V44: =+G44-J44-M44-P44-S44 -> 12559407 | W44: =+H44-K44-N44-Q44-T44 -> 0 | X44: =+I44-L44-O44-R44-U44 -> 12559407
E45: 6000 | F45: Inversión Pública | G45: 0 | H45: 0 | I45: =+G45+H45 -> 0 | J45: 0 | K45: 0 | L45: =+J45+K45 -> 0 | M45: 0 | N45: 0 | O45: =+M45+N45 -> 0 | P45: 0 | Q45: 0 | R45: =+P45+Q45 -> 0 | S45: 0 | T45: 0 | U45: =+S45+T45 -> 0 | V45: =+G45-J45-M45-P45-S45 -> 0 | W45: =+H45-K45-N45-Q45-T45 -> 0 | X45: =+I45-L45-O45-R45-U45 -> 0
D46: 20 | E46: Infraestructura y Equipamiento de Áreas Especializadas | G46: =+SUM(G47:G52) -> 0 | H46: =+SUM(H47:H52) -> 3810723.4 | I46: =+SUM(I47:I52) -> 3810723.4 | J46: =+SUM(J47:J52) -> 0 | K46: =+SUM(K47:K52) -> 0 | L46: =+SUM(L47:L52) -> 0 | M46: =+SUM(M47:M52) -> 0 | N46: =+SUM(N47:N52) -> 0 | ... X46: =+SUM(X47:X52) -> 3810723.4
E47: 1000 | F47: Servicios Personales | G47: 0 | H47: =+'FORMATO ESPECIFICO FOFISP'!P112 -> 3810723.4 | I47: =+G47+H47 -> 3810723.4 | J47: 0 | K47: 0 | L47: =+J47+K47 -> 0 | M47: 0 | N47: 0 | O47: =+M47+N47 -> 0 | P47: 0 | Q47: 0 | R47: =+P47+Q47 -> 0 | S47: 0 | T47: 0 | U47: =+S47+T47 -> 0 | V47: =+G47-J47-M47-P47-S47 -> 0 | W47: =+H47-K47-N47-Q47-T47 -> 3810723.4 | X47: =+I47-L47-O47-R47-U47 -> 3810723.4
E48: 2000 | F48: Materiales y Suministros | G48: 0 | H48: 0 | I48: =+G48+H48 -> 0 | J48: =+'[1]Formato Especifico'!AI44 -> 0 | K48: 0 | L48: =+J48+K48 -> 0 | M48: =+'[1]Formato Especifico'!AB44 -> 0 | N48: 0 | O48: =+M48+N48 -> 0 | P48: 0 | Q48: 0 | R48: =+P48+Q48 -> 0 | S48: 0 | T48: 0 | U48: =+S48+T48 -> 0 | V48: =+G48-J48-M48-P48-S48 -> 0 | W48: =+H48-K48-N48-Q48-T48 -> 0 | X48: =+I48-L48-O48-R48-U48 -> 0
E49: 3000 | F49: Servicios Generales | G49: 0 | H49: 0 | I49: =+G49+H49 -> 0 | J49: 0 | K49: 0 | L49: =+J49+K49 -> 0 | M49: 0 | N49: 0 | O49: =+M49+N49 -> 0 | P49: 0 | Q49: 0 | R49: =+P49+Q49 -> 0 | S49: 0 | T49: 0 | U49: =+S49+T49 -> 0 | V49: =+G49-J49-M49-P49-S49 -> 0 | W49: =+H49-K49-N49-Q49-T49 -> 0 | X49: =+I49-L49-O49-R49-U49 -> 0
E50: 4000 | F50: Transferencias, Asignaciones, Subsidios y Otras Ayudas | G50: 0 | H50: 0 | I50: =+G50+H50 -> 0 | J50: 0 | K50: 0 | L50: =+J50+K50 -> 0 | M50: 0 | N50: 0 | O50: =+M50+N50 -> 0 | P50: 0 | Q50: 0 | R50: =+P50+Q50 -> 0 | S50: 0 | T50: 0 | U50: =+S50+T50 -> 0 | V50: =+G50-J50-M50-P50-S50 -> 0 | W50: =+H50-K50-N50-Q50-T50 -> 0 | X50: =+I50-L50-O50-R50-U50 -> 0
E51: 5000 | F51: Bienes Muebles, Inmuebles e Intangibles | G51: 0 | H51: 0 | I51: =+G51+H51 -> 0 | J51: 0 | K51: 0 | L51: =+J51+K51 -> 0 | M51: 0 | N51: 0 | O51: =+M51+N51 -> 0 | P51: 0 | Q51: 0 | R51: =+P51+Q51 -> 0 | S51: 0 | T51: 0 | U51: =+S51+T51 -> 0 | V51: =+G51-J51-M51-P51-S51 -> 0 | W51: =+H51-K51-N51-Q51-T51 -> 0 | X51: =+I51-L51-O51-R51-U51 -> 0
E52: 6000 | F52: Inversión Pública | G52: 0 | H52: 0 | I52: =+G52+H52 -> 0 | J52: 0 | K52: 0 | L52: =+J52+K52 -> 0 | M52: 0 | N52: 0 | O52: =+M52+N52 -> 0 | P52: 0 | Q52: 0 | R52: =+P52+Q52 -> 0 | S52: 0 | T52: 0 | U52: =+S52+T52 -> 0 | V52: =+G52-J52-M52-P52-S52 -> 0 | W52: =+H52-K52-N52-Q52-T52 -> 0 | X52: =+I52-L52-O52-R52-U52 -> 0
D53: 20 | E53: Investigación Pericial y Forense | G53: =+SUM(G54:G59) -> 13629870 | H53: =+SUM(H54:H59) -> 0 | I53: =+SUM(I54:I59) -> 13629870 | J53: =+SUM(J54:J59) -> 0 | K53: =+SUM(K54:K59) -> 0 | L53: =+SUM(L54:L59) -> 0 | M53: =+SUM(M54:M59) -> 0 | N53: =+SUM(N54:N59) -> 0 | ... X53: =+SUM(X54:X59) -> 13629870
E54: 1000 | F54: Servicios Personales | G54: 0 | H54: 0 | I54: =+G54+H54 -> 0 | J54: 0 | K54: 0 | L54: =+J54+K54 -> 0 | M54: 0 | N54: 0 | O54: =+M54+N54 -> 0 | P54: 0 | Q54: 0 | R54: =+P54+Q54 -> 0 | S54: 0 | T54: 0 | U54: =+S54+T54 -> 0 | V54: =+G54-J54-M54-P54-S54 -> 0 | W54: =+H54-K54-N54-Q54-T54 -> 0 | X54: =+I54-L54-O54-R54-U54 -> 0
E55: 2000 | F55: Materiales y Suministros | G55: =+'FORMATO ESPECIFICO FOFISP'!M117 -> 12230889 | H55: 0 | I55: =+G55+H55 -> 12230889 | J55: 0 | K55: 0 | L55: =+J55+K55 -> 0 | M55: 0 | N55: 0 | O55: =+M55+N55 -> 0 | P55: 0 | Q55: 0 | R55: =+P55+Q55 -> 0 | S55: 0 | T55: 0 | U55: =+S55+T55 -> 0 | V55: =+G55-J55-M55-P55-S55 -> 12230889 | W55: =+H55-K55-N55-Q55-T55 -> 0 | X55: =+I55-L55-O55-R55-U55 -> 12230889
E56: 3000 | F56: Servicios Generales | G56: =+'FORMATO ESPECIFICO FOFISP'!M123 -> 1398980.9 | H56: 0 | I56: =+G56+H56 -> 1398980.9 | J56: 0 | K56: 0 | L56: =+J56+K56 -> 0 | M56: 0 | N56: 0 | O56: =+M56+N56 -> 0 | P56: 0 | Q56: 0 | R56: =+P56+Q56 -> 0 | S56: 0 | T56: 0 | U56: =+S56+T56 -> 0 | V56: =+G56-J56-M56-P56-S56 -> 1398980.9 | W56: =+H56-K56-N56-Q56-T56 -> 0 | X56: =+I56-L56-O56-R56-U56 -> 1398980.9
E57: 4000 | F57: Transferencias, Asignaciones, Subsidios y Otras Ayudas | G57: 0 | H57: 0 | I57: =+G57+H57 -> 0 | J57: 0 | K57: 0 | L57: =+J57+K57 -> 0 | M57: 0 | N57: 0 | O57: =+M57+N57 -> 0 | P57: 0 | Q57: 0 | R57: =+P57+Q57 -> 0 | S57: 0 | T57: 0 | U57: =+S57+T57 -> 0 | V57: =+G57-J57-M57-P57-S57 -> 0 | W57: =+H57-K57-N57-Q57-T57 -> 0 | X57: =+I57-L57-O57-R57-U57 -> 0
E58: 5000 | F58: Bienes Muebles, Inmuebles e Intangibles | G58: 0 | H58: 0 | I58: =+G58+H58 -> 0 | J58: 0 | K58: 0 | L58: =+J58+K58 -> 0 | M58: 0 | N58: 0 | O58: =+M58+N58 -> 0 | P58: 0 | Q58: 0 | R58: =+P58+Q58 -> 0 | S58: 0 | T58: 0 | U58: =+S58+T58 -> 0 | V58: =+G58-J58-M58-P58-S58 -> 0 | W58: =+H58-K58-N58-Q58-T58 -> 0 | X58: =+I58-L58-O58-R58-U58 -> 0
E59: 6000 | F59: Inversión Pública | G59: 0 | H59: 0 | I59: =+G59+H59 -> 0 | J59: 0 | K59: 0 | L59: =+J59+K59 -> 0 | M59: 0 | N59: 0 | O59: =+M59+N59 -> 0 | P59: 0 | Q59: 0 | R59: =+P59+Q59 -> 0 | S59: 0 | T59: 0 | U59: =+S59+T59 -> 0 | V59: =+G59-J59-M59-P59-S59 -> 0 | W59: =+H59-K59-N59-Q59-T59 -> 0 | X59: =+I59-L59-O59-R59-U59 -> 0
D60: 20 | E60: Atención a la Violencia de Género y Delitos hacia las Mujeres | G60: =+SUM(G61:G66) -> 0 | H60: =+SUM(H61:H66) -> 10526958 | I60: =+SUM(I61:I66) -> 10526958 | J60: =+SUM(J61:J66) -> 0 | K60: =+SUM(K61:K66) -> 0 | L60: =+SUM(L61:L66) -> 0 | M60: =+SUM(M61:M66) -> 0 | N60: =+SUM(N61:N66) -> 0 | ... X60: =+SUM(X61:X66) -> 10526958
E61: 1000 | F61: Servicios Personales | G61: 0 | H61: =+'FORMATO ESPECIFICO FOFISP'!P128 -> 9701800.1 | I61: =+G61+H61 -> 9701800.1 | J61: 0 | K61: 0 | L61: =+J61+K61 -> 0 | M61: 0 | N61: 0 | O61: =+M61+N61 -> 0 | P61: 0 | Q61: 0 | R61: =+P61+Q61 -> 0 | S61: 0 | T61: 0 | U61: =+S61+T61 -> 0 | V61: =+G61-J61-M61-P61-S61 -> 0 | W61: =+H61-K61-N61-Q61-T61 -> 9701800.1 | X61: =+I61-L61-O61-R61-U61 -> 9701800.1
E62: 2000 | F62: Materiales y Suministros | G62: 0 | H62: =+'FORMATO ESPECIFICO FOFISP'!P132 -> 44718.95 | I62: =+G62+H62 -> 44718.95 | J62: 0 | K62: 0 | L62: =+J62+K62 -> 0 | M62: 0 | N62: 0 | O62: =+M62+N62 -> 0 | P62: 0 | Q62: 0 | R62: =+P62+Q62 -> 0 | S62: 0 | T62: 0 | U62: =+S62+T62 -> 0 | V62: =+G62-J62-M62-P62-S62 -> 0 | W62: =+H62-K62-N62-Q62-T62 -> 44718.95 | X62: =+I62-L62-O62-R62-U62 -> 44718.95
E63: 3000 | F63: Servicios Generales | G63: 0 | H63: 0 | I63: =+G63+H63 -> 0 | J63: 0 | K63: 0 | L63: =+J63+K63 -> 0 | M63: 0 | N63: 0 | O63: =+M63+N63 -> 0 | P63: 0 | Q63: 0 | R63: =+P63+Q63 -> 0 | S63: 0 | T63: 0 | U63: =+S63+T63 -> 0 | V63: =+G63-J63-M63-P63-S63 -> 0 | W63: =+H63-K63-N63-Q63-T63 -> 0 | X63: =+I63-L63-O63-R63-U63 -> 0
E64: 4000 | F64: Transferencias, Asignaciones, Subsidios y Otras Ayudas | G64: 0 | H64: 0 | I64: =+G64+H64 -> 0 | J64: 0 | K64: 0 | L64: =+J64+K64 -> 0 | M64: 0 | N64: 0 | O64: =+M64+N64 -> 0 | P64: 0 | Q64: 0 | R64: =+P64+Q64 -> 0 | S64: 0 | T64: 0 | U64: =+S64+T64 -> 0 | V64: =+G64-J64-M64-P64-S64 -> 0 | W64: =+H64-K64-N64-Q64-T64 -> 0 | X64: =+I64-L64-O64-R64-U64 -> 0
E65: 5000 | F65: Bienes Muebles, Inmuebles e Intangibles | G65: 0 | H65: =+'FORMATO ESPECIFICO FOFISP'!P136 -> 780438.49 | I65: =+G65+H65 -> 780438.49 | J65: 0 | K65: 0 | L65: =+J65+K65 -> 0 | M65: 0 | N65: 0 | O65: =+M65+N65 -> 0 | P65: 0 | Q65: 0 | R65: =+P65+Q65 -> 0 | S65: 0 | T65: 0 | U65: =+S65+T65 -> 0 | V65: =+G65-J65-M65-P65-S65 -> 0 | W65: =+H65-K65-N65-Q65-T65 -> 780438.49 | X65: =+I65-L65-O65-R65-U65 -> 780438.49
E66: 6000 | F66: Inversión Pública | G66: 0 | H66: 0 | I66: =+G66+H66 -> 0 | J66: 0 | K66: 0 | L66: =+J66+K66 -> 0 | M66: 0 | N66: 0 | O66: =+M66+N66 -> 0 | P66: 0 | Q66: 0 | R66: =+P66+Q66 -> 0 | S66: 0 | T66: 0 | U66: =+S66+T66 -> 0 | V66: =+G66-J66-M66-P66-S66 -> 0 | W66: =+H66-K66-N66-Q66-T66 -> 0 | X66: =+I66-L66-O66-R66-U66 -> 0
C67: 7 | D67: Fortalecimiento del Sistema Nacional de Información | G67: =+G68 -> 1744000 | H67: =+H68 -> 4692505.9 | I67: =+I68 -> 6436505.9 | J67: =+J68 -> 0 | K67: =+K68 -> 0 | L67: =+L68 -> 0 | M67: =+M68 -> 0 | N67: =+N68 -> 0 | ... X67: =+X68 -> 6436505.9
D68: 21 | E68: Gestión, Administración y Mantenimiento de las Bases de Datos y de los Registros Nacionales del Sistema Nacional de Información | G68: =+SUM(G69:G74) -> 1744000 | H68: =+SUM(H69:H74) -> 4692505.9 | I68: =+SUM(I69:I74) -> 6436505.9 | J68: =+SUM(J69:J74) -> 0 | K68: =+SUM(K69:K74) -> 0 | L68: =+SUM(L69:L74) -> 0 | M68: =+SUM(M69:M74) -> 0 | N68: =+SUM(N69:N74) -> 0 | ... X68: =+SUM(X69:X74) -> 6436505.9
E69: 1000 | F69: Servicios Personales | G69: 0 | H69: =+'FORMATO ESPECIFICO FOFISP'!P152 -> 2202274.3 | I69: =+G69+H69 -> 2202274.3 | J69: 0 | K69: 0 | L69: =+J69+K69 -> 0 | M69: 0 | N69: 0 | O69: =+M69+N69 -> 0 | P69: 0 | Q69: 0 | R69: =+P69+Q69 -> 0 | S69: 0 | T69: 0 | U69: =+S69+T69 -> 0 | V69: =+G69-J69-M69-P69-S69 -> 0 | W69: =+H69-K69-N69-Q69-T69 -> 2202274.3 | X69: =+I69-L69-O69-R69-U69 -> 2202274.3
E70: 2000 | F70: Materiales y Suministros | G70: 0 | H70: =+'FORMATO ESPECIFICO FOFISP'!P156 -> 572000 | I70: =+G70+H70 -> 572000 | J70: =+'[1]Formato Especifico'!AI52 -> 0 | K70: 0 | L70: =+J70+K70 -> 0 | M70: =+'[1]Formato Especifico'!AB52 -> 0 | N70: 0 | O70: =+M70+N70 -> 0 | P70: 0 | Q70: 0 | R70: =+P70+Q70 -> 0 | S70: 0 | T70: 0 | U70: =+S70+T70 -> 0 | V70: =+G70-J70-M70-P70-S70 -> 0 | W70: =+H70-K70-N70-Q70-T70 -> 572000 | X70: =+I70-L70-O70-R70-U70 -> 572000
E71: 3000 | F71: Servicios Generales | G71: 0 | H71: =+'FORMATO ESPECIFICO FOFISP'!P175 -> 858231.57 | I71: =+G71+H71 -> 858231.57 | J71: 0 | K71: 0 | L71: =+J71+K71 -> 0 | M71: 0 | N71: 0 | O71: =+M71+N71 -> 0 | P71: 0 | Q71: 0 | R71: =+P71+Q71 -> 0 | S71: 0 | T71: 0 | U71: =+S71+T71 -> 0 | V71: =+G71-J71-M71-P71-S71 -> 0 | W71: =+H71-K71-N71-Q71-T71 -> 858231.57 | X71: =+I71-L71-O71-R71-U71 -> 858231.57
E72: 4000 | F72: Transferencias, Asignaciones, Subsidios y Otras Ayudas | G72: 0 | H72: 0 | I72: =+G72+H72 -> 0 | J72: 0 | K72: 0 | L72: =+J72+K72 -> 0 | M72: 0 | N72: 0 | O72: =+M72+N72 -> 0 | P72: 0 | Q72: 0 | R72: =+P72+Q72 -> 0 | S72: 0 | T72: 0 | U72: =+S72+T72 -> 0 | V72: =+G72-J72-M72-P72-S72 -> 0 | W72: =+H72-K72-N72-Q72-T72 -> 0 | X72: =+I72-L72-O72-R72-U72 -> 0
E73: 5000 | F73: Bienes Muebles, Inmuebles e Intangibles | G73: =+'FORMATO ESPECIFICO FOFISP'!M185 -> 1744000 | H73: =+'FORMATO ESPECIFICO FOFISP'!P185 -> 1060000 | I73: =+G73+H73 -> 2804000 | J73: 0 | K73: 0 | L73: =+J73+K73 -> 0 | M73: 0 | N73: 0 | O73: =+M73+N73 -> 0 | P73: 0 | Q73: 0 | R73: =+P73+Q73 -> 0 | S73: 0 | T73: 0 | U73: =+S73+T73 -> 0 | V73: =+G73-J73-M73-P73-S73 -> 1744000 | W73: =+H73-K73-N73-Q73-T73 -> 1060000 | X73: =+I73-L73-O73-R73-U73 -> 2804000
E74: 6000 | F74: Inversión Pública | G74: 0 | H74: 0 | I74: =+G74+H74 -> 0 | J74: 0 | K74: 0 | L74: =+J74+K74 -> 0 | M74: 0 | N74: 0 | O74: =+M74+N74 -> 0 | P74: 0 | Q74: 0 | R74: =+P74+Q74 -> 0 | S74: 0 | T74: 0 | U74: =+S74+T74 -> 0 | V74: =+G74-J74-M74-P74-S74 -> 0 | W74: =+H74-K74-N74-Q74-T74 -> 0 | X74: =+I74-L74-O74-R74-U74 -> 0
C75: 8 | D75: Fortalecimiento Tecnológico y Operativo de los Centros de Comando y Control y las Instituciones de Seguridad Pública | G75: =+G76+G83+G90 -> 1.9141869e+08 | H75: =+H76+H83+H90 -> 1000000 | I75: =+I76+I83+I90 -> 1.9241869e+08 | J75: =+J76+J83+J90 -> 0 | K75: =+K76+K83+K90 -> 0 | L75: =+L76+L83+L90 -> 0 | M75: =+M76+M83+M90 -> 0 | N75: =+N76+N83+N90 -> 0 | ... X75: =+X76+X83+X90 -> 1.9241869e+08
D76: 22 | E76: Sistemas Tecnológicos para la Atención de Emergencias y Denuncia Anónima | G76: =+SUM(G77:G82) -> 38659736 | H76: =+SUM(H77:H82) -> 1000000 | I76: =+SUM(I77:I82) -> 39659736 | J76: =+SUM(J77:J82) -> 0 | K76: =+SUM(K77:K82) -> 0 | L76: =+SUM(L77:L82) -> 0 | M76: =+SUM(M77:M82) -> 0 | N76: =+SUM(N77:N82) -> 0 | ... X76: =+SUM(X77:X82) -> 39659736
E77: 1000 | F77: Servicios Personales | G77: 0 | H77: 0 | I77: =+G77+H77 -> 0 | J77: 0 | K77: 0 | L77: =+J77+K77 -> 0 | M77: 0 | N77: 0 | O77: =+M77+N77 -> 0 | P77: 0 | Q77: 0 | R77: =+P77+Q77 -> 0 | S77: 0 | T77: 0 | U77: =+S77+T77 -> 0 | V77: =+G77-J77-M77-P77-S77 -> 0 | W77: =+H77-K77-N77-Q77-T77 -> 0 | X77: =+I77-L77-O77-R77-U77 -> 0
E78: 2000 | F78: Materiales y Suministros | G78: 0 | H78: 0 | I78: =+G78+H78 -> 0 | J78: =+'[1]Formato Especifico'!AI59 -> 0 | K78: 0 | L78: =+J78+K78 -> 0 | M78: =+'[1]Formato Especifico'!AB59 -> 0 | N78: 0 | O78: =+M78+N78 -> 0 | P78: 0 | Q78: 0 | R78: =+P78+Q78 -> 0 | S78: 0 | T78: 0 | U78: =+S78+T78 -> 0 | V78: =+G78-J78-M78-P78-S78 -> 0 | W78: =+H78-K78-N78-Q78-T78 -> 0 | X78: =+I78-L78-O78-R78-U78 -> 0
E79: 3000 | F79: Servicios Generales | G79: =+'FORMATO ESPECIFICO FOFISP'!M201 -> 35000336 | H79: =+'FORMATO ESPECIFICO FOFISP'!P201 -> 1000000 | I79: =+G79+H79 -> 36000336 | J79: 0 | K79: 0 | L79: =+J79+K79 -> 0 | M79: 0 | N79: 0 | O79: =+M79+N79 -> 0 | P79: 0 | Q79: 0 | R79: =+P79+Q79 -> 0 | S79: 0 | T79: 0 | U79: =+S79+T79 -> 0 | V79: =+G79-J79-M79-P79-S79 -> 35000336 | W79: =+H79-K79-N79-Q79-T79 -> 1000000 | X79: =+I79-L79-O79-R79-U79 -> 36000336
E80: 4000 | F80: Transferencias, Asignaciones, Subsidios y Otras Ayudas | G80: 0 | H80: 0 | I80: =+G80+H80 -> 0 | J80: 0 | K80: 0 | L80: =+J80+K80 -> 0 | M80: 0 | N80: 0 | O80: =+M80+N80 -> 0 | P80: 0 | Q80: 0 | R80: =+P80+Q80 -> 0 | S80: 0 | T80: 0 | U80: =+S80+T80 -> 0 | V80: =+G80-J80-M80-P80-S80 -> 0 | W80: =+H80-K80-N80-Q80-T80 -> 0 | X80: =+I80-L80-O80-R80-U80 -> 0
E81: 5000 | F81: Bienes Muebles, Inmuebles e Intangibles | G81: =+'FORMATO ESPECIFICO FOFISP'!M210 -> 3659400 | H81: 0 | I81: =+G81+H81 -> 3659400 | J81: 0 | K81: 0 | L81: =+J81+K81 -> 0 | M81: 0 | N81: 0 | O81: =+M81+N81 -> 0 | P81: 0 | Q81: 0 | R81: =+P81+Q81 -> 0 | S81: 0 | T81: 0 | U81: =+S81+T81 -> 0 | V81: =+G81-J81-M81-P81-S81 -> 3659400 | W81: =+H81-K81-N81-Q81-T81 -> 0 | X81: =+I81-L81-O81-R81-U81 -> 3659400
E82: 6000 | F82: Inversión Pública | G82: 0 | H82: 0 | I82: =+G82+H82 -> 0 | J82: 0 | K82: 0 | L82: =+J82+K82 -> 0 | M82: 0 | N82: 0 | O82: =+M82+N82 -> 0 | P82: 0 | Q82: 0 | R82: =+P82+Q82 -> 0 | S82: 0 | T82: 0 | U82: =+S82+T82 -> 0 | V82: =+G82-J82-M82-P82-S82 -> 0 | W82: =+H82-K82-N82-Q82-T82 -> 0 | X82: =+I82-L82-O82-R82-U82 -> 0
D83: 23 | E83: Actualización, Modernización y Mantenimiento de la Red Nacional de Radiocomunicación | G83: =+SUM(G84:G89) -> 58279785 | H83: =+SUM(H84:H89) -> 0 | I83: =+SUM(I84:I89) -> 58279785 | J83: =+SUM(J84:J89) -> 0 | K83: =+SUM(K84:K89) -> 0 | L83: =+SUM(L84:L89) -> 0 | M83: =+SUM(M84:M89) -> 0 | N83: =+SUM(N84:N89) -> 0 | ... X83: =+SUM(X84:X89) -> 58279785
E84: 1000 | F84: Servicios Personales | G84: 0 | H84: 0 | I84: =+G84+H84 -> 0 | J84: 0 | K84: 0 | L84: =+J84+K84 -> 0 | M84: 0 | N84: 0 | O84: =+M84+N84 -> 0 | P84: 0 | Q84: 0 | R84: =+P84+Q84 -> 0 | S84: 0 | T84: 0 | U84: =+S84+T84 -> 0 | V84: =+G84-J84-M84-P84-S84 -> 0 | W84: =+H84-K84-N84-Q84-T84 -> 0 | X84: =+I84-L84-O84-R84-U84 -> 0
E85: 2000 | F85: Materiales y Suministros | G85: 0 | H85: 0 | I85: =+G85+H85 -> 0 | J85: =+'[1]Formato Especifico'!AI67 -> 0 | K85: 0 | L85: =+J85+K85 -> 0 | M85: =+'[1]Formato Especifico'!AB67 -> 0 | N85: 0 | O85: =+M85+N85 -> 0 | P85: 0 | Q85: 0 | R85: =+P85+Q85 -> 0 | S85: 0 | T85: 0 | U85: =+S85+T85 -> 0 | V85: =+G85-J85-M85-P85-S85 -> 0 | W85: =+H85-K85-N85-Q85-T85 -> 0 | X85: =+I85-L85-O85-R85-U85 -> 0
E86: 3000 | F86: Servicios Generales | G86: =+'FORMATO ESPECIFICO FOFISP'!M217 -> 12846400 | H86: 0 | I86: =+G86+H86 -> 12846400 | J86: 0 | K86: 0 | L86: =+J86+K86 -> 0 | M86: 0 | N86: 0 | O86: =+M86+N86 -> 0 | P86: 0 | Q86: 0 | R86: =+P86+Q86 -> 0 | S86: 0 | T86: 0 | U86: =+S86+T86 -> 0 | V86: =+G86-J86-M86-P86-S86 -> 12846400 | W86: =+H86-K86-N86-Q86-T86 -> 0 | X86: =+I86-L86-O86-R86-U86 -> 12846400
E87: 4000 | F87: Transferencias, Asignaciones, Subsidios y Otras Ayudas | G87: 0 | H87: 0 | I87: =+G87+H87 -> 0 | J87: 0 | K87: 0 | L87: =+J87+K87 -> 0 | M87: 0 | N87: 0 | O87: =+M87+N87 -> 0 | P87: 0 | Q87: 0 | R87: =+P87+Q87 -> 0 | S87: 0 | T87: 0 | U87: =+S87+T87 -> 0 | V87: =+G87-J87-M87-P87-S87 -> 0 | W87: =+H87-K87-N87-Q87-T87 -> 0 | X87: =+I87-L87-O87-R87-U87 -> 0
E88: 5000 | F88: Bienes Muebles, Inmuebles e Intangibles | G88: =+'FORMATO ESPECIFICO FOFISP'!M221 -> 45433385 | H88: 0 | I88: =+G88+H88 -> 45433385 | J88: 0 | K88: 0 | L88: =+J88+K88 -> 0 | M88: 0 | N88: 0 | O88: =+M88+N88 -> 0 | P88: 0 | Q88: 0 | R88: =+P88+Q88 -> 0 | S88: 0 | T88: 0 | U88: =+S88+T88 -> 0 | V88: =+G88-J88-M88-P88-S88 -> 45433385 | W88: =+H88-K88-N88-Q88-T88 -> 0 | X88: =+I88-L88-O88-R88-U88 -> 45433385
E89: 6000 | F89: Inversión Pública | G89: 0 | H89: 0 | I89: =+G89+H89 -> 0 | J89: 0 | K89: 0 | L89: =+J89+K89 -> 0 | M89: 0 | N89: 0 | O89: =+M89+N89 -> 0 | P89: 0 | Q89: 0 | R89: =+P89+Q89 -> 0 | S89: 0 | T89: 0 | U89: =+S89+T89 -> 0 | V89: =+G89-J89-M89-P89-S89 -> 0 | W89: =+H89-K89-N89-Q89-T89 -> 0 | X89: =+I89-L89-O89-R89-U89 -> 0
D90: 24 | E90: Sistemas de Identificación Vehicular y Videovigilancia Urbana para la Seguridad Pública | G90: =+SUM(G91:G96) -> 94479172 | H90: =+SUM(H91:H96) -> 0 | I90: =+SUM(I91:I96) -> 94479172 | J90: =+SUM(J91:J96) -> 0 | K90: =+SUM(K91:K96) -> 0 | L90: =+SUM(L91:L96) -> 0 | M90: =+SUM(M91:M96) -> 0 | N90: =+SUM(N91:N96) -> 0 | ... X90: =+SUM(X91:X96) -> 94479172
E91: 1000 | F91: Servicios Personales | G91: 0 | H91: 0 | I91: =+G91+H91 -> 0 | J91: 0 | K91: 0 | L91: =+J91+K91 -> 0 | M91: 0 | N91: 0 | O91: =+M91+N91 -> 0 | P91: 0 | Q91: 0 | R91: =+P91+Q91 -> 0 | S91: 0 | T91: 0 | U91: =+S91+T91 -> 0 | V91: =+G91-J91-M91-P91-S91 -> 0 | W91: =+H91-K91-N91-Q91-T91 -> 0 | X91: =+I91-L91-O91-R91-U91 -> 0
E92: 2000 | F92: Materiales y Suministros | G92: 0 | H92: 0 | I92: =+G92+H92 -> 0 | J92: =+'[1]Formato Especifico'!AI74 -> 0 | K92: 0 | L92: =+J92+K92 -> 0 | M92: =+'[1]Formato Especifico'!AB74 -> 0 | N92: 0 | O92: =+M92+N92 -> 0 | P92: 0 | Q92: 0 | R92: =+P92+Q92 -> 0 | S92: 0 | T92: 0 | U92: =+S92+T92 -> 0 | V92: =+G92-J92-M92-P92-S92 -> 0 | W92: =+H92-K92-N92-Q92-T92 -> 0 | X92: =+I92-L92-O92-R92-U92 -> 0
E93: 3000 | F93: Servicios Generales | G93: =+'FORMATO ESPECIFICO FOFISP'!M231 -> 83230763 | H93: 0 | I93: =+G93+H93 -> 83230763 | J93: 0 | K93: 0 | L93: =+J93+K93 -> 0 | M93: 0 | N93: 0 | O93: =+M93+N93 -> 0 | P93: 0 | Q93: 0 | R93: =+P93+Q93 -> 0 | S93: 0 | T93: 0 | U93: =+S93+T93 -> 0 | V93: =+G93-J93-M93-P93-S93 -> 83230763 | W93: =+H93-K93-N93-Q93-T93 -> 0 | X93: =+I93-L93-O93-R93-U93 -> 83230763
E94: 4000 | F94: Transferencias, Asignaciones, Subsidios y Otras Ayudas | G94: 0 | H94: 0 | I94: =+G94+H94 -> 0 | J94: 0 | K94: 0 | L94: =+J94+K94 -> 0 | M94: 0 | N94: 0 | O94: =+M94+N94 -> 0 | P94: 0 | Q94: 0 | R94: =+P94+Q94 -> 0 | S94: 0 | T94: 0 | U94: =+S94+T94 -> 0 | V94: =+G94-J94-M94-P94-S94 -> 0 | W94: =+H94-K94-N94-Q94-T94 -> 0 | X94: =+I94-L94-O94-R94-U94 -> 0
E95: 5000 | F95: Bienes Muebles, Inmuebles e Intangibles | G95: =+'FORMATO ESPECIFICO FOFISP'!M240 -> 11248409 | H95: 0 | I95: =+G95+H95 -> 11248409 | J95: 0 | K95: 0 | L95: =+J95+K95 -> 0 | M95: 0 | N95: 0 | O95: =+M95+N95 -> 0 | P95: 0 | Q95: 0 | R95: =+P95+Q95 -> 0 | S95: 0 | T95: 0 | U95: =+S95+T95 -> 0 | V95: =+G95-J95-M95-P95-S95 -> 11248409 | W95: =+H95-K95-N95-Q95-T95 -> 0 | X95: =+I95-L95-O95-R95-U95 -> 11248409
E96: 6000 | F96: Inversión Pública | G96: 0 | H96: 0 | I96: =+G96+H96 -> 0 | J96: 0 | K96: 0 | L96: =+J96+K96 -> 0 | M96: 0 | N96: 0 | O96: =+M96+N96 -> 0 | P96: 0 | Q96: 0 | R96: =+P96+Q96 -> 0 | S96: 0 | T96: 0 | U96: =+S96+T96 -> 0 | V96: =+G96-J96-M96-P96-S96 -> 0 | W96: =+H96-K96-N96-Q96-T96 -> 0 | X96: =+I96-L96-O96-R96-U96 -> 0
C97: 9 | D97: Modernización de las Instancias Estatales del Registro Público Vehicular (REPUVE) | G97: =+G98+G105 -> 5124038.1 | H97: =+H98+H105 -> 1769545.2 | I97: =+I98+I105 -> 6893583.3 | J97: =+J98+J105 -> 0 | K97: =+K98+K105 -> 0 | L97: =+L98+L105 -> 0 | M97: =+M98+M105 -> 0 | N97: =+N98+N105 -> 0 | ... X97: =+X98+X105 -> 6893583.3
D98: 25 | E98: Actualización y Modernización de Equipo Tecnológico de los Módulos de Inscripción Vehicular (MIV) en las Entidades Federativas | G98: =+SUM(G99:G104) -> 0 | H98: =+SUM(H99:H104) -> 1769545.2 | I98: =+SUM(I99:I104) -> 1769545.2 | J98: =+SUM(J99:J104) -> 0 | K98: =+SUM(K99:K104) -> 0 | L98: =+SUM(L99:L104) -> 0 | M98: =+SUM(M99:M104) -> 0 | N98: =+SUM(N99:N104) -> 0 | ... X98: =+SUM(X99:X104) -> 1769545.2
E99: 1000 | F99: Servicios Personales | G99: 0 | H99: =+'FORMATO ESPECIFICO FOFISP'!P254 -> 1769545.2 | I99: =+G99+H99 -> 1769545.2 | J99: 0 | K99: 0 | L99: =+J99+K99 -> 0 | M99: 0 | N99: 0 | O99: =+M99+N99 -> 0 | P99: 0 | Q99: 0 | R99: =+P99+Q99 -> 0 | S99: 0 | T99: 0 | U99: =+S99+T99 -> 0 | V99: =+G99-J99-M99-P99-S99 -> 0 | W99: =+H99-K99-N99-Q99-T99 -> 1769545.2 | X99: =+I99-L99-O99-R99-U99 -> 1769545.2
E100: 2000 | F100: Materiales y Suministros | G100: 0 | H100: 0 | I100: =+G100+H100 -> 0 | J100: =+'[1]Formato Especifico'!AI82 -> 0 | K100: 0 | L100: =+J100+K100 -> 0 | M100: =+'[1]Formato Especifico'!AB82 -> 0 | N100: 0 | O100: =+M100+N100 -> 0 | P100: 0 | Q100: 0 | R100: =+P100+Q100 -> 0 | S100: 0 | T100: 0 | U100: =+S100+T100 -> 0 | V100: =+G100-J100-M100-P100-S100 -> 0 | W100: =+H100-K100-N100-Q100-T100 -> 0 | X100: =+I100-L100-O100-R100-U100 -> 0
E101: 3000 | F101: Servicios Generales | G101: 0 | H101: 0 | I101: =+G101+H101 -> 0 | J101: 0 | K101: 0 | L101: =+J101+K101 -> 0 | M101: 0 | N101: 0 | O101: =+M101+N101 -> 0 | P101: 0 | Q101: 0 | R101: =+P101+Q101 -> 0 | S101: 0 | T101: 0 | U101: =+S101+T101 -> 0 | V101: =+G101-J101-M101-P101-S101 -> 0 | W101: =+H101-K101-N101-Q101-T101 -> 0 | X101: =+I101-L101-O101-R101-U101 -> 0
E102: 4000 | F102: Transferencias, Asignaciones, Subsidios y Otras Ayudas | G102: 0 | H102: 0 | I102: =+G102+H102 -> 0 | J102: 0 | K102: 0 | L102: =+J102+K102 -> 0 | M102: 0 | N102: 0 | O102: =+M102+N102 -> 0 | P102: 0 | Q102: 0 | R102: =+P102+Q102 -> 0 | S102: 0 | T102: 0 | U102: =+S102+T102 -> 0 | V102: =+G102-J102-M102-P102-S102 -> 0 | W102: =+H102-K102-N102-Q102-T102 -> 0 | X102: =+I102-L102-O102-R102-U102 -> 0
...
